Workbook

Sheet Instructivo
K2: Versión: 02
K3: Código:
B4: Proceso Gestión de Cumplimiento Formato Identificación de Riesgos de Corrupción
B6: INSTRUCCIONES PARA EL DILIGENCIAMIENTO DEL FORMATO
B7: NO IMPRIMIR
B8: 1. Generalidades
B9: Con el objetivo de dar respuesta al requisito 6.1 de la estructura de alto nivel de las normas ISO 9001, ISO 14001, ISO 39001 e ISO 45001, Familia ISO 27000, documentos y las políticas del Modelo Integrado de Planeación y Gestión - MIPG en lo relacionado con la identificación, gestión y tratamiento de los riesgos, la organización ha establecido la presente metodología para realizar el proceso de gestión de riesgos de la SAE.
B11: El archivo contiene las siguientes hojas: - Hoja 1 Instructivo - Hoja 2 Mapa Final: Encontrará la totalidad de la estructura para la identificación y valoración de los riesgos por proceso, programa o proyecto, acorde con el nivel de desagregación que la entidad considere necesaria.
C14: Columna | D14: Descripción - Lineamientos para el diligenciamiento
C15: Código Riesgo | D15: Permite definir un consecutivo de riesgos. Esta información la debe administrar la oficina de integridad, anticorrupción y cumplimiento. Cuando un riesgo salga del mapa no existirá otro riesgo con el mismo número.
C16: Proceso | D16: Seleccione de la lista desplegable el nombre del proceso al cual se le identificarán y valorarán los riesgos de corrupción.
C17: Descripción del Riesgo | D17: La descripción del riesgo de corrupción debe contener todos los detalles que sean necesarios y que sea fácil de entender tanto para el líder del proceso como para personas ajenas al proceso. Tenga en cuenta la estructura de alto nivel establecida en la guía: ACCIÓN U OMISIÓN + USO DEL PODER + DESVIACIÓN DE LA GESTIÓN DE LO PÚBLICO + EL BENEFICIO PRIVADO.
C18: Causa | D18: Causa principal o básica, corresponde a las razones por la cuales se puede presentar el riesgo de corrupción, redacte de la forma más concreta posible.
C19: Efecto | D19: Que puede llegar a ocasionar el riesgo de corrupción
C20: Criterios de probabilidad | D20: Utilice la lista de despliegue que se encuentra parametrizada, le aparecerán las opciones de la hoja "Tabla Probabilidad" del presente documento. La matriz automáticamente hará el cálculo para el nivel de impacto inherente (Columnas M-N)
C21: Criterios de Impacto | D21: Utilice la lista de despliegue que se encuentra parametrizada, le aparecerán las opciones de la hoja "Tabla Impacto" del presente documento. La matriz automáticamente hará el cálculo para el nivel de impacto inherente (Columnas H-I)
C22: Zona de Riesgo Inherente | D22: Teniendo en cuenta que ingresó la información de PROBABILIDAD e IMPACTO, la matriz automáticamente hará el cálculo para la zona de riesgo inherente (Columna N)
C23: No. Control | D23: Permite definir un consecutivo de controles Esta información la debe administrar la oficina de planeación.
C24: Descripción del Control | D24: Para una adecuada redacción del control se propone una estructura que facilitará más adelante entender su tipología y otros atributos para su valoración: Responsable de ejecutar el control + Acción + Complemento Recuerde que el control se define como la medida que permite reducir o mitigar un riesgo. Defina el (los) control (es) que atacan la causa raíz del riesgo.
C25: Afectación | D25: Esta casilla no se diligencia, depende de la selección en la columna S. (probabilidad o impacto)
... C34: Tratamiento (Plan de Acción) Responsable, fecha implementación, fecha seguimiento, seguimiento. | D34: Esta casilla dependerá del tratamiento establecido, si es Aceptar no se requieren acciones adicionales, en caso de escoger Reducir (mitigar) se deben diligenciar las acciones que se adelantarán como complemento a los controles establecidos, no necesariamente son controles adicionales. Para Reducir (compartir), es viable diligenciar la acción que deriva de esta (ejemplo póliza seguros, terceración), indicando información relevante.
C35: Tratamiento (Plan de acción) | D35: Responsable | E35: Fecha de implementación | F35: Fecha de seguimiento | G35: Seguimiento | H35: Estado
C36: Defina la actividad a realizar para dar tratamiento al riesgo | D36: Defina el responsable de realizar la actividad | E36: Defina la fecha de implementación de la actividad definida en el plan de acción | F36: Defina la fecha en la que se va a realizar el seguimiento a la implementación de la actividad | G36: Realice el análisis cualitativa del seguimiento de la actividad | H36: Utilice la lista de despliegue que se encuentra parametrizada, le aparecerán las opciones: i)Finalizado, ii)En curso, la selección en este caso dependerá de las acciones del plan que se hayan establecido en cada caso.
C37: Fecha de identificación | E37: Fecha próxima revisión | F37: Estado | G37: Fecha de Monitoreo | H37: Análisis | I37: Valoración | J37: Fecha próximo monitoreo
C38: Relacione la fecha en la que se identificó el riesgo | E38: Relacione la fecha en la que se debe revisar nuevamente el riesgo (la recomendación es que se realice al año de haberse identificado) | F38: Relacione el estado del riesgo (Activo, Monitoreado, Materializado) | G38: Relacione la fecha en la que se realizó el monitoreo del riesgo | H38: Este campo está formulado | I38: Este campo está formulado | J38: Relacione la fecha en la que se debe realizar el próximo monitoreo de acuerdo a la calificación del riesgo.
B41: - Hoja 3 Tabla de probabilidad: Tabla referente para todos los cálculos (no se diligencia)
B42: - Hoja 4 Tabla de Impacto: Tabla referente para todos los cálculos (no se diligencia)
B43: - Hoja 5 Tabla de Valoración de Controles: Tabla referente para todos los cálculos (no se diligencia)

Sheet Mapa final
B2: GESTIÓN DE CUMPLIMIENTO FORMATO IDENTIFICACIÓN DE RIESGOS DE CORRUPCIÓN | AR2: Código: FO-GP-002 Versión: 1 Vigencia desde: 24/072024
B5: Identificación del riesgo | H5: Análisis del riesgo inherente | P5: Evaluación del riesgo - Valoración de los controles | Y5: Evaluación del riesgo - Nivel del riesgo residual | AF5: Tratamiento (Plan de Acción) | AL5: Monitoreo
B6: Código Riesgo | C6: Proceso | D6: Descripción del Riesgo | E6: Clase | F6: Causa | G6: Efecto | H6: Criterios probabilidad | I6: Probabilidad Inherente | J6: % | K6: Criterios de impacto | L6: Observación de criterio | M6: Impacto Inherente | N6: % | O6: Zona de Riesgo Inherente | P6: No. Control | Q6: Descripción del Control | R6: Afectación | S6: Atributos | Y6: Probabilidad Residual | Z6: Probabilidad Residual Final | AA6: % | AB6: Impacto Residual Final | AC6: % | AD6: Zona de Riesgo Final | AE6: Tratamiento | AF6: Tratamiento (Plan de Acción) | AG6: Responsable | AH6: Fecha Implementación | AI6: Fecha Seguimiento | AJ6: Seguimiento | AK6: Estado | AL6: Fecha de identificación | AM6: Fecha de identificación | AN6: Fecha de identificación | AO6: Fecha de monitoreo | AP6: Análisis | AQ6: Valoración | AR6: Fecha de próximo monitoreo
S7: Tipo | T7: Implementación | U7: Calificación | V7: Documentación | W7: Frecuencia | X7: Evidencia
B8: RC-CE-1 | C8: Comunicación Estratégica y Atención a las Ciudadanías | D8: Posibilidad de conflicto de interés particular y directo que impacta la respuesta dada a las peticiones, quejas, reclamos, sugerencias y denuncias que son atendidas por la Entidad. | E8: Conflicto de Interés | F8: Las respuestas dadas a las PQRSD se encuentran a cargo de un único profesional , lo cual impide que se ejecute control sobre las decisiones tomadas | G8: Falta de credibilidad en la gestión institucional. | H8: No se ha presentado en los últimos 5 años | I8: =IF(H8<=0,"",IF(H8="No se ha presentado en los últimos 5 años","Rara vez",IF(H8="Al menos 1 vez en los últimos 5 años","Improbable",IF(H8="Al menos 1 vez en los últimos 2 años","Posible",IF(H8="Al menos 1 vez en el último año","Probable",IF(H8="Más de 1 vez al año","Casi Seguro")))))) -> Rara vez | J8: =IF(I8="","",IF(I8="Rara vez",0.2,IF(I8="Improbable",0.4,IF(I8="Posible",0.6,IF(I8="Probable",0.8,IF(I8="Casi Seguro",1,)))))) -> 0.2 | K8: Responder afirmativamente de SEIS a ONCE | L8: =IF(NOT(ISERROR(MATCH(K8,'Tabla Impacto'!$B$220:$B$222,0))),'Tabla Impacto'!$F$222&"Por favor no seleccionar los criterios de impacto(Criterios para calificar el impacto)",K8) -> Responder afirmativamente de SEIS a ONCE | M8: =IF(OR(L8='Tabla Impacto'!$C$5),"Moderado",IF(OR(L8='Tabla Impacto'!$C$6),"Mayor",IF(OR(L8='Tabla Impacto'!$C$7),"Catastrófico",""))) -> Mayor | N8: =IF(M8="","",IF(M8="Leve",0.2,IF(M8="Menor",0.4,IF(M8="Moderado",0.6,IF(M8="Mayor",0.8,IF(M8="Catastrófico",1,)))))) -> 0.8 | O8: =IF(OR(AND(I8="Rara vez",M8="Leve"),AND(I8="Rara vez",M8="Menor"),AND(I8="Improbable",M8="Leve")),"Bajo",IF(OR(AND(I8="Rara vez",M8="Moderado"),AND(I8="Improbable",M8="Menor"),AND(I8="Improbable",M8="Moderado"),AND(I8="Posible",M8="Leve"),AND(I8="Posible",M8="Menor"),AND(I8="Posible",M8="Moderado"),AND(I8="Probable",M8="Leve"),AND(I8="Probable",M8="Menor")),"Moderado",IF(OR(AND(I8="Rara vez",M8="Mayor"),AND(I8="Improbable",M8="Mayor"),AND(I8="Posible",M8="Mayor"),AND(I8="Probable",M8="Moderado"),AND(I8="Probable",M8="Mayor"),AND(I8="Casi Seguro",M8="Leve"),AND(I8="Casi Seguro",M8="Menor"),AND(I8="Casi Seguro",M8="Moderado"),AND(I8="Casi Seguro",M8="Mayor")),"Alto",IF(OR(AND(I8="Rara vez",M8="Catastrófico"),AND(I8="Improbable",M8="Catastrófico"),AND(I8="Posible",M8="Catastrófico"),AND(I8="Probable",M8="Catastrófico"),AND(I8="Casi Seguro",M8="Catastrófico")),"Extremo","")))) -> Alto | P8: 1 | Q8: El funcionario delegado del GIT de Atención y servicios a la ciudadanía cada vez que se recibe un PQRS, valida que la petición allegada a la Entidad, cuente con todos los soportes y anexos que describen en la petición. En el caso que el ciudadano no aporte los citados documentos, se deberá solicitar antes de radicar la petición la información faltante vía correo electrónico para poder brindar una respuesta oportuna. Sin evidencia. | R8: =IF(OR(S8="Preventivo",S8="Detectivo"),"Probabilidad",IF(S8="Correctivo","Impacto","")) -> Probabilidad | S8: Preventivo | T8: Manual | U8: =IF(AND(S8="Preventivo",T8="Automático"),"50%",IF(AND(S8="Preventivo",T8="Manual"),"40%",IF(AND(S8="Detectivo",T8="Automático"),"40%",IF(AND(S8="Detectivo",T8="Manual"),"30%",IF(AND(S8="Correctivo",T8="Automático"),"35%",IF(AND(S8="Correctivo",T8="Manual"),"25%","")))))) -> 40% | V8: Sin Documentar | W8: Continua | X8: Sin Registro | Y8: =IFERROR(IF(R8="Probabilidad",(J8-(+J8*U8)),IF(R8="Impacto",J8,"")),"") -> 0.12 | Z8: =IFERROR(IF(Y8="","",IF(Y8<=0.2,"Rara vez",IF(Y8<=0.4,"Improbable",IF(Y8<=0.6,"Posible",IF(Y8<=0.8,"Probable","Casi Seguro"))))),"") -> Rara vez | AA8: =+Y8 -> 0.12 | AB8: =IFERROR(IF(AC8="","",IF(AC8<=0.6,"Moderado",IF(AC8<=0.8,"Mayor","Catastrófico"))),"") -> Mayor | AC8: =IFERROR(IF(R8="Impacto",(N8-(+N8*U8)),IF(R8="Probabilidad",N8,"")),"") -> 0.8 | AD8: =IFERROR(IF(OR(AND(Z8="Rara vez",AB8="Leve"),AND(Z8="Rara vez",AB8="Menor"),AND(Z8="Improbable",AB8="Leve")),"Bajo",IF(OR(AND(Z8="Rara vez",AB8="Moderado"),AND(Z8="Improbable",AB8="Menor"),AND(Z8="Improbable",AB8="Moderado"),AND(Z8="Posible",AB8="Leve"),AND(Z8="Posible",AB8="Menor"),AND(Z8="Posible",AB8="Moderado"),AND(Z8="Probable",AB8="Leve"),AND(Z8="Probable",AB8="Menor")),"Moderado",IF(OR(AND(Z8="Rara vez",AB8="Mayor"),AND(Z8="Improbable",AB8="Mayor"),AND(Z8="Posible",AB8="Mayor"),AND(Z8="Probable",AB8="Moderado"),AND(Z8="Probable",AB8="Mayor"),AND(Z8="Casi Seguro",AB8="Leve"),AND(Z8="Casi Seguro",AB8="Menor"),AND(Z8="Casi Seguro",AB8="Moderado"),AND(Z8="Casi Seguro",AB8="Mayor")),"Alto",IF(OR(AND(Z8="Rara vez",AB8="Catastrófico"),AND(Z8="Improbable",AB8="Catastrófico"),AND(Z8="Posible",AB8="Catastrófico"),AND(Z8="Probable",AB8="Catastrófico"),AND(Z8="Casi Seguro",AB8="Catastrófico")),"Extremo","")))),"") -> Alto
L9: =IF(NOT(ISERROR(MATCH(K9,_xlfn.ANCHORARRAY(G14),0))),J16&"Por favor no seleccionar los criterios de impacto",K9) -> 0 | P9: 2 | Q9: El funcionario delegado del GIT de Atención y servicios a la ciudadanía en caso de que se realice una asignación incorrecta, recibe nuevamente las solicitudes devueltas y se realiza la reasignación al área que corresponda. Sin evidencia ya que queda la trazabilidad en el aplicativo de atención a solicitudes. Procedimiento: PR-CC-002_V05 | R9: Probabilidad | S9: Preventivo | T9: Manual | U9: =IF(AND(S9="Preventivo",T9="Automático"),"50%",IF(AND(S9="Preventivo",T9="Manual"),"40%",IF(AND(S9="Detectivo",T9="Automático"),"40%",IF(AND(S9="Detectivo",T9="Manual"),"30%",IF(AND(S9="Correctivo",T9="Automático"),"35%",IF(AND(S9="Correctivo",T9="Manual"),"25%","")))))) -> 40% | V9: Documentado | W9: Continua | X9: Sin Registro | Y9: =IFERROR(IF(AND(R8="Probabilidad",R9="Probabilidad"),(AA8-(+AA8*U9)),IF(R9="Probabilidad",(J8-(+J8*U9)),IF(R9="Impacto",AA8,""))),"") -> 0.072 | Z9: =IFERROR(IF(Y9="","",IF(Y9<=0.2,"Rara vez",IF(Y9<=0.4,"Improbable",IF(Y9<=0.6,"Posible",IF(Y9<=0.8,"Probable","Casi Seguro"))))),"") -> Rara vez | AA9: =+Y9 -> 0.072 | AB9: =IFERROR(IF(AC9="","",IF(AC9<=0.6,"Moderado",IF(AC9<=0.8,"Mayor","Catastrófico"))),"") -> Mayor | AC9: =IFERROR(IF(AND(R8="Impacto",R9="Impacto"),(AC8-(+AC8*U9)),IF(R9="Impacto",(N8-(+N8*U9)),IF(R9="Probabilidad",AC8,""))),"") -> 0.8 | AD9: =IFERROR(IF(OR(AND(Z9="Rara vez",AB9="Leve"),AND(Z9="Rara vez",AB9="Menor"),AND(Z9="Improbable",AB9="Leve")),"Bajo",IF(OR(AND(Z9="Rara vez",AB9="Moderado"),AND(Z9="Improbable",AB9="Menor"),AND(Z9="Improbable",AB9="Moderado"),AND(Z9="Posible",AB9="Leve"),AND(Z9="Posible",AB9="Menor"),AND(Z9="Posible",AB9="Moderado"),AND(Z9="Probable",AB9="Leve"),AND(Z9="Probable",AB9="Menor")),"Moderado",IF(OR(AND(Z9="Rara vez",AB9="Mayor"),AND(Z9="Improbable",AB9="Mayor"),AND(Z9="Posible",AB9="Mayor"),AND(Z9="Probable",AB9="Moderado"),AND(Z9="Probable",AB9="Mayor"),AND(Z9="Casi Seguro",AB9="Leve"),AND(Z9="Casi Seguro",AB9="Menor"),AND(Z9="Casi Seguro",AB9="Moderado"),AND(Z9="Casi Seguro",AB9="Mayor")),"Alto",IF(OR(AND(Z9="Rara vez",AB9="Catastrófico"),AND(Z9="Improbable",AB9="Catastrófico"),AND(Z9="Posible",AB9="Catastrófico"),AND(Z9="Probable",AB9="Catastrófico"),AND(Z9="Casi Seguro",AB9="Catastrófico")),"Extremo","")))),"") -> Alto | AE9: Reducir (mitigar) | AF9: Realizar una pieza grafica informando el termino de vencimiento de las PQRS para realizar la correcta asignación de las áreas | AG9: María Camila Prieto Atención a la ciudadanía. | AH9: 45833 | AK9: En curso
L10: =IF(NOT(ISERROR(MATCH(K10,_xlfn.ANCHORARRAY(G15),0))),J17&"Por favor no seleccionar los criterios de impacto",K10) -> 0 | P10: 3
L11: =IF(NOT(ISERROR(MATCH(K11,_xlfn.ANCHORARRAY(G16),0))),J18&"Por favor no seleccionar los criterios de impacto",K11) -> 0 | P11: 4 | R11: =IF(OR(S11="Preventivo",S11="Detectivo"),"Probabilidad",IF(S11="Correctivo","Impacto","")) | U11: =IF(AND(S11="Preventivo",T11="Automático"),"50%",IF(AND(S11="Preventivo",T11="Manual"),"40%",IF(AND(S11="Detectivo",T11="Automático"),"40%",IF(AND(S11="Detectivo",T11="Manual"),"30%",IF(AND(S11="Correctivo",T11="Automático"),"35%",IF(AND(S11="Correctivo",T11="Manual"),"25%","")))))) | Y11: =IFERROR(IF(AND(R10="Probabilidad",R11="Probabilidad"),(AA10-(+AA10*U11)),IF(AND(R10="Impacto",R11="Probabilidad"),(AA9-(+AA9*U11)),IF(R11="Impacto",AA10,""))),"") | Z11: =IFERROR(IF(Y11="","",IF(Y11<=0.2,"Muy Baja",IF(Y11<=0.4,"Baja",IF(Y11<=0.6,"Media",IF(Y11<=0.8,"Alta","Muy Alta"))))),"") | AA11: =+Y11 | AB11: =IFERROR(IF(AC11="","",IF(AC11<=0.2,"Leve",IF(AC11<=0.4,"Menor",IF(AC11<=0.6,"Moderado",IF(AC11<=0.8,"Mayor","Catastrófico"))))),"") | AC11: =IFERROR(IF(AND(R10="Impacto",R11="Impacto"),(AC10-(+AC10*U11)),IF(AND(R10="Probabilidad",R11="Impacto"),(AC9-(+AC9*U11)),IF(R11="Probabilidad",AC10,""))),"") | AD11: =IFERROR(IF(OR(AND(Z11="Muy Baja",AB11="Leve"),AND(Z11="Muy Baja",AB11="Menor"),AND(Z11="Baja",AB11="Leve")),"Bajo",IF(OR(AND(Z11="Muy baja",AB11="Moderado"),AND(Z11="Baja",AB11="Menor"),AND(Z11="Baja",AB11="Moderado"),AND(Z11="Media",AB11="Leve"),AND(Z11="Media",AB11="Menor"),AND(Z11="Media",AB11="Moderado"),AND(Z11="Alta",AB11="Leve"),AND(Z11="Alta",AB11="Menor")),"Moderado",IF(OR(AND(Z11="Muy Baja",AB11="Mayor"),AND(Z11="Baja",AB11="Mayor"),AND(Z11="Media",AB11="Mayor"),AND(Z11="Alta",AB11="Moderado"),AND(Z11="Alta",AB11="Mayor"),AND(Z11="Muy Alta",AB11="Leve"),AND(Z11="Muy Alta",AB11="Menor"),AND(Z11="Muy Alta",AB11="Moderado"),AND(Z11="Muy Alta",AB11="Mayor")),"Alto",IF(OR(AND(Z11="Muy Baja",AB11="Catastrófico"),AND(Z11="Baja",AB11="Catastrófico"),AND(Z11="Media",AB11="Catastrófico"),AND(Z11="Alta",AB11="Catastrófico"),AND(Z11="Muy Alta",AB11="Catastrófico")),"Extremo","")))),"")
L12: =IF(NOT(ISERROR(MATCH(K12,_xlfn.ANCHORARRAY(G17),0))),J19&"Por favor no seleccionar los criterios de impacto",K12) -> 0 | P12: 5 | R12: =IF(OR(S12="Preventivo",S12="Detectivo"),"Probabilidad",IF(S12="Correctivo","Impacto","")) | U12: =IF(AND(S12="Preventivo",T12="Automático"),"50%",IF(AND(S12="Preventivo",T12="Manual"),"40%",IF(AND(S12="Detectivo",T12="Automático"),"40%",IF(AND(S12="Detectivo",T12="Manual"),"30%",IF(AND(S12="Correctivo",T12="Automático"),"35%",IF(AND(S12="Correctivo",T12="Manual"),"25%","")))))) | Y12: =IFERROR(IF(AND(R11="Probabilidad",R12="Probabilidad"),(AA11-(+AA11*U12)),IF(AND(R11="Impacto",R12="Probabilidad"),(AA10-(+AA10*U12)),IF(R12="Impacto",AA11,""))),"") | Z12: =IFERROR(IF(Y12="","",IF(Y12<=0.2,"Rara vez",IF(Y12<=0.4,"Improbable",IF(Y12<=0.6,"Posible",IF(Y12<=0.8,"Probable","Casi Seguro"))))),"") | AA12: =+Y12 | AB12: =IFERROR(IF(AC12="","",IF(AC12<=0.6,"Moderado",IF(AC12<=0.8,"Mayor","Catastrófico"))),"") | AC12: =IFERROR(IF(AND(R11="Impacto",R12="Impacto"),(AC11-(+AC11*U12)),IF(AND(R11="Probabilidad",R12="Impacto"),(AC10-(+AC10*U12)),IF(R12="Probabilidad",AC11,""))),"") | AD12: =IFERROR(IF(OR(AND(Z12="Muy Baja",AB12="Leve"),AND(Z12="Muy Baja",AB12="Menor"),AND(Z12="Baja",AB12="Leve")),"Bajo",IF(OR(AND(Z12="Muy baja",AB12="Moderado"),AND(Z12="Baja",AB12="Menor"),AND(Z12="Baja",AB12="Moderado"),AND(Z12="Media",AB12="Leve"),AND(Z12="Media",AB12="Menor"),AND(Z12="Media",AB12="Moderado"),AND(Z12="Alta",AB12="Leve"),AND(Z12="Alta",AB12="Menor")),"Moderado",IF(OR(AND(Z12="Muy Baja",AB12="Mayor"),AND(Z12="Baja",AB12="Mayor"),AND(Z12="Media",AB12="Mayor"),AND(Z12="Alta",AB12="Moderado"),AND(Z12="Alta",AB12="Mayor"),AND(Z12="Muy Alta",AB12="Leve"),AND(Z12="Muy Alta",AB12="Menor"),AND(Z12="Muy Alta",AB12="Moderado"),AND(Z12="Muy Alta",AB12="Mayor")),"Alto",IF(OR(AND(Z12="Muy Baja",AB12="Catastrófico"),AND(Z12="Baja",AB12="Catastrófico"),AND(Z12="Media",AB12="Catastrófico"),AND(Z12="Alta",AB12="Catastrófico"),AND(Z12="Muy Alta",AB12="Catastrófico")),"Extremo","")))),"")
L13: =IF(NOT(ISERROR(MATCH(K13,_xlfn.ANCHORARRAY(G18),0))),#REF!&"Por favor no seleccionar los criterios de impacto",K13) -> 0 | P13: 6 | R13: =IF(OR(S13="Preventivo",S13="Detectivo"),"Probabilidad",IF(S13="Correctivo","Impacto","")) | U13: =IF(AND(S13="Preventivo",T13="Automático"),"50%",IF(AND(S13="Preventivo",T13="Manual"),"40%",IF(AND(S13="Detectivo",T13="Automático"),"40%",IF(AND(S13="Detectivo",T13="Manual"),"30%",IF(AND(S13="Correctivo",T13="Automático"),"35%",IF(AND(S13="Correctivo",T13="Manual"),"25%","")))))) | Y13: =IFERROR(IF(AND(R12="Probabilidad",R13="Probabilidad"),(AA12-(+AA12*U13)),IF(AND(R12="Impacto",R13="Probabilidad"),(AA11-(+AA11*U13)),IF(R13="Impacto",AA12,""))),"") | Z13: =IFERROR(IF(Y13="","",IF(Y13<=0.2,"Rara vez",IF(Y13<=0.4,"Improbable",IF(Y13<=0.6,"Posible",IF(Y13<=0.8,"Probable","Casi Seguro"))))),"") | AA13: =+Y13 | AB13: =IFERROR(IF(AC13="","",IF(AC13<=0.6,"Moderado",IF(AC13<=0.8,"Mayor","Catastrófico"))),"") | AC13: =IFERROR(IF(AND(R12="Impacto",R13="Impacto"),(AC12-(+AC12*U13)),IF(AND(R12="Probabilidad",R13="Impacto"),(AC11-(+AC11*U13)),IF(R13="Probabilidad",AC12,""))),"") | AD13: =IFERROR(IF(OR(AND(Z13="Muy Baja",AB13="Leve"),AND(Z13="Muy Baja",AB13="Menor"),AND(Z13="Baja",AB13="Leve")),"Bajo",IF(OR(AND(Z13="Muy baja",AB13="Moderado"),AND(Z13="Baja",AB13="Menor"),AND(Z13="Baja",AB13="Moderado"),AND(Z13="Media",AB13="Leve"),AND(Z13="Media",AB13="Menor"),AND(Z13="Media",AB13="Moderado"),AND(Z13="Alta",AB13="Leve"),AND(Z13="Alta",AB13="Menor")),"Moderado",IF(OR(AND(Z13="Muy Baja",AB13="Mayor"),AND(Z13="Baja",AB13="Mayor"),AND(Z13="Media",AB13="Mayor"),AND(Z13="Alta",AB13="Moderado"),AND(Z13="Alta",AB13="Mayor"),AND(Z13="Muy Alta",AB13="Leve"),AND(Z13="Muy Alta",AB13="Menor"),AND(Z13="Muy Alta",AB13="Moderado"),AND(Z13="Muy Alta",AB13="Mayor")),"Alto",IF(OR(AND(Z13="Muy Baja",AB13="Catastrófico"),AND(Z13="Baja",AB13="Catastrófico"),AND(Z13="Media",AB13="Catastrófico"),AND(Z13="Alta",AB13="Catastrófico"),AND(Z13="Muy Alta",AB13="Catastrófico")),"Extremo","")))),"")
B14: RC-DE-2 | C14: Direccionamiento Estratégico | D14: Posibilidad de recibir o solicitar cualquier dadiva o beneficio a nombre propio o de terceros con el fin de que se den aprobaciones en el comité de negocios, sin el cumplimiento de los requisitos exigidos por la entidad. | E14: Riesgo de Corrupción | F14: Se den aprobaciones en el comité de negocios | G14: Sin el cumplimiento de los requisitos exigidos por la entidad. | H14: Al menos 1 vez en los últimos 5 años | I14: =IF(H14<=0,"",IF(H14="No se ha presentado en los últimos 5 años","Rara vez",IF(H14="Al menos 1 vez en los últimos 5 años","Improbable",IF(H14="Al menos 1 vez en los últimos 2 años","Posible",IF(H14="Al menos 1 vez en el último año","Probable",IF(H14="Más de 1 vez al año","Casi Seguro")))))) -> Improbable | J14: =IF(I14="","",IF(I14="Rara vez",0.2,IF(I14="Improbable",0.4,IF(I14="Posible",0.6,IF(I14="Probable",0.8,IF(I14="Casi Seguro",1,)))))) -> 0.4 | K14: Responder afirmativamente de DOCE a DIECINUEVE | L14: =IF(NOT(ISERROR(MATCH(K14,'Tabla Impacto'!$B$220:$B$222,0))),'Tabla Impacto'!$F$222&"Por favor no seleccionar los criterios de impacto(Criterios para calificar el impacto)",K14) -> Responder afirmativamente de DOCE a DIECINUEVE | M14: =IF(OR(L14='Tabla Impacto'!$C$5),"Moderado",IF(OR(L14='Tabla Impacto'!$C$6),"Mayor",IF(OR(L14='Tabla Impacto'!$C$7),"Catastrófico",""))) -> Catastrófico | N14: =IF(M14="","",IF(M14="Leve",0.2,IF(M14="Menor",0.4,IF(M14="Moderado",0.6,IF(M14="Mayor",0.8,IF(M14="Catastrófico",1,)))))) -> 1 | O14: =IF(OR(AND(I14="Rara vez",M14="Leve"),AND(I14="Rara vez",M14="Menor"),AND(I14="Improbable",M14="Leve")),"Bajo",IF(OR(AND(I14="Rara vez",M14="Moderado"),AND(I14="Improbable",M14="Menor"),AND(I14="Improbable",M14="Moderado"),AND(I14="Posible",M14="Leve"),AND(I14="Posible",M14="Menor"),AND(I14="Posible",M14="Moderado"),AND(I14="Probable",M14="Leve"),AND(I14="Probable",M14="Menor")),"Moderado",IF(OR(AND(I14="Rara vez",M14="Mayor"),AND(I14="Improbable",M14="Mayor"),AND(I14="Posible",M14="Mayor"),AND(I14="Probable",M14="Moderado"),AND(I14="Probable",M14="Mayor"),AND(I14="Casi Seguro",M14="Leve"),AND(I14="Casi Seguro",M14="Menor"),AND(I14="Casi Seguro",M14="Moderado"),AND(I14="Casi Seguro",M14="Mayor")),"Alto",IF(OR(AND(I14="Rara vez",M14="Catastrófico"),AND(I14="Improbable",M14="Catastrófico"),AND(I14="Posible",M14="Catastrófico"),AND(I14="Probable",M14="Catastrófico"),AND(I14="Casi Seguro",M14="Catastrófico")),"Extremo","")))) -> Extremo | P14: 1 | Q14: Los profesionales delegado por la Oficina de presidencia, cada vez que se realiza un comité de negocios, realizan la verificación de los requisitos de los casos presentados en el comité con el fin de garantizar el cumplimiento de los requisitos exigidos a los solicitantes, y dar aprobación o no por parte de la Presidencia. Como evidencia de la aplicación del control queda la base de los casos presentados.( Esta base está en cabeza del secretario técnico, que en este momento está a cargo del gerente de activos no sociales.) | R14: =IF(OR(S14="Preventivo",S14="Detectivo"),"Probabilidad",IF(S14="Correctivo","Impacto","")) -> Probabilidad | S14: Detectivo | T14: Manual | U14: =IF(AND(S14="Preventivo",T14="Automático"),"50%",IF(AND(S14="Preventivo",T14="Manual"),"40%",IF(AND(S14="Detectivo",T14="Automático"),"40%",IF(AND(S14="Detectivo",T14="Manual"),"30%",IF(AND(S14="Correctivo",T14="Automático"),"35%",IF(AND(S14="Correctivo",T14="Manual"),"25%","")))))) -> 30% | V14: Documentado | W14: Continua | X14: Con Registro | Y14: =IFERROR(IF(R14="Probabilidad",(J14-(+J14*U14)),IF(R14="Impacto",J14,"")),"") -> 0.28 | Z14: =IFERROR(IF(Y14="","",IF(Y14<=0.2,"Rara vez",IF(Y14<=0.4,"Improbable",IF(Y14<=0.6,"Posible",IF(Y14<=0.8,"Probable","Casi Seguro"))))),"") -> Improbable | AA14: =+Y14 -> 0.28 | AB14: =IFERROR(IF(AC14="","",IF(AC14<=0.6,"Moderado",IF(AC14<=0.8,"Mayor","Catastrófico"))),"") -> Catastrófico | AC14: =IFERROR(IF(R14="Impacto",(N14-(+N14*U14)),IF(R14="Probabilidad",N14,"")),"") -> 1 | AD14: =IFERROR(IF(OR(AND(Z14="Rara vez",AB14="Leve"),AND(Z14="Rara vez",AB14="Menor"),AND(Z14="Improbable",AB14="Leve")),"Bajo",IF(OR(AND(Z14="Rara vez",AB14="Moderado"),AND(Z14="Improbable",AB14="Menor"),AND(Z14="Improbable",AB14="Moderado"),AND(Z14="Posible",AB14="Leve"),AND(Z14="Posible",AB14="Menor"),AND(Z14="Posible",AB14="Moderado"),AND(Z14="Probable",AB14="Leve"),AND(Z14="Probable",AB14="Menor")),"Moderado",IF(OR(AND(Z14="Rara vez",AB14="Mayor"),AND(Z14="Improbable",AB14="Mayor"),AND(Z14="Posible",AB14="Mayor"),AND(Z14="Probable",AB14="Moderado"),AND(Z14="Probable",AB14="Mayor"),AND(Z14="Casi Seguro",AB14="Leve"),AND(Z14="Casi Seguro",AB14="Menor"),AND(Z14="Casi Seguro",AB14="Moderado"),AND(Z14="Casi Seguro",AB14="Mayor")),"Alto",IF(OR(AND(Z14="Rara vez",AB14="Catastrófico"),AND(Z14="Improbable",AB14="Catastrófico"),AND(Z14="Posible",AB14="Catastrófico"),AND(Z14="Probable",AB14="Catastrófico"),AND(Z14="Casi Seguro",AB14="Catastrófico")),"Extremo","")))),"") -> Extremo
L15: =IF(NOT(ISERROR(MATCH(K15,_xlfn.ANCHORARRAY(G20),0))),J22&"Por favor no seleccionar los criterios de impacto",K15) -> 0 | P15: 2 | Q15: Los profesionales delegado por la Oficina de presidencia, en caso de evidenciar inconsistencias en la documentación presentada, solicitan a las dependencias que presentas}n los casos, realizar las correcciones pertinentes, con el fin de poder emitir una aprobación. Como evidencia de la aplicación del control queda la base se de los casos presentados.( Esta base está en cabeza del secretario técnico, que en este momento está a cargo del gerente de activos no sociales.) | R15: Impacto | S15: Correctivo | T15: Manual | U15: =IF(AND(S15="Preventivo",T15="Automático"),"50%",IF(AND(S15="Preventivo",T15="Manual"),"40%",IF(AND(S15="Detectivo",T15="Automático"),"40%",IF(AND(S15="Detectivo",T15="Manual"),"30%",IF(AND(S15="Correctivo",T15="Automático"),"35%",IF(AND(S15="Correctivo",T15="Manual"),"25%","")))))) -> 25% | V15: Documentado | W15: Continua | X15: Con Registro | Y15: =IFERROR(IF(AND(R14="Probabilidad",R15="Probabilidad"),(AA14-(+AA14*U15)),IF(R15="Probabilidad",(J14-(+J14*U15)),IF(R15="Impacto",AA14,""))),"") -> 0.28 | Z15: =IFERROR(IF(Y15="","",IF(Y15<=0.2,"Rara vez",IF(Y15<=0.4,"Improbable",IF(Y15<=0.6,"Posible",IF(Y15<=0.8,"Probable","Casi Seguro"))))),"") -> Improbable | AA15: =+Y15 -> 0.28 | AB15: =IFERROR(IF(AC15="","",IF(AC15<=0.6,"Moderado",IF(AC15<=0.8,"Mayor","Catastrófico"))),"") -> Mayor | AC15: =IFERROR(IF(AND(R14="Impacto",R15="Impacto"),(AC14-(+AC14*U15)),IF(R15="Impacto",(N14-(+N14*U15)),IF(R15="Probabilidad",AC14,""))),"") -> 0.75 | AD15: =IFERROR(IF(OR(AND(Z15="Rara vez",AB15="Leve"),AND(Z15="Rara vez",AB15="Menor"),AND(Z15="Improbable",AB15="Leve")),"Bajo",IF(OR(AND(Z15="Rara vez",AB15="Moderado"),AND(Z15="Improbable",AB15="Menor"),AND(Z15="Improbable",AB15="Moderado"),AND(Z15="Posible",AB15="Leve"),AND(Z15="Posible",AB15="Menor"),AND(Z15="Posible",AB15="Moderado"),AND(Z15="Probable",AB15="Leve"),AND(Z15="Probable",AB15="Menor")),"Moderado",IF(OR(AND(Z15="Rara vez",AB15="Mayor"),AND(Z15="Improbable",AB15="Mayor"),AND(Z15="Posible",AB15="Mayor"),AND(Z15="Probable",AB15="Moderado"),AND(Z15="Probable",AB15="Mayor"),AND(Z15="Casi Seguro",AB15="Leve"),AND(Z15="Casi Seguro",AB15="Menor"),AND(Z15="Casi Seguro",AB15="Moderado"),AND(Z15="Casi Seguro",AB15="Mayor")),"Alto",IF(OR(AND(Z15="Rara vez",AB15="Catastrófico"),AND(Z15="Improbable",AB15="Catastrófico"),AND(Z15="Posible",AB15="Catastrófico"),AND(Z15="Probable",AB15="Catastrófico"),AND(Z15="Casi Seguro",AB15="Catastrófico")),"Extremo","")))),"") -> Alto
L16: =IF(NOT(ISERROR(MATCH(K16,_xlfn.ANCHORARRAY(G21),0))),J23&"Por favor no seleccionar los criterios de impacto",K16) -> 0 | P16: 3
L17: =IF(NOT(ISERROR(MATCH(K17,_xlfn.ANCHORARRAY(G22),0))),J24&"Por favor no seleccionar los criterios de impacto",K17) -> 0 | P17: 4 | R17: =IF(OR(S17="Preventivo",S17="Detectivo"),"Probabilidad",IF(S17="Correctivo","Impacto","")) | U17: =IF(AND(S17="Preventivo",T17="Automático"),"50%",IF(AND(S17="Preventivo",T17="Manual"),"40%",IF(AND(S17="Detectivo",T17="Automático"),"40%",IF(AND(S17="Detectivo",T17="Manual"),"30%",IF(AND(S17="Correctivo",T17="Automático"),"35%",IF(AND(S17="Correctivo",T17="Manual"),"25%","")))))) | Y17: =IFERROR(IF(AND(R16="Probabilidad",R17="Probabilidad"),(AA16-(+AA16*U17)),IF(AND(R16="Impacto",R17="Probabilidad"),(AA15-(+AA15*U17)),IF(R17="Impacto",AA16,""))),"") | Z17: =IFERROR(IF(Y17="","",IF(Y17<=0.2,"Muy Baja",IF(Y17<=0.4,"Baja",IF(Y17<=0.6,"Media",IF(Y17<=0.8,"Alta","Muy Alta"))))),"") | AA17: =+Y17 | AB17: =IFERROR(IF(AC17="","",IF(AC17<=0.2,"Leve",IF(AC17<=0.4,"Menor",IF(AC17<=0.6,"Moderado",IF(AC17<=0.8,"Mayor","Catastrófico"))))),"") | AC17: =IFERROR(IF(AND(R16="Impacto",R17="Impacto"),(AC16-(+AC16*U17)),IF(AND(R16="Probabilidad",R17="Impacto"),(AC15-(+AC15*U17)),IF(R17="Probabilidad",AC16,""))),"") | AD17: =IFERROR(IF(OR(AND(Z17="Muy Baja",AB17="Leve"),AND(Z17="Muy Baja",AB17="Menor"),AND(Z17="Baja",AB17="Leve")),"Bajo",IF(OR(AND(Z17="Muy baja",AB17="Moderado"),AND(Z17="Baja",AB17="Menor"),AND(Z17="Baja",AB17="Moderado"),AND(Z17="Media",AB17="Leve"),AND(Z17="Media",AB17="Menor"),AND(Z17="Media",AB17="Moderado"),AND(Z17="Alta",AB17="Leve"),AND(Z17="Alta",AB17="Menor")),"Moderado",IF(OR(AND(Z17="Muy Baja",AB17="Mayor"),AND(Z17="Baja",AB17="Mayor"),AND(Z17="Media",AB17="Mayor"),AND(Z17="Alta",AB17="Moderado"),AND(Z17="Alta",AB17="Mayor"),AND(Z17="Muy Alta",AB17="Leve"),AND(Z17="Muy Alta",AB17="Menor"),AND(Z17="Muy Alta",AB17="Moderado"),AND(Z17="Muy Alta",AB17="Mayor")),"Alto",IF(OR(AND(Z17="Muy Baja",AB17="Catastrófico"),AND(Z17="Baja",AB17="Catastrófico"),AND(Z17="Media",AB17="Catastrófico"),AND(Z17="Alta",AB17="Catastrófico"),AND(Z17="Muy Alta",AB17="Catastrófico")),"Extremo","")))),"")
L18: =IF(NOT(ISERROR(MATCH(K18,_xlfn.ANCHORARRAY(G23),0))),J25&"Por favor no seleccionar los criterios de impacto",K18) -> 0 | P18: 5 | R18: =IF(OR(S18="Preventivo",S18="Detectivo"),"Probabilidad",IF(S18="Correctivo","Impacto","")) | U18: =IF(AND(S18="Preventivo",T18="Automático"),"50%",IF(AND(S18="Preventivo",T18="Manual"),"40%",IF(AND(S18="Detectivo",T18="Automático"),"40%",IF(AND(S18="Detectivo",T18="Manual"),"30%",IF(AND(S18="Correctivo",T18="Automático"),"35%",IF(AND(S18="Correctivo",T18="Manual"),"25%","")))))) | Y18: =IFERROR(IF(AND(R17="Probabilidad",R18="Probabilidad"),(AA17-(+AA17*U18)),IF(AND(R17="Impacto",R18="Probabilidad"),(AA16-(+AA16*U18)),IF(R18="Impacto",AA17,""))),"") | Z18: =IFERROR(IF(Y18="","",IF(Y18<=0.2,"Rara vez",IF(Y18<=0.4,"Improbable",IF(Y18<=0.6,"Posible",IF(Y18<=0.8,"Probable","Casi Seguro"))))),"") | AA18: =+Y18 | AB18: =IFERROR(IF(AC18="","",IF(AC18<=0.6,"Moderado",IF(AC18<=0.8,"Mayor","Catastrófico"))),"") | AC18: =IFERROR(IF(AND(R17="Impacto",R18="Impacto"),(AC17-(+AC17*U18)),IF(AND(R17="Probabilidad",R18="Impacto"),(AC16-(+AC16*U18)),IF(R18="Probabilidad",AC17,""))),"") | AD18: =IFERROR(IF(OR(AND(Z18="Muy Baja",AB18="Leve"),AND(Z18="Muy Baja",AB18="Menor"),AND(Z18="Baja",AB18="Leve")),"Bajo",IF(OR(AND(Z18="Muy baja",AB18="Moderado"),AND(Z18="Baja",AB18="Menor"),AND(Z18="Baja",AB18="Moderado"),AND(Z18="Media",AB18="Leve"),AND(Z18="Media",AB18="Menor"),AND(Z18="Media",AB18="Moderado"),AND(Z18="Alta",AB18="Leve"),AND(Z18="Alta",AB18="Menor")),"Moderado",IF(OR(AND(Z18="Muy Baja",AB18="Mayor"),AND(Z18="Baja",AB18="Mayor"),AND(Z18="Media",AB18="Mayor"),AND(Z18="Alta",AB18="Moderado"),AND(Z18="Alta",AB18="Mayor"),AND(Z18="Muy Alta",AB18="Leve"),AND(Z18="Muy Alta",AB18="Menor"),AND(Z18="Muy Alta",AB18="Moderado"),AND(Z18="Muy Alta",AB18="Mayor")),"Alto",IF(OR(AND(Z18="Muy Baja",AB18="Catastrófico"),AND(Z18="Baja",AB18="Catastrófico"),AND(Z18="Media",AB18="Catastrófico"),AND(Z18="Alta",AB18="Catastrófico"),AND(Z18="Muy Alta",AB18="Catastrófico")),"Extremo","")))),"")
L19: =IF(NOT(ISERROR(MATCH(K19,_xlfn.ANCHORARRAY(G24),0))),J32&"Por favor no seleccionar los criterios de impacto",K19) -> 0 | P19: 6 | R19: =IF(OR(S19="Preventivo",S19="Detectivo"),"Probabilidad",IF(S19="Correctivo","Impacto","")) | U19: =IF(AND(S19="Preventivo",T19="Automático"),"50%",IF(AND(S19="Preventivo",T19="Manual"),"40%",IF(AND(S19="Detectivo",T19="Automático"),"40%",IF(AND(S19="Detectivo",T19="Manual"),"30%",IF(AND(S19="Correctivo",T19="Automático"),"35%",IF(AND(S19="Correctivo",T19="Manual"),"25%","")))))) | Y19: =IFERROR(IF(AND(R18="Probabilidad",R19="Probabilidad"),(AA18-(+AA18*U19)),IF(AND(R18="Impacto",R19="Probabilidad"),(AA17-(+AA17*U19)),IF(R19="Impacto",AA18,""))),"") | Z19: =IFERROR(IF(Y19="","",IF(Y19<=0.2,"Rara vez",IF(Y19<=0.4,"Improbable",IF(Y19<=0.6,"Posible",IF(Y19<=0.8,"Probable","Casi Seguro"))))),"") | AA19: =+Y19 | AB19: =IFERROR(IF(AC19="","",IF(AC19<=0.6,"Moderado",IF(AC19<=0.8,"Mayor","Catastrófico"))),"") | AC19: =IFERROR(IF(AND(R18="Impacto",R19="Impacto"),(AC18-(+AC18*U19)),IF(AND(R18="Probabilidad",R19="Impacto"),(AC17-(+AC17*U19)),IF(R19="Probabilidad",AC18,""))),"") | AD19: =IFERROR(IF(OR(AND(Z19="Muy Baja",AB19="Leve"),AND(Z19="Muy Baja",AB19="Menor"),AND(Z19="Baja",AB19="Leve")),"Bajo",IF(OR(AND(Z19="Muy baja",AB19="Moderado"),AND(Z19="Baja",AB19="Menor"),AND(Z19="Baja",AB19="Moderado"),AND(Z19="Media",AB19="Leve"),AND(Z19="Media",AB19="Menor"),AND(Z19="Media",AB19="Moderado"),AND(Z19="Alta",AB19="Leve"),AND(Z19="Alta",AB19="Menor")),"Moderado",IF(OR(AND(Z19="Muy Baja",AB19="Mayor"),AND(Z19="Baja",AB19="Mayor"),AND(Z19="Media",AB19="Mayor"),AND(Z19="Alta",AB19="Moderado"),AND(Z19="Alta",AB19="Mayor"),AND(Z19="Muy Alta",AB19="Leve"),AND(Z19="Muy Alta",AB19="Menor"),AND(Z19="Muy Alta",AB19="Moderado"),AND(Z19="Muy Alta",AB19="Mayor")),"Alto",IF(OR(AND(Z19="Muy Baja",AB19="Catastrófico"),AND(Z19="Baja",AB19="Catastrófico"),AND(Z19="Media",AB19="Catastrófico"),AND(Z19="Alta",AB19="Catastrófico"),AND(Z19="Muy Alta",AB19="Catastrófico")),"Extremo","")))),"")
B20: RC-DE-3 | C20: Direccionamiento Estratégico | D20: Posibilidad de no reportar la materialización de un riesgo de corrupción, fiscal o SARLAFT a las áreas competentes con el propósito de beneficiar a un tercero | E20: Riesgo de Corrupción | F20: Falta de ética profesional Falta de control del proceso | G20: Investigaciones penales o disciplinarias Pérdida de imagen reputacional y credibilidad institucional | H20: No se ha presentado en los últimos 5 años | I20: =IF(H20<=0,"",IF(H20="No se ha presentado en los últimos 5 años","Rara vez",IF(H20="Al menos 1 vez en los últimos 5 años","Improbable",IF(H20="Al menos 1 vez en los últimos 2 años","Posible",IF(H20="Al menos 1 vez en el último año","Probable",IF(H20="Más de 1 vez al año","Casi Seguro")))))) -> Rara vez | J20: =IF(I20="","",IF(I20="Rara vez",0.2,IF(I20="Improbable",0.4,IF(I20="Posible",0.6,IF(I20="Probable",0.8,IF(I20="Casi Seguro",1,)))))) -> 0.2 | K20: Responder afirmativamente de SEIS a ONCE | L20: =IF(NOT(ISERROR(MATCH(K20,'Tabla Impacto'!$B$220:$B$222,0))),'Tabla Impacto'!$F$222&"Por favor no seleccionar los criterios de impacto(Criterios para calificar el impacto)",K20) -> Responder afirmativamente de SEIS a ONCE | M20: =IF(OR(L20='Tabla Impacto'!$C$5),"Moderado",IF(OR(L20='Tabla Impacto'!$C$6),"Mayor",IF(OR(L20='Tabla Impacto'!$C$7),"Catastrófico",""))) -> Mayor | N20: =IF(M20="","",IF(M20="Leve",0.2,IF(M20="Menor",0.4,IF(M20="Moderado",0.6,IF(M20="Mayor",0.8,IF(M20="Catastrófico",1,)))))) -> 0.8 | O20: =IF(OR(AND(I20="Rara vez",M20="Leve"),AND(I20="Rara vez",M20="Menor"),AND(I20="Improbable",M20="Leve")),"Bajo",IF(OR(AND(I20="Rara vez",M20="Moderado"),AND(I20="Improbable",M20="Menor"),AND(I20="Improbable",M20="Moderado"),AND(I20="Posible",M20="Leve"),AND(I20="Posible",M20="Menor"),AND(I20="Posible",M20="Moderado"),AND(I20="Probable",M20="Leve"),AND(I20="Probable",M20="Menor")),"Moderado",IF(OR(AND(I20="Rara vez",M20="Mayor"),AND(I20="Improbable",M20="Mayor"),AND(I20="Posible",M20="Mayor"),AND(I20="Probable",M20="Moderado"),AND(I20="Probable",M20="Mayor"),AND(I20="Casi Seguro",M20="Leve"),AND(I20="Casi Seguro",M20="Menor"),AND(I20="Casi Seguro",M20="Moderado"),AND(I20="Casi Seguro",M20="Mayor")),"Alto",IF(OR(AND(I20="Rara vez",M20="Catastrófico"),AND(I20="Improbable",M20="Catastrófico"),AND(I20="Posible",M20="Catastrófico"),AND(I20="Probable",M20="Catastrófico"),AND(I20="Casi Seguro",M20="Catastrófico")),"Extremo","")))) -> Alto | P20: 1 | Q20: El profesional delegado para gestionar el riesgo, de acuerdo con el nivel de severidad de este, realiza el monitoreo y revisión teniendo en cuenta la Política de Administración de Riesgos y la Guía de Administración de Riesgos, con el fin de evaluar si los riesgos han cambiado, se han materializado o sus controles son efectivos, al identificar algún cambio de los riesgos se debe realizar la actualización correspondiente en las matrices en las cuales queda el registro correspondiente. Como evidencia queda la base de monitoreo. | R20: =IF(OR(S20="Preventivo",S20="Detectivo"),"Probabilidad",IF(S20="Correctivo","Impacto","")) -> Probabilidad | S20: Preventivo | T20: Manual | U20: =IF(AND(S20="Preventivo",T20="Automático"),"50%",IF(AND(S20="Preventivo",T20="Manual"),"40%",IF(AND(S20="Detectivo",T20="Automático"),"40%",IF(AND(S20="Detectivo",T20="Manual"),"30%",IF(AND(S20="Correctivo",T20="Automático"),"35%",IF(AND(S20="Correctivo",T20="Manual"),"25%","")))))) -> 40% | V20: Documentado | W20: Continua | X20: Con Registro | Y20: =IFERROR(IF(R20="Probabilidad",(J20-(+J20*U20)),IF(R20="Impacto",J20,"")),"") -> 0.12 | Z20: =IFERROR(IF(Y20="","",IF(Y20<=0.2,"Rara vez",IF(Y20<=0.4,"Improbable",IF(Y20<=0.6,"Posible",IF(Y20<=0.8,"Probable","Casi Seguro"))))),"") -> Rara vez | AA20: =+Y20 -> 0.12 | AB20: =IFERROR(IF(AC20="","",IF(AC20<=0.6,"Moderado",IF(AC20<=0.8,"Mayor","Catastrófico"))),"") -> Mayor | AC20: =IFERROR(IF(R20="Impacto",(N20-(+N20*U20)),IF(R20="Probabilidad",N20,"")),"") -> 0.8 | AD20: =IFERROR(IF(OR(AND(Z20="Rara vez",AB20="Leve"),AND(Z20="Rara vez",AB20="Menor"),AND(Z20="Improbable",AB20="Leve")),"Bajo",IF(OR(AND(Z20="Rara vez",AB20="Moderado"),AND(Z20="Improbable",AB20="Menor"),AND(Z20="Improbable",AB20="Moderado"),AND(Z20="Posible",AB20="Leve"),AND(Z20="Posible",AB20="Menor"),AND(Z20="Posible",AB20="Moderado"),AND(Z20="Probable",AB20="Leve"),AND(Z20="Probable",AB20="Menor")),"Moderado",IF(OR(AND(Z20="Rara vez",AB20="Mayor"),AND(Z20="Improbable",AB20="Mayor"),AND(Z20="Posible",AB20="Mayor"),AND(Z20="Probable",AB20="Moderado"),AND(Z20="Probable",AB20="Mayor"),AND(Z20="Casi Seguro",AB20="Leve"),AND(Z20="Casi Seguro",AB20="Menor"),AND(Z20="Casi Seguro",AB20="Moderado"),AND(Z20="Casi Seguro",AB20="Mayor")),"Alto",IF(OR(AND(Z20="Rara vez",AB20="Catastrófico"),AND(Z20="Improbable",AB20="Catastrófico"),AND(Z20="Posible",AB20="Catastrófico"),AND(Z20="Probable",AB20="Catastrófico"),AND(Z20="Casi Seguro",AB20="Catastrófico")),"Extremo","")))),"") -> Alto
L21: =IF(NOT(ISERROR(MATCH(K21,_xlfn.ANCHORARRAY(G36),0))),J38&"Por favor no seleccionar los criterios de impacto",K21) -> 0 | P21: 2 | Q21: La (el) Director de Planeación y Prospectiva designa un correo para el reporte de la información relacionada con la gestión de riesgos y en el que en caso de presentarse una materialización de riesgos es reportada por este medio. Su administración está en cabeza de todo el equipo del grupo de riesgos con el objetivo de asegurar la transparencia en la gestión de la información. Sin evidencia. | R21: =IF(OR(S21="Preventivo",S21="Detectivo"),"Probabilidad",IF(S21="Correctivo","Impacto","")) -> Probabilidad | S21: Detectivo | T21: Manual | U21: =IF(AND(S21="Preventivo",T21="Automático"),"50%",IF(AND(S21="Preventivo",T21="Manual"),"40%",IF(AND(S21="Detectivo",T21="Automático"),"40%",IF(AND(S21="Detectivo",T21="Manual"),"30%",IF(AND(S21="Correctivo",T21="Automático"),"35%",IF(AND(S21="Correctivo",T21="Manual"),"25%","")))))) -> 30% | V21: Documentado | W21: Continua | X21: Con Registro | Y21: =IFERROR(IF(AND(R20="Probabilidad",R21="Probabilidad"),(AA20-(+AA20*U21)),IF(R21="Probabilidad",(J20-(+J20*U21)),IF(R21="Impacto",AA20,""))),"") -> 0.084 | Z21: =IFERROR(IF(Y21="","",IF(Y21<=0.2,"Rara vez",IF(Y21<=0.4,"Improbable",IF(Y21<=0.6,"Posible",IF(Y21<=0.8,"Probable","Casi Seguro"))))),"") -> Rara vez | AA21: =+Y21 -> 0.084 | AB21: =IFERROR(IF(AC21="","",IF(AC21<=0.6,"Moderado",IF(AC21<=0.8,"Mayor","Catastrófico"))),"") -> Mayor | AC21: =IFERROR(IF(AND(R20="Impacto",R21="Impacto"),(AC20-(+AC20*U21)),IF(R21="Impacto",(N20-(+N20*U21)),IF(R21="Probabilidad",AC20,""))),"") -> 0.8 | AD21: =IFERROR(IF(OR(AND(Z21="Rara vez",AB21="Leve"),AND(Z21="Rara vez",AB21="Menor"),AND(Z21="Improbable",AB21="Leve")),"Bajo",IF(OR(AND(Z21="Rara vez",AB21="Moderado"),AND(Z21="Improbable",AB21="Menor"),AND(Z21="Improbable",AB21="Moderado"),AND(Z21="Posible",AB21="Leve"),AND(Z21="Posible",AB21="Menor"),AND(Z21="Posible",AB21="Moderado"),AND(Z21="Probable",AB21="Leve"),AND(Z21="Probable",AB21="Menor")),"Moderado",IF(OR(AND(Z21="Rara vez",AB21="Mayor"),AND(Z21="Improbable",AB21="Mayor"),AND(Z21="Posible",AB21="Mayor"),AND(Z21="Probable",AB21="Moderado"),AND(Z21="Probable",AB21="Mayor"),AND(Z21="Casi Seguro",AB21="Leve"),AND(Z21="Casi Seguro",AB21="Menor"),AND(Z21="Casi Seguro",AB21="Moderado"),AND(Z21="Casi Seguro",AB21="Mayor")),"Alto",IF(OR(AND(Z21="Rara vez",AB21="Catastrófico"),AND(Z21="Improbable",AB21="Catastrófico"),AND(Z21="Posible",AB21="Catastrófico"),AND(Z21="Probable",AB21="Catastrófico"),AND(Z21="Casi Seguro",AB21="Catastrófico")),"Extremo","")))),"") -> Alto
L22: =IF(NOT(ISERROR(MATCH(K22,_xlfn.ANCHORARRAY(G37),0))),J39&"Por favor no seleccionar los criterios de impacto",K22) -> 0 | P22: 3 | Q22: El funcionario delegado del equipo de riesgos, en caso de evidenciar que no se informó a la Dirección de Talento Humano y la Oficina de Control Interno de la materialización de un riesgo de corrupción, de manera inmediata realiza el reporte y lleva la situación presentada al CICCI con el objetivo de que se tomen las acciones pertinentes. Como evidencias quedarían las comunicaciones enviadas y el acta del CICCI. | R22: =IF(OR(S22="Preventivo",S22="Detectivo"),"Probabilidad",IF(S22="Correctivo","Impacto","")) -> Impacto | S22: Correctivo | T22: Manual | U22: =IF(AND(S22="Preventivo",T22="Automático"),"50%",IF(AND(S22="Preventivo",T22="Manual"),"40%",IF(AND(S22="Detectivo",T22="Automático"),"40%",IF(AND(S22="Detectivo",T22="Manual"),"30%",IF(AND(S22="Correctivo",T22="Automático"),"35%",IF(AND(S22="Correctivo",T22="Manual"),"25%","")))))) -> 25% | V22: Documentado | W22: Continua | X22: Con Registro | Y22: =IFERROR(IF(AND(R21="Probabilidad",R22="Probabilidad"),(AA21-(+AA21*U22)),IF(AND(R21="Impacto",R22="Probabilidad"),(AA20-(+AA20*U22)),IF(R22="Impacto",AA21,""))),"") -> 0.084 | Z22: =IFERROR(IF(Y22="","",IF(Y22<=0.2,"Rara vez",IF(Y22<=0.4,"Improbable",IF(Y22<=0.6,"Posible",IF(Y22<=0.8,"Probable","Casi Seguro"))))),"") -> Rara vez | AA22: =+Y22 -> 0.084 | AB22: =IFERROR(IF(AC22="","",IF(AC22<=0.6,"Moderado",IF(AC22<=0.8,"Mayor","Catastrófico"))),"") -> Moderado | AC22: =IFERROR(IF(AND(R21="Impacto",R22="Impacto"),(AC21-(+AC21*U22)),IF(AND(R21="Probabilidad",R22="Impacto"),(AC20-(+AC20*U22)),IF(R22="Probabilidad",AC21,""))),"") -> 0.6 | AD22: =IFERROR(IF(OR(AND(Z22="Rara vez",AB22="Leve"),AND(Z22="Rara vez",AB22="Menor"),AND(Z22="Improbable",AB22="Leve")),"Bajo",IF(OR(AND(Z22="Rara vez",AB22="Moderado"),AND(Z22="Improbable",AB22="Menor"),AND(Z22="Improbable",AB22="Moderado"),AND(Z22="Posible",AB22="Leve"),AND(Z22="Posible",AB22="Menor"),AND(Z22="Posible",AB22="Moderado"),AND(Z22="Probable",AB22="Leve"),AND(Z22="Probable",AB22="Menor")),"Moderado",IF(OR(AND(Z22="Rara vez",AB22="Mayor"),AND(Z22="Improbable",AB22="Mayor"),AND(Z22="Posible",AB22="Mayor"),AND(Z22="Probable",AB22="Moderado"),AND(Z22="Probable",AB22="Mayor"),AND(Z22="Casi Seguro",AB22="Leve"),AND(Z22="Casi Seguro",AB22="Menor"),AND(Z22="Casi Seguro",AB22="Moderado"),AND(Z22="Casi Seguro",AB22="Mayor")),"Alto",IF(OR(AND(Z22="Rara vez",AB22="Catastrófico"),AND(Z22="Improbable",AB22="Catastrófico"),AND(Z22="Posible",AB22="Catastrófico"),AND(Z22="Probable",AB22="Catastrófico"),AND(Z22="Casi Seguro",AB22="Catastrófico")),"Extremo","")))),"") -> Moderado | AE22: Reducir (mitigar) | AF22: Definir cronograma de capacitación y realizarlas en los temas relacionados con la gestión del riesgo | AG22: Rocío Álvarez | AH22: 46022 | AK22: En curso
L23: =IF(NOT(ISERROR(MATCH(K23,_xlfn.ANCHORARRAY(G38),0))),J40&"Por favor no seleccionar los criterios de impacto",K23) -> 0 | P23: 4 | R23: =IF(OR(S23="Preventivo",S23="Detectivo"),"Probabilidad",IF(S23="Correctivo","Impacto","")) | U23: =IF(AND(S23="Preventivo",T23="Automático"),"50%",IF(AND(S23="Preventivo",T23="Manual"),"40%",IF(AND(S23="Detectivo",T23="Automático"),"40%",IF(AND(S23="Detectivo",T23="Manual"),"30%",IF(AND(S23="Correctivo",T23="Automático"),"35%",IF(AND(S23="Correctivo",T23="Manual"),"25%","")))))) | Y23: =IFERROR(IF(AND(R22="Probabilidad",R23="Probabilidad"),(AA22-(+AA22*U23)),IF(AND(R22="Impacto",R23="Probabilidad"),(AA21-(+AA21*U23)),IF(R23="Impacto",AA22,""))),"") | Z23: =IFERROR(IF(Y23="","",IF(Y23<=0.2,"Muy Baja",IF(Y23<=0.4,"Baja",IF(Y23<=0.6,"Media",IF(Y23<=0.8,"Alta","Muy Alta"))))),"") | AA23: =+Y23 | AB23: =IFERROR(IF(AC23="","",IF(AC23<=0.2,"Leve",IF(AC23<=0.4,"Menor",IF(AC23<=0.6,"Moderado",IF(AC23<=0.8,"Mayor","Catastrófico"))))),"") | AC23: =IFERROR(IF(AND(R22="Impacto",R23="Impacto"),(AC22-(+AC22*U23)),IF(AND(R22="Probabilidad",R23="Impacto"),(AC21-(+AC21*U23)),IF(R23="Probabilidad",AC22,""))),"") | AD23: =IFERROR(IF(OR(AND(Z23="Muy Baja",AB23="Leve"),AND(Z23="Muy Baja",AB23="Menor"),AND(Z23="Baja",AB23="Leve")),"Bajo",IF(OR(AND(Z23="Muy baja",AB23="Moderado"),AND(Z23="Baja",AB23="Menor"),AND(Z23="Baja",AB23="Moderado"),AND(Z23="Media",AB23="Leve"),AND(Z23="Media",AB23="Menor"),AND(Z23="Media",AB23="Moderado"),AND(Z23="Alta",AB23="Leve"),AND(Z23="Alta",AB23="Menor")),"Moderado",IF(OR(AND(Z23="Muy Baja",AB23="Mayor"),AND(Z23="Baja",AB23="Mayor"),AND(Z23="Media",AB23="Mayor"),AND(Z23="Alta",AB23="Moderado"),AND(Z23="Alta",AB23="Mayor"),AND(Z23="Muy Alta",AB23="Leve"),AND(Z23="Muy Alta",AB23="Menor"),AND(Z23="Muy Alta",AB23="Moderado"),AND(Z23="Muy Alta",AB23="Mayor")),"Alto",IF(OR(AND(Z23="Muy Baja",AB23="Catastrófico"),AND(Z23="Baja",AB23="Catastrófico"),AND(Z23="Media",AB23="Catastrófico"),AND(Z23="Alta",AB23="Catastrófico"),AND(Z23="Muy Alta",AB23="Catastrófico")),"Extremo","")))),"")
L24: =IF(NOT(ISERROR(MATCH(K24,_xlfn.ANCHORARRAY(G39),0))),J41&"Por favor no seleccionar los criterios de impacto",K24) -> 0 | P24: 5 | R24: =IF(OR(S24="Preventivo",S24="Detectivo"),"Probabilidad",IF(S24="Correctivo","Impacto","")) | U24: =IF(AND(S24="Preventivo",T24="Automático"),"50%",IF(AND(S24="Preventivo",T24="Manual"),"40%",IF(AND(S24="Detectivo",T24="Automático"),"40%",IF(AND(S24="Detectivo",T24="Manual"),"30%",IF(AND(S24="Correctivo",T24="Automático"),"35%",IF(AND(S24="Correctivo",T24="Manual"),"25%","")))))) | Y24: =IFERROR(IF(AND(R23="Probabilidad",R24="Probabilidad"),(AA23-(+AA23*U24)),IF(AND(R23="Impacto",R24="Probabilidad"),(AA22-(+AA22*U24)),IF(R24="Impacto",AA23,""))),"") | Z24: =IFERROR(IF(Y24="","",IF(Y24<=0.2,"Rara vez",IF(Y24<=0.4,"Improbable",IF(Y24<=0.6,"Posible",IF(Y24<=0.8,"Probable","Casi Seguro"))))),"") | AA24: =+Y24 | AB24: =IFERROR(IF(AC24="","",IF(AC24<=0.6,"Moderado",IF(AC24<=0.8,"Mayor","Catastrófico"))),"") | AC24: =IFERROR(IF(AND(R23="Impacto",R24="Impacto"),(AC23-(+AC23*U24)),IF(AND(R23="Probabilidad",R24="Impacto"),(AC22-(+AC22*U24)),IF(R24="Probabilidad",AC23,""))),"") | AD24: =IFERROR(IF(OR(AND(Z24="Muy Baja",AB24="Leve"),AND(Z24="Muy Baja",AB24="Menor"),AND(Z24="Baja",AB24="Leve")),"Bajo",IF(OR(AND(Z24="Muy baja",AB24="Moderado"),AND(Z24="Baja",AB24="Menor"),AND(Z24="Baja",AB24="Moderado"),AND(Z24="Media",AB24="Leve"),AND(Z24="Media",AB24="Menor"),AND(Z24="Media",AB24="Moderado"),AND(Z24="Alta",AB24="Leve"),AND(Z24="Alta",AB24="Menor")),"Moderado",IF(OR(AND(Z24="Muy Baja",AB24="Mayor"),AND(Z24="Baja",AB24="Mayor"),AND(Z24="Media",AB24="Mayor"),AND(Z24="Alta",AB24="Moderado"),AND(Z24="Alta",AB24="Mayor"),AND(Z24="Muy Alta",AB24="Leve"),AND(Z24="Muy Alta",AB24="Menor"),AND(Z24="Muy Alta",AB24="Moderado"),AND(Z24="Muy Alta",AB24="Mayor")),"Alto",IF(OR(AND(Z24="Muy Baja",AB24="Catastrófico"),AND(Z24="Baja",AB24="Catastrófico"),AND(Z24="Media",AB24="Catastrófico"),AND(Z24="Alta",AB24="Catastrófico"),AND(Z24="Muy Alta",AB24="Catastrófico")),"Extremo","")))),"")
L25: =IF(NOT(ISERROR(MATCH(K25,_xlfn.ANCHORARRAY(G40),0))),J42&"Por favor no seleccionar los criterios de impacto",K25) -> 0 | P25: 6 | R25: =IF(OR(S25="Preventivo",S25="Detectivo"),"Probabilidad",IF(S25="Correctivo","Impacto","")) | U25: =IF(AND(S25="Preventivo",T25="Automático"),"50%",IF(AND(S25="Preventivo",T25="Manual"),"40%",IF(AND(S25="Detectivo",T25="Automático"),"40%",IF(AND(S25="Detectivo",T25="Manual"),"30%",IF(AND(S25="Correctivo",T25="Automático"),"35%",IF(AND(S25="Correctivo",T25="Manual"),"25%","")))))) | Y25: =IFERROR(IF(AND(R24="Probabilidad",R25="Probabilidad"),(AA24-(+AA24*U25)),IF(AND(R24="Impacto",R25="Probabilidad"),(AA23-(+AA23*U25)),IF(R25="Impacto",AA24,""))),"") | Z25: =IFERROR(IF(Y25="","",IF(Y25<=0.2,"Rara vez",IF(Y25<=0.4,"Improbable",IF(Y25<=0.6,"Posible",IF(Y25<=0.8,"Probable","Casi Seguro"))))),"") | AA25: =+Y25 | AB25: =IFERROR(IF(AC25="","",IF(AC25<=0.6,"Moderado",IF(AC25<=0.8,"Mayor","Catastrófico"))),"") | AC25: =IFERROR(IF(AND(R24="Impacto",R25="Impacto"),(AC24-(+AC24*U25)),IF(AND(R24="Probabilidad",R25="Impacto"),(AC23-(+AC23*U25)),IF(R25="Probabilidad",AC24,""))),"") | AD25: =IFERROR(IF(OR(AND(Z25="Muy Baja",AB25="Leve"),AND(Z25="Muy Baja",AB25="Menor"),AND(Z25="Baja",AB25="Leve")),"Bajo",IF(OR(AND(Z25="Muy baja",AB25="Moderado"),AND(Z25="Baja",AB25="Menor"),AND(Z25="Baja",AB25="Moderado"),AND(Z25="Media",AB25="Leve"),AND(Z25="Media",AB25="Menor"),AND(Z25="Media",AB25="Moderado"),AND(Z25="Alta",AB25="Leve"),AND(Z25="Alta",AB25="Menor")),"Moderado",IF(OR(AND(Z25="Muy Baja",AB25="Mayor"),AND(Z25="Baja",AB25="Mayor"),AND(Z25="Media",AB25="Mayor"),AND(Z25="Alta",AB25="Moderado"),AND(Z25="Alta",AB25="Mayor"),AND(Z25="Muy Alta",AB25="Leve"),AND(Z25="Muy Alta",AB25="Menor"),AND(Z25="Muy Alta",AB25="Moderado"),AND(Z25="Muy Alta",AB25="Mayor")),"Alto",IF(OR(AND(Z25="Muy Baja",AB25="Catastrófico"),AND(Z25="Baja",AB25="Catastrófico"),AND(Z25="Media",AB25="Catastrófico"),AND(Z25="Alta",AB25="Catastrófico"),AND(Z25="Muy Alta",AB25="Catastrófico")),"Extremo","")))),"")
B26: RC-TI-1 | C26: Tecnologías de la Información | D26: Posibilidad de recibir o solicitar cualquier dádiva o beneficio a nombre propio o de terceros, con el fin de dar uso indebido o ilícito de información confidencial, privilegiada o reservada relativa a los procesos que adelanta la SAE, así como de sus sistemas de información | E26: Riesgo de Corrupción | F26: No se tengan delimitados los permisos de usuarios en las plataformas tecnológicas Deficiencia en los módulos de auditoría de los sistemas de información. Existencia de vulnerabilidades de seguridad de la información en los sistemas de información Daños o fallas en los sistemas de información | G26: 1) Pérdida de imagen reputacional y credibilidad institucional 2) Implicaciones a nivel penal, disciplinario, fiscal o sancionatorio 3) Demandas de la ciudadanía | H26: No se ha presentado en los últimos 5 años | I26: =IF(H26<=0,"",IF(H26="No se ha presentado en los últimos 5 años","Rara vez",IF(H26="Al menos 1 vez en los últimos 5 años","Improbable",IF(H26="Al menos 1 vez en los últimos 2 años","Posible",IF(H26="Al menos 1 vez en el último año","Probable",IF(H26="Más de 1 vez al año","Casi Seguro")))))) -> Rara vez | J26: =IF(I26="","",IF(I26="Rara vez",0.2,IF(I26="Improbable",0.4,IF(I26="Posible",0.6,IF(I26="Probable",0.8,IF(I26="Casi Seguro",1,)))))) -> 0.2 | K26: Responder afirmativamente de DOCE a DIECINUEVE | L26: =IF(NOT(ISERROR(MATCH(K26,'Tabla Impacto'!$B$220:$B$222,0))),'Tabla Impacto'!$F$222&"Por favor no seleccionar los criterios de impacto(Criterios para calificar el impacto)",K26) -> Responder afirmativamente de DOCE a DIECINUEVE | M26: =IF(OR(L26='Tabla Impacto'!$C$5),"Moderado",IF(OR(L26='Tabla Impacto'!$C$6),"Mayor",IF(OR(L26='Tabla Impacto'!$C$7),"Catastrófico",""))) -> Catastrófico | N26: =IF(M26="","",IF(M26="Leve",0.2,IF(M26="Menor",0.4,IF(M26="Moderado",0.6,IF(M26="Mayor",0.8,IF(M26="Catastrófico",1,)))))) -> 1 | O26: =IF(OR(AND(I26="Rara vez",M26="Leve"),AND(I26="Rara vez",M26="Menor"),AND(I26="Improbable",M26="Leve")),"Bajo",IF(OR(AND(I26="Rara vez",M26="Moderado"),AND(I26="Improbable",M26="Menor"),AND(I26="Improbable",M26="Moderado"),AND(I26="Posible",M26="Leve"),AND(I26="Posible",M26="Menor"),AND(I26="Posible",M26="Moderado"),AND(I26="Probable",M26="Leve"),AND(I26="Probable",M26="Menor")),"Moderado",IF(OR(AND(I26="Rara vez",M26="Mayor"),AND(I26="Improbable",M26="Mayor"),AND(I26="Posible",M26="Mayor"),AND(I26="Probable",M26="Moderado"),AND(I26="Probable",M26="Mayor"),AND(I26="Casi Seguro",M26="Leve"),AND(I26="Casi Seguro",M26="Menor"),AND(I26="Casi Seguro",M26="Moderado"),AND(I26="Casi Seguro",M26="Mayor")),"Alto",IF(OR(AND(I26="Rara vez",M26="Catastrófico"),AND(I26="Improbable",M26="Catastrófico"),AND(I26="Posible",M26="Catastrófico"),AND(I26="Probable",M26="Catastrófico"),AND(I26="Casi Seguro",M26="Catastrófico")),"Extremo","")))) -> Extremo | P26: 1 | Q26: El Profesional Especializado III (Oficial de Seguridad) anualmente verifica el estado de avance de la implementación del Sistema de Gestión de Seguridad de la Información para garantizar el cumplimiento de la norma a través de la aplicación de la matriz de seguimiento a la ISO 27001. En caso de evidenciar el fortalecimiento documental de las políticas de accesibilidad y seguridad lo informa oportunamente a la Oficina de Planeación y Prospectiva. Como evidencia queda el instrumento de evaluación MSPI. | R26: =IF(OR(S26="Preventivo",S26="Detectivo"),"Probabilidad",IF(S26="Correctivo","Impacto","")) -> Probabilidad | S26: Detectivo | T26: Manual | U26: =IF(AND(S26="Preventivo",T26="Automático"),"50%",IF(AND(S26="Preventivo",T26="Manual"),"40%",IF(AND(S26="Detectivo",T26="Automático"),"40%",IF(AND(S26="Detectivo",T26="Manual"),"30%",IF(AND(S26="Correctivo",T26="Automático"),"35%",IF(AND(S26="Correctivo",T26="Manual"),"25%","")))))) -> 30% | V26: Documentado | W26: Continua | X26: Con Registro | Y26: =IFERROR(IF(R26="Probabilidad",(J26-(+J26*U26)),IF(R26="Impacto",J26,"")),"") -> 0.14 | Z26: =IFERROR(IF(Y26="","",IF(Y26<=0.2,"Rara vez",IF(Y26<=0.4,"Improbable",IF(Y26<=0.6,"Posible",IF(Y26<=0.8,"Probable","Casi Seguro"))))),"") -> Rara vez | AA26: =+Y26 -> 0.14 | AB26: =IFERROR(IF(AC26="","",IF(AC26<=0.6,"Moderado",IF(AC26<=0.8,"Mayor","Catastrófico"))),"") -> Catastrófico | AC26: =IFERROR(IF(R26="Impacto",(N26-(+N26*U26)),IF(R26="Probabilidad",N26,"")),"") -> 1 | AD26: =IFERROR(IF(OR(AND(Z26="Rara vez",AB26="Leve"),AND(Z26="Rara vez",AB26="Menor"),AND(Z26="Improbable",AB26="Leve")),"Bajo",IF(OR(AND(Z26="Rara vez",AB26="Moderado"),AND(Z26="Improbable",AB26="Menor"),AND(Z26="Improbable",AB26="Moderado"),AND(Z26="Posible",AB26="Leve"),AND(Z26="Posible",AB26="Menor"),AND(Z26="Posible",AB26="Moderado"),AND(Z26="Probable",AB26="Leve"),AND(Z26="Probable",AB26="Menor")),"Moderado",IF(OR(AND(Z26="Rara vez",AB26="Mayor"),AND(Z26="Improbable",AB26="Mayor"),AND(Z26="Posible",AB26="Mayor"),AND(Z26="Probable",AB26="Moderado"),AND(Z26="Probable",AB26="Mayor"),AND(Z26="Casi Seguro",AB26="Leve"),AND(Z26="Casi Seguro",AB26="Menor"),AND(Z26="Casi Seguro",AB26="Moderado"),AND(Z26="Casi Seguro",AB26="Mayor")),"Alto",IF(OR(AND(Z26="Rara vez",AB26="Catastrófico"),AND(Z26="Improbable",AB26="Catastrófico"),AND(Z26="Posible",AB26="Catastrófico"),AND(Z26="Probable",AB26="Catastrófico"),AND(Z26="Casi Seguro",AB26="Catastrófico")),"Extremo","")))),"") -> Extremo
L27: =IF(NOT(ISERROR(MATCH(K27,_xlfn.ANCHORARRAY(#REF!),0))),J36&"Por favor no seleccionar los criterios de impacto",K27) -> 0 | P27: 2 | Q27: El Equipo de seguridad de la información cada vez que recibe una solicitud asigna, modifica o inactiva los permisos de seguridad en los sistemas de información y/o herramientas a los perfiles de usuarios solicitados y aprobados por los lideres de procesos en la mesa de servicio y revisando que el formato de solicitud cumpla con los criterios requeridos, dejando registro de este control en la matriz de seguridad de usuarios y perfiles por aplicativo. En caso de existir alguna inconsistencia en la información, devuelve la solicitud hasta cumplir los requerimiento para brindar los permisos requeridos. Como evidencia queda el tablero de control de usuarios y perfiles. | R27: =IF(OR(S27="Preventivo",S27="Detectivo"),"Probabilidad",IF(S27="Correctivo","Impacto","")) -> Probabilidad | S27: Preventivo | T27: Manual | U27: =IF(AND(S27="Preventivo",T27="Automático"),"50%",IF(AND(S27="Preventivo",T27="Manual"),"40%",IF(AND(S27="Detectivo",T27="Automático"),"40%",IF(AND(S27="Detectivo",T27="Manual"),"30%",IF(AND(S27="Correctivo",T27="Automático"),"35%",IF(AND(S27="Correctivo",T27="Manual"),"25%","")))))) -> 40% | V27: Documentado | W27: Continua | X27: Con Registro | Y27: =IFERROR(IF(AND(R26="Probabilidad",R27="Probabilidad"),(AA26-(+AA26*U27)),IF(R27="Probabilidad",(J26-(+J26*U27)),IF(R27="Impacto",AA26,""))),"") -> 0.084 | Z27: =IFERROR(IF(Y27="","",IF(Y27<=0.2,"Rara vez",IF(Y27<=0.4,"Improbable",IF(Y27<=0.6,"Posible",IF(Y27<=0.8,"Probable","Casi Seguro"))))),"") -> Rara vez | AA27: =+Y27 -> 0.084 | AB27: =IFERROR(IF(AC27="","",IF(AC27<=0.6,"Moderado",IF(AC27<=0.8,"Mayor","Catastrófico"))),"") -> Catastrófico | AC27: =IFERROR(IF(AND(R26="Impacto",R27="Impacto"),(AC26-(+AC26*U27)),IF(R27="Impacto",(N26-(+N26*U27)),IF(R27="Probabilidad",AC26,""))),"") -> 1 | AD27: =IFERROR(IF(OR(AND(Z27="Rara vez",AB27="Leve"),AND(Z27="Rara vez",AB27="Menor"),AND(Z27="Improbable",AB27="Leve")),"Bajo",IF(OR(AND(Z27="Rara vez",AB27="Moderado"),AND(Z27="Improbable",AB27="Menor"),AND(Z27="Improbable",AB27="Moderado"),AND(Z27="Posible",AB27="Leve"),AND(Z27="Posible",AB27="Menor"),AND(Z27="Posible",AB27="Moderado"),AND(Z27="Probable",AB27="Leve"),AND(Z27="Probable",AB27="Menor")),"Moderado",IF(OR(AND(Z27="Rara vez",AB27="Mayor"),AND(Z27="Improbable",AB27="Mayor"),AND(Z27="Posible",AB27="Mayor"),AND(Z27="Probable",AB27="Moderado"),AND(Z27="Probable",AB27="Mayor"),AND(Z27="Casi Seguro",AB27="Leve"),AND(Z27="Casi Seguro",AB27="Menor"),AND(Z27="Casi Seguro",AB27="Moderado"),AND(Z27="Casi Seguro",AB27="Mayor")),"Alto",IF(OR(AND(Z27="Rara vez",AB27="Catastrófico"),AND(Z27="Improbable",AB27="Catastrófico"),AND(Z27="Posible",AB27="Catastrófico"),AND(Z27="Probable",AB27="Catastrófico"),AND(Z27="Casi Seguro",AB27="Catastrófico")),"Extremo","")))),"") -> Extremo
L28: =IF(NOT(ISERROR(MATCH(K28,_xlfn.ANCHORARRAY(#REF!),0))),J37&"Por favor no seleccionar los criterios de impacto",K28) -> 0 | P28: 3 | Q28: La Plataforma de seguridad de la Información diariamente genera alertas de patrones de acceso inusuales, ataques de fuerza bruta, debilidad en las características de acceso y/o comportamientos inusuales en los accesos de los usuarios a la plataforma tecnológica con el fin de evitar accesos no autorizados o fuga de información. Como evidencia queda reporte de alerta de acceso de usuarios. | R28: =IF(OR(S28="Preventivo",S28="Detectivo"),"Probabilidad",IF(S28="Correctivo","Impacto","")) -> Probabilidad | S28: Detectivo | T28: Manual | U28: =IF(AND(S28="Preventivo",T28="Automático"),"50%",IF(AND(S28="Preventivo",T28="Manual"),"40%",IF(AND(S28="Detectivo",T28="Automático"),"40%",IF(AND(S28="Detectivo",T28="Manual"),"30%",IF(AND(S28="Correctivo",T28="Automático"),"35%",IF(AND(S28="Correctivo",T28="Manual"),"25%","")))))) -> 30% | V28: Documentado | W28: Continua | X28: Con Registro | Y28: =IFERROR(IF(AND(R27="Probabilidad",R28="Probabilidad"),(AA27-(+AA27*U28)),IF(AND(R27="Impacto",R28="Probabilidad"),(AA26-(+AA26*U28)),IF(R28="Impacto",AA27,""))),"") -> 0.0588 | Z28: =IFERROR(IF(Y28="","",IF(Y28<=0.2,"Rara vez",IF(Y28<=0.4,"Improbable",IF(Y28<=0.6,"Posible",IF(Y28<=0.8,"Probable","Casi Seguro"))))),"") -> Rara vez | AA28: =+Y28 -> 0.0588 | AB28: =IFERROR(IF(AC28="","",IF(AC28<=0.6,"Moderado",IF(AC28<=0.8,"Mayor","Catastrófico"))),"") -> Catastrófico | AC28: =IFERROR(IF(AND(R27="Impacto",R28="Impacto"),(AC27-(+AC27*U28)),IF(AND(R27="Probabilidad",R28="Impacto"),(AC26-(+AC26*U28)),IF(R28="Probabilidad",AC27,""))),"") -> 1 | AD28: =IFERROR(IF(OR(AND(Z28="Rara vez",AB28="Leve"),AND(Z28="Rara vez",AB28="Menor"),AND(Z28="Improbable",AB28="Leve")),"Bajo",IF(OR(AND(Z28="Rara vez",AB28="Moderado"),AND(Z28="Improbable",AB28="Menor"),AND(Z28="Improbable",AB28="Moderado"),AND(Z28="Posible",AB28="Leve"),AND(Z28="Posible",AB28="Menor"),AND(Z28="Posible",AB28="Moderado"),AND(Z28="Probable",AB28="Leve"),AND(Z28="Probable",AB28="Menor")),"Moderado",IF(OR(AND(Z28="Rara vez",AB28="Mayor"),AND(Z28="Improbable",AB28="Mayor"),AND(Z28="Posible",AB28="Mayor"),AND(Z28="Probable",AB28="Moderado"),AND(Z28="Probable",AB28="Mayor"),AND(Z28="Casi Seguro",AB28="Leve"),AND(Z28="Casi Seguro",AB28="Menor"),AND(Z28="Casi Seguro",AB28="Moderado"),AND(Z28="Casi Seguro",AB28="Mayor")),"Alto",IF(OR(AND(Z28="Rara vez",AB28="Catastrófico"),AND(Z28="Improbable",AB28="Catastrófico"),AND(Z28="Posible",AB28="Catastrófico"),AND(Z28="Probable",AB28="Catastrófico"),AND(Z28="Casi Seguro",AB28="Catastrófico")),"Extremo","")))),"") -> Extremo
L29: =IF(NOT(ISERROR(MATCH(K29,_xlfn.ANCHORARRAY(G36),0))),J38&"Por favor no seleccionar los criterios de impacto",K29) -> 0 | P29: 4 | Q29: El profesional de la OTI cada vez que se recibe una solicitud de inactivación temporal o permanente de un usuario procede con la inactivación del mismo en cada sistema de información y/o herramienta al cual tiene acceso. Como evidencia queda el tablero de control y el registro en la mesa de servicios. | R29: Probabilidad | S29: Preventivo | T29: Manual | U29: =IF(AND(S29="Preventivo",T29="Automático"),"50%",IF(AND(S29="Preventivo",T29="Manual"),"40%",IF(AND(S29="Detectivo",T29="Automático"),"40%",IF(AND(S29="Detectivo",T29="Manual"),"30%",IF(AND(S29="Correctivo",T29="Automático"),"35%",IF(AND(S29="Correctivo",T29="Manual"),"25%","")))))) -> 40% | V29: Documentado | W29: Continua | X29: Con Registro | Y29: =IFERROR(IF(AND(R28="Probabilidad",R29="Probabilidad"),(AA28-(+AA28*U29)),IF(AND(R28="Impacto",R29="Probabilidad"),(AA27-(+AA27*U29)),IF(R29="Impacto",AA28,""))),"") -> 0.03528 | Z29: Rara vez | AA29: =+Y29 -> 0.03528 | AB29: =IFERROR(IF(AC29="","",IF(AC29<=0.2,"Leve",IF(AC29<=0.4,"Menor",IF(AC29<=0.6,"Moderado",IF(AC29<=0.8,"Mayor","Catastrófico"))))),"") -> Catastrófico | AC29: =IFERROR(IF(AND(R28="Impacto",R29="Impacto"),(AC28-(+AC28*U29)),IF(AND(R28="Probabilidad",R29="Impacto"),(AC27-(+AC27*U29)),IF(R29="Probabilidad",AC28,""))),"") -> 1 | AD29: =IFERROR(IF(OR(AND(Z29="Rara vez",AB29="Leve"),AND(Z29="Rara vez",AB29="Menor"),AND(Z29="Improbable",AB29="Leve")),"Bajo",IF(OR(AND(Z29="Rara vez",AB29="Moderado"),AND(Z29="Improbable",AB29="Menor"),AND(Z29="Improbable",AB29="Moderado"),AND(Z29="Posible",AB29="Leve"),AND(Z29="Posible",AB29="Menor"),AND(Z29="Posible",AB29="Moderado"),AND(Z29="Probable",AB29="Leve"),AND(Z29="Probable",AB29="Menor")),"Moderado",IF(OR(AND(Z29="Rara vez",AB29="Mayor"),AND(Z29="Improbable",AB29="Mayor"),AND(Z29="Posible",AB29="Mayor"),AND(Z29="Probable",AB29="Moderado"),AND(Z29="Probable",AB29="Mayor"),AND(Z29="Casi Seguro",AB29="Leve"),AND(Z29="Casi Seguro",AB29="Menor"),AND(Z29="Casi Seguro",AB29="Moderado"),AND(Z29="Casi Seguro",AB29="Mayor")),"Alto",IF(OR(AND(Z29="Rara vez",AB29="Catastrófico"),AND(Z29="Improbable",AB29="Catastrófico"),AND(Z29="Posible",AB29="Catastrófico"),AND(Z29="Probable",AB29="Catastrófico"),AND(Z29="Casi Seguro",AB29="Catastrófico")),"Extremo","")))),"") -> Extremo
L30: =IF(NOT(ISERROR(MATCH(K30,_xlfn.ANCHORARRAY(G37),0))),J39&"Por favor no seleccionar los criterios de impacto",K30) -> 0 | P30: 5 | Q30: El profesional de la OTI en caso de materialización del riesgo lo reportara a la OIAC y Talento Humano con el fin de adoptar las medidas correctivas y/o sancionatorias. Como evidencia queda el reporte de materialización del riesgo. | R30: Impacto | S30: Correctivo | T30: Manual | U30: =IF(AND(S30="Preventivo",T30="Automático"),"50%",IF(AND(S30="Preventivo",T30="Manual"),"40%",IF(AND(S30="Detectivo",T30="Automático"),"40%",IF(AND(S30="Detectivo",T30="Manual"),"30%",IF(AND(S30="Correctivo",T30="Automático"),"35%",IF(AND(S30="Correctivo",T30="Manual"),"25%","")))))) -> 25% | V30: Documentado | W30: Continua | X30: Con Registro | Y30: =IFERROR(IF(AND(R29="Probabilidad",R30="Probabilidad"),(AA29-(+AA29*U30)),IF(AND(R29="Impacto",R30="Probabilidad"),(AA28-(+AA28*U30)),IF(R30="Impacto",AA29,""))),"") -> 0.03528 | Z30: =IFERROR(IF(Y30="","",IF(Y30<=0.2,"Rara vez",IF(Y30<=0.4,"Improbable",IF(Y30<=0.6,"Posible",IF(Y30<=0.8,"Probable","Casi Seguro"))))),"") -> Rara vez | AA30: =+Y30 -> 0.03528 | AB30: =IFERROR(IF(AC30="","",IF(AC30<=0.6,"Moderado",IF(AC30<=0.8,"Mayor","Catastrófico"))),"") -> Mayor | AC30: =IFERROR(IF(AND(R29="Impacto",R30="Impacto"),(AC29-(+AC29*U30)),IF(AND(R29="Probabilidad",R30="Impacto"),(AC28-(+AC28*U30)),IF(R30="Probabilidad",AC29,""))),"") -> 0.75 | AD30: =IFERROR(IF(OR(AND(Z30="Rara vez",AB30="Leve"),AND(Z30="Rara vez",AB30="Menor"),AND(Z30="Improbable",AB30="Leve")),"Bajo",IF(OR(AND(Z30="Rara vez",AB30="Moderado"),AND(Z30="Improbable",AB30="Menor"),AND(Z30="Improbable",AB30="Moderado"),AND(Z30="Posible",AB30="Leve"),AND(Z30="Posible",AB30="Menor"),AND(Z30="Posible",AB30="Moderado"),AND(Z30="Probable",AB30="Leve"),AND(Z30="Probable",AB30="Menor")),"Moderado",IF(OR(AND(Z30="Rara vez",AB30="Mayor"),AND(Z30="Improbable",AB30="Mayor"),AND(Z30="Posible",AB30="Mayor"),AND(Z30="Probable",AB30="Moderado"),AND(Z30="Probable",AB30="Mayor"),AND(Z30="Casi Seguro",AB30="Leve"),AND(Z30="Casi Seguro",AB30="Menor"),AND(Z30="Casi Seguro",AB30="Moderado"),AND(Z30="Casi Seguro",AB30="Mayor")),"Alto",IF(OR(AND(Z30="Rara vez",AB30="Catastrófico"),AND(Z30="Improbable",AB30="Catastrófico"),AND(Z30="Posible",AB30="Catastrófico"),AND(Z30="Probable",AB30="Catastrófico"),AND(Z30="Casi Seguro",AB30="Catastrófico")),"Extremo","")))),"") -> Alto | AE30: Reducir (mitigar) | AF30: Realizar capacitaciones periódicas por seguridad de información | AG30: Jefe de la OTI y el profesional delegado de seguridad de la información. | AH30: 46022 | AK30: En curso
L31: =IF(NOT(ISERROR(MATCH(K31,_xlfn.ANCHORARRAY(G38),0))),J40&"Por favor no seleccionar los criterios de impacto",K31) -> 0 | P31: 6 | R31: =IF(OR(S31="Preventivo",S31="Detectivo"),"Probabilidad",IF(S31="Correctivo","Impacto","")) | U31: =IF(AND(S31="Preventivo",T31="Automático"),"50%",IF(AND(S31="Preventivo",T31="Manual"),"40%",IF(AND(S31="Detectivo",T31="Automático"),"40%",IF(AND(S31="Detectivo",T31="Manual"),"30%",IF(AND(S31="Correctivo",T31="Automático"),"35%",IF(AND(S31="Correctivo",T31="Manual"),"25%","")))))) | Y31: =IFERROR(IF(AND(R30="Probabilidad",R31="Probabilidad"),(AA30-(+AA30*U31)),IF(AND(R30="Impacto",R31="Probabilidad"),(AA29-(+AA29*U31)),IF(R31="Impacto",AA30,""))),"") | Z31: =IFERROR(IF(Y31="","",IF(Y31<=0.2,"Rara vez",IF(Y31<=0.4,"Improbable",IF(Y31<=0.6,"Posible",IF(Y31<=0.8,"Probable","Casi Seguro"))))),"") | AA31: =+Y31 | AB31: =IFERROR(IF(AC31="","",IF(AC31<=0.6,"Moderado",IF(AC31<=0.8,"Mayor","Catastrófico"))),"") | AC31: =IFERROR(IF(AND(R30="Impacto",R31="Impacto"),(AC30-(+AC30*U31)),IF(AND(R30="Probabilidad",R31="Impacto"),(AC29-(+AC29*U31)),IF(R31="Probabilidad",AC30,""))),"") | AD31: =IFERROR(IF(OR(AND(Z31="Muy Baja",AB31="Leve"),AND(Z31="Muy Baja",AB31="Menor"),AND(Z31="Baja",AB31="Leve")),"Bajo",IF(OR(AND(Z31="Muy baja",AB31="Moderado"),AND(Z31="Baja",AB31="Menor"),AND(Z31="Baja",AB31="Moderado"),AND(Z31="Media",AB31="Leve"),AND(Z31="Media",AB31="Menor"),AND(Z31="Media",AB31="Moderado"),AND(Z31="Alta",AB31="Leve"),AND(Z31="Alta",AB31="Menor")),"Moderado",IF(OR(AND(Z31="Muy Baja",AB31="Mayor"),AND(Z31="Baja",AB31="Mayor"),AND(Z31="Media",AB31="Mayor"),AND(Z31="Alta",AB31="Moderado"),AND(Z31="Alta",AB31="Mayor"),AND(Z31="Muy Alta",AB31="Leve"),AND(Z31="Muy Alta",AB31="Menor"),AND(Z31="Muy Alta",AB31="Moderado"),AND(Z31="Muy Alta",AB31="Mayor")),"Alto",IF(OR(AND(Z31="Muy Baja",AB31="Catastrófico"),AND(Z31="Baja",AB31="Catastrófico"),AND(Z31="Media",AB31="Catastrófico"),AND(Z31="Alta",AB31="Catastrófico"),AND(Z31="Muy Alta",AB31="Catastrófico")),"Extremo","")))),"")
B32: RC-GTH-2 | C32: Gestión de Talento Humano | D32: Posibilidad de recibir o solicitar cualquier dádiva o beneficio a nombre propio o de tercero, con el fin de desviar recursos de nómina para beneficiar a un tercero. | E32: Riesgo de Corrupción | F32: Falta de ética profesional Falta de control del proceso | G32: Investigaciones penales o disciplinarias Pérdida de recursos de la Entidad | H32: No se ha presentado en los últimos 5 años | I32: =IF(H32<=0,"",IF(H32="No se ha presentado en los últimos 5 años","Rara vez",IF(H32="Al menos 1 vez en los últimos 5 años","Improbable",IF(H32="Al menos 1 vez en los últimos 2 años","Posible",IF(H32="Al menos 1 vez en el último año","Probable",IF(H32="Más de 1 vez al año","Casi Seguro")))))) -> Rara vez | J32: =IF(I32="","",IF(I32="Rara vez",0.2,IF(I32="Improbable",0.4,IF(I32="Posible",0.6,IF(I32="Probable",0.8,IF(I32="Casi Seguro",1,)))))) -> 0.2 | K32: Responder afirmativamente de DOCE a DIECINUEVE | L32: =IF(NOT(ISERROR(MATCH(K32,'Tabla Impacto'!$B$220:$B$222,0))),'Tabla Impacto'!$F$222&"Por favor no seleccionar los criterios de impacto(Criterios para calificar el impacto)",K32) -> Responder afirmativamente de DOCE a DIECINUEVE | M32: =IF(OR(L32='Tabla Impacto'!$C$5),"Moderado",IF(OR(L32='Tabla Impacto'!$C$6),"Mayor",IF(OR(L32='Tabla Impacto'!$C$7),"Catastrófico",""))) -> Catastrófico | N32: =IF(M32="","",IF(M32="Leve",0.2,IF(M32="Menor",0.4,IF(M32="Moderado",0.6,IF(M32="Mayor",0.8,IF(M32="Catastrófico",1,)))))) -> 1 | O32: =IF(OR(AND(I32="Rara vez",M32="Leve"),AND(I32="Rara vez",M32="Menor"),AND(I32="Improbable",M32="Leve")),"Bajo",IF(OR(AND(I32="Rara vez",M32="Moderado"),AND(I32="Improbable",M32="Menor"),AND(I32="Improbable",M32="Moderado"),AND(I32="Posible",M32="Leve"),AND(I32="Posible",M32="Menor"),AND(I32="Posible",M32="Moderado"),AND(I32="Probable",M32="Leve"),AND(I32="Probable",M32="Menor")),"Moderado",IF(OR(AND(I32="Rara vez",M32="Mayor"),AND(I32="Improbable",M32="Mayor"),AND(I32="Posible",M32="Mayor"),AND(I32="Probable",M32="Moderado"),AND(I32="Probable",M32="Mayor"),AND(I32="Casi Seguro",M32="Leve"),AND(I32="Casi Seguro",M32="Menor"),AND(I32="Casi Seguro",M32="Moderado"),AND(I32="Casi Seguro",M32="Mayor")),"Alto",IF(OR(AND(I32="Rara vez",M32="Catastrófico"),AND(I32="Improbable",M32="Catastrófico"),AND(I32="Posible",M32="Catastrófico"),AND(I32="Probable",M32="Catastrófico"),AND(I32="Casi Seguro",M32="Catastrófico")),"Extremo","")))) -> Extremo | P32: 1 | Q32: El profesional delegado de la Dirección de Talento Humano cada vez que realiza la parametrización de la plataforma kactus verifica que sea acorde a los manuales establecidos. El control queda sin evidencia ya que la verificación se realiza en el sistema de información. | R32: =IF(OR(S32="Preventivo",S32="Detectivo"),"Probabilidad",IF(S32="Correctivo","Impacto","")) -> Probabilidad | S32: Preventivo | T32: Manual | U32: =IF(AND(S32="Preventivo",T32="Automático"),"50%",IF(AND(S32="Preventivo",T32="Manual"),"40%",IF(AND(S32="Detectivo",T32="Automático"),"40%",IF(AND(S32="Detectivo",T32="Manual"),"30%",IF(AND(S32="Correctivo",T32="Automático"),"35%",IF(AND(S32="Correctivo",T32="Manual"),"25%","")))))) -> 40% | V32: Documentado | W32: Continua | X32: Sin Registro | Y32: =IFERROR(IF(R32="Probabilidad",(J32-(+J32*U32)),IF(R32="Impacto",J32,"")),"") -> 0.12 | Z32: =IFERROR(IF(Y32="","",IF(Y32<=0.2,"Rara vez",IF(Y32<=0.4,"Improbable",IF(Y32<=0.6,"Posible",IF(Y32<=0.8,"Probable","Casi Seguro"))))),"") -> Rara vez | AA32: =+Y32 -> 0.12 | AB32: =IFERROR(IF(AC32="","",IF(AC32<=0.6,"Moderado",IF(AC32<=0.8,"Mayor","Catastrófico"))),"") -> Catastrófico | AC32: =IFERROR(IF(R32="Impacto",(N32-(+N32*U32)),IF(R32="Probabilidad",N32,"")),"") -> 1 | AD32: =IFERROR(IF(OR(AND(Z32="Rara vez",AB32="Leve"),AND(Z32="Rara vez",AB32="Menor"),AND(Z32="Improbable",AB32="Leve")),"Bajo",IF(OR(AND(Z32="Rara vez",AB32="Moderado"),AND(Z32="Improbable",AB32="Menor"),AND(Z32="Improbable",AB32="Moderado"),AND(Z32="Posible",AB32="Leve"),AND(Z32="Posible",AB32="Menor"),AND(Z32="Posible",AB32="Moderado"),AND(Z32="Probable",AB32="Leve"),AND(Z32="Probable",AB32="Menor")),"Moderado",IF(OR(AND(Z32="Rara vez",AB32="Mayor"),AND(Z32="Improbable",AB32="Mayor"),AND(Z32="Posible",AB32="Mayor"),AND(Z32="Probable",AB32="Moderado"),AND(Z32="Probable",AB32="Mayor"),AND(Z32="Casi Seguro",AB32="Leve"),AND(Z32="Casi Seguro",AB32="Menor"),AND(Z32="Casi Seguro",AB32="Moderado"),AND(Z32="Casi Seguro",AB32="Mayor")),"Alto",IF(OR(AND(Z32="Rara vez",AB32="Catastrófico"),AND(Z32="Improbable",AB32="Catastrófico"),AND(Z32="Posible",AB32="Catastrófico"),AND(Z32="Probable",AB32="Catastrófico"),AND(Z32="Casi Seguro",AB32="Catastrófico")),"Extremo","")))),"") -> Extremo
L33: =IF(NOT(ISERROR(MATCH(K33,_xlfn.ANCHORARRAY(G42),0))),J44&"Por favor no seleccionar los criterios de impacto",K33) -> 0 | P33: 2 | Q33: La plataforma Kactus cada vez que realizar un pago de nómina valida la planta activa del personal, con el fin de evitar que se realicen pagos a personas que no se encuentren vinculadas a la entidad. Control sin evidencia ya que lo realiza el aplicativo. Documentado en los manuales funcionales de la herramienta. | R33: =IF(OR(S33="Preventivo",S33="Detectivo"),"Probabilidad",IF(S33="Correctivo","Impacto","")) -> Probabilidad | S33: Detectivo | T33: Manual | U33: =IF(AND(S33="Preventivo",T33="Automático"),"50%",IF(AND(S33="Preventivo",T33="Manual"),"40%",IF(AND(S33="Detectivo",T33="Automático"),"40%",IF(AND(S33="Detectivo",T33="Manual"),"30%",IF(AND(S33="Correctivo",T33="Automático"),"35%",IF(AND(S33="Correctivo",T33="Manual"),"25%","")))))) -> 30% | V33: Documentado | W33: Continua | X33: Sin Registro | Y33: =IFERROR(IF(AND(R32="Probabilidad",R33="Probabilidad"),(AA32-(+AA32*U33)),IF(R33="Probabilidad",(J32-(+J32*U33)),IF(R33="Impacto",AA32,""))),"") -> 0.084 | Z33: =IFERROR(IF(Y33="","",IF(Y33<=0.2,"Rara vez",IF(Y33<=0.4,"Improbable",IF(Y33<=0.6,"Posible",IF(Y33<=0.8,"Probable","Casi Seguro"))))),"") -> Rara vez | AA33: =+Y33 -> 0.084 | AB33: =IFERROR(IF(AC33="","",IF(AC33<=0.6,"Moderado",IF(AC33<=0.8,"Mayor","Catastrófico"))),"") -> Catastrófico | AC33: =IFERROR(IF(AND(R32="Impacto",R33="Impacto"),(AC32-(+AC32*U33)),IF(R33="Impacto",(N32-(+N32*U33)),IF(R33="Probabilidad",AC32,""))),"") -> 1 | AD33: =IFERROR(IF(OR(AND(Z33="Rara vez",AB33="Leve"),AND(Z33="Rara vez",AB33="Menor"),AND(Z33="Improbable",AB33="Leve")),"Bajo",IF(OR(AND(Z33="Rara vez",AB33="Moderado"),AND(Z33="Improbable",AB33="Menor"),AND(Z33="Improbable",AB33="Moderado"),AND(Z33="Posible",AB33="Leve"),AND(Z33="Posible",AB33="Menor"),AND(Z33="Posible",AB33="Moderado"),AND(Z33="Probable",AB33="Leve"),AND(Z33="Probable",AB33="Menor")),"Moderado",IF(OR(AND(Z33="Rara vez",AB33="Mayor"),AND(Z33="Improbable",AB33="Mayor"),AND(Z33="Posible",AB33="Mayor"),AND(Z33="Probable",AB33="Moderado"),AND(Z33="Probable",AB33="Mayor"),AND(Z33="Casi Seguro",AB33="Leve"),AND(Z33="Casi Seguro",AB33="Menor"),AND(Z33="Casi Seguro",AB33="Moderado"),AND(Z33="Casi Seguro",AB33="Mayor")),"Alto",IF(OR(AND(Z33="Rara vez",AB33="Catastrófico"),AND(Z33="Improbable",AB33="Catastrófico"),AND(Z33="Posible",AB33="Catastrófico"),AND(Z33="Probable",AB33="Catastrófico"),AND(Z33="Casi Seguro",AB33="Catastrófico")),"Extremo","")))),"") -> Extremo
L34: =IF(NOT(ISERROR(MATCH(K34,_xlfn.ANCHORARRAY(G43),0))),J45&"Por favor no seleccionar los criterios de impacto",K34) -> 0 | P34: 3 | Q34: La plataforma Kactus cada vez que realizar un pago de nómina genera directamente el archivo plano para subir a la plataforma del banco o entidad donde se va a realizar el pago. Control sin evidencia ya que lo realiza el aplicativo. Documentado en los manuales funcionales de la herramienta. | R34: =IF(OR(S34="Preventivo",S34="Detectivo"),"Probabilidad",IF(S34="Correctivo","Impacto","")) -> Probabilidad | S34: Detectivo | T34: Manual | U34: =IF(AND(S34="Preventivo",T34="Automático"),"50%",IF(AND(S34="Preventivo",T34="Manual"),"40%",IF(AND(S34="Detectivo",T34="Automático"),"40%",IF(AND(S34="Detectivo",T34="Manual"),"30%",IF(AND(S34="Correctivo",T34="Automático"),"35%",IF(AND(S34="Correctivo",T34="Manual"),"25%","")))))) -> 30% | V34: Documentado | W34: Continua | X34: Sin Registro | Y34: =IFERROR(IF(AND(R33="Probabilidad",R34="Probabilidad"),(AA33-(+AA33*U34)),IF(AND(R33="Impacto",R34="Probabilidad"),(AA32-(+AA32*U34)),IF(R34="Impacto",AA33,""))),"") -> 0.0588 | Z34: =IFERROR(IF(Y34="","",IF(Y34<=0.2,"Rara vez",IF(Y34<=0.4,"Improbable",IF(Y34<=0.6,"Posible",IF(Y34<=0.8,"Probable","Casi Seguro"))))),"") -> Rara vez | AA34: =+Y34 -> 0.0588 | AB34: =IFERROR(IF(AC34="","",IF(AC34<=0.6,"Moderado",IF(AC34<=0.8,"Mayor","Catastrófico"))),"") -> Catastrófico | AC34: =IFERROR(IF(AND(R33="Impacto",R34="Impacto"),(AC33-(+AC33*U34)),IF(AND(R33="Probabilidad",R34="Impacto"),(AC32-(+AC32*U34)),IF(R34="Probabilidad",AC33,""))),"") -> 1 | AD34: =IFERROR(IF(OR(AND(Z34="Rara vez",AB34="Leve"),AND(Z34="Rara vez",AB34="Menor"),AND(Z34="Improbable",AB34="Leve")),"Bajo",IF(OR(AND(Z34="Rara vez",AB34="Moderado"),AND(Z34="Improbable",AB34="Menor"),AND(Z34="Improbable",AB34="Moderado"),AND(Z34="Posible",AB34="Leve"),AND(Z34="Posible",AB34="Menor"),AND(Z34="Posible",AB34="Moderado"),AND(Z34="Probable",AB34="Leve"),AND(Z34="Probable",AB34="Menor")),"Moderado",IF(OR(AND(Z34="Rara vez",AB34="Mayor"),AND(Z34="Improbable",AB34="Mayor"),AND(Z34="Posible",AB34="Mayor"),AND(Z34="Probable",AB34="Moderado"),AND(Z34="Probable",AB34="Mayor"),AND(Z34="Casi Seguro",AB34="Leve"),AND(Z34="Casi Seguro",AB34="Menor"),AND(Z34="Casi Seguro",AB34="Moderado"),AND(Z34="Casi Seguro",AB34="Mayor")),"Alto",IF(OR(AND(Z34="Rara vez",AB34="Catastrófico"),AND(Z34="Improbable",AB34="Catastrófico"),AND(Z34="Posible",AB34="Catastrófico"),AND(Z34="Probable",AB34="Catastrófico"),AND(Z34="Casi Seguro",AB34="Catastrófico")),"Extremo","")))),"") -> Extremo
L35: =IF(NOT(ISERROR(MATCH(K35,_xlfn.ANCHORARRAY(G44),0))),J46&"Por favor no seleccionar los criterios de impacto",K35) -> 0 | P35: 4 | Q35: El profesional delegado de la Dirección de Talento Humano en caso de detectar un pago inconsistente en beneficio de un tercero inicia el proceso de devolución con el objetivo de que la entidad pueda recuperar los recursos. Como evidencia quedaría la solicitud realizada por correos. | R35: =IF(OR(S35="Preventivo",S35="Detectivo"),"Probabilidad",IF(S35="Correctivo","Impacto","")) -> Impacto | S35: Correctivo | T35: Manual | U35: =IF(AND(S35="Preventivo",T35="Automático"),"50%",IF(AND(S35="Preventivo",T35="Manual"),"40%",IF(AND(S35="Detectivo",T35="Automático"),"40%",IF(AND(S35="Detectivo",T35="Manual"),"30%",IF(AND(S35="Correctivo",T35="Automático"),"35%",IF(AND(S35="Correctivo",T35="Manual"),"25%","")))))) -> 25% | V35: Documentado | W35: Continua | X35: Con Registro | Y35: =IFERROR(IF(AND(R34="Probabilidad",R35="Probabilidad"),(AA34-(+AA34*U35)),IF(AND(R34="Impacto",R35="Probabilidad"),(AA33-(+AA33*U35)),IF(R35="Impacto",AA34,""))),"") -> 0.0588 | Z35: Rara vez | AA35: =+Y35 -> 0.0588 | AB35: =IFERROR(IF(AC35="","",IF(AC35<=0.2,"Leve",IF(AC35<=0.4,"Menor",IF(AC35<=0.6,"Moderado",IF(AC35<=0.8,"Mayor","Catastrófico"))))),"") -> Mayor | AC35: =IFERROR(IF(AND(R34="Impacto",R35="Impacto"),(AC34-(+AC34*U35)),IF(AND(R34="Probabilidad",R35="Impacto"),(AC33-(+AC33*U35)),IF(R35="Probabilidad",AC34,""))),"") -> 0.75 | AD35: =IFERROR(IF(OR(AND(Z35="Rara vez",AB35="Leve"),AND(Z35="Rara vez",AB35="Menor"),AND(Z35="Improbable",AB35="Leve")),"Bajo",IF(OR(AND(Z35="Rara vez",AB35="Moderado"),AND(Z35="Improbable",AB35="Menor"),AND(Z35="Improbable",AB35="Moderado"),AND(Z35="Posible",AB35="Leve"),AND(Z35="Posible",AB35="Menor"),AND(Z35="Posible",AB35="Moderado"),AND(Z35="Probable",AB35="Leve"),AND(Z35="Probable",AB35="Menor")),"Moderado",IF(OR(AND(Z35="Rara vez",AB35="Mayor"),AND(Z35="Improbable",AB35="Mayor"),AND(Z35="Posible",AB35="Mayor"),AND(Z35="Probable",AB35="Moderado"),AND(Z35="Probable",AB35="Mayor"),AND(Z35="Casi Seguro",AB35="Leve"),AND(Z35="Casi Seguro",AB35="Menor"),AND(Z35="Casi Seguro",AB35="Moderado"),AND(Z35="Casi Seguro",AB35="Mayor")),"Alto",IF(OR(AND(Z35="Rara vez",AB35="Catastrófico"),AND(Z35="Improbable",AB35="Catastrófico"),AND(Z35="Posible",AB35="Catastrófico"),AND(Z35="Probable",AB35="Catastrófico"),AND(Z35="Casi Seguro",AB35="Catastrófico")),"Extremo","")))),"") -> Alto
B36: RC-GTH-3 | C36: Gestión de Talento Humano | D36: Posibilidad de vincular un trabajador sin someterse al procedimiento de selección con el propósito de favorecer a un familiar, amigo o algún funcionario de la empresa | E36: Riesgo de Corrupción | F36: Falta de ética profesional Falta de control del proceso | G36: Investigaciones penales o disciplinarias Pérdida de recursos de la Entidad | H36: No se ha presentado en los últimos 5 años | I36: =IF(H36<=0,"",IF(H36="No se ha presentado en los últimos 5 años","Rara vez",IF(H36="Al menos 1 vez en los últimos 5 años","Improbable",IF(H36="Al menos 1 vez en los últimos 2 años","Posible",IF(H36="Al menos 1 vez en el último año","Probable",IF(H36="Más de 1 vez al año","Casi Seguro")))))) -> Rara vez | J36: =IF(I36="","",IF(I36="Rara vez",0.2,IF(I36="Improbable",0.4,IF(I36="Posible",0.6,IF(I36="Probable",0.8,IF(I36="Casi Seguro",1,)))))) -> 0.2 | K36: Responder afirmativamente de DOCE a DIECINUEVE | L36: =IF(NOT(ISERROR(MATCH(K36,'Tabla Impacto'!$B$220:$B$222,0))),'Tabla Impacto'!$F$222&"Por favor no seleccionar los criterios de impacto(Criterios para calificar el impacto)",K36) -> Responder afirmativamente de DOCE a DIECINUEVE | M36: =IF(OR(L36='Tabla Impacto'!$C$5),"Moderado",IF(OR(L36='Tabla Impacto'!$C$6),"Mayor",IF(OR(L36='Tabla Impacto'!$C$7),"Catastrófico",""))) -> Catastrófico | N36: =IF(M36="","",IF(M36="Leve",0.2,IF(M36="Menor",0.4,IF(M36="Moderado",0.6,IF(M36="Mayor",0.8,IF(M36="Catastrófico",1,)))))) -> 1 | O36: =IF(OR(AND(I36="Rara vez",M36="Leve"),AND(I36="Rara vez",M36="Menor"),AND(I36="Improbable",M36="Leve")),"Bajo",IF(OR(AND(I36="Rara vez",M36="Moderado"),AND(I36="Improbable",M36="Menor"),AND(I36="Improbable",M36="Moderado"),AND(I36="Posible",M36="Leve"),AND(I36="Posible",M36="Menor"),AND(I36="Posible",M36="Moderado"),AND(I36="Probable",M36="Leve"),AND(I36="Probable",M36="Menor")),"Moderado",IF(OR(AND(I36="Rara vez",M36="Mayor"),AND(I36="Improbable",M36="Mayor"),AND(I36="Posible",M36="Mayor"),AND(I36="Probable",M36="Moderado"),AND(I36="Probable",M36="Mayor"),AND(I36="Casi Seguro",M36="Leve"),AND(I36="Casi Seguro",M36="Menor"),AND(I36="Casi Seguro",M36="Moderado"),AND(I36="Casi Seguro",M36="Mayor")),"Alto",IF(OR(AND(I36="Rara vez",M36="Catastrófico"),AND(I36="Improbable",M36="Catastrófico"),AND(I36="Posible",M36="Catastrófico"),AND(I36="Probable",M36="Catastrófico"),AND(I36="Casi Seguro",M36="Catastrófico")),"Extremo","")))) -> Extremo | P36: 1 | Q36: La Dirección de Talento Humano cada vez que se inicia un proceso de selección contrata a una empresa para realizar los estudios de seguridad y así asegurar la idoneidad de la información entregada. Control sin evidencia por confidencialidad. "P-GT1-010 Procedimiento Selección Talento Humano". | R36: =IF(OR(S36="Preventivo",S36="Detectivo"),"Probabilidad",IF(S36="Correctivo","Impacto","")) -> Probabilidad | S36: Preventivo | T36: Manual | U36: =IF(AND(S36="Preventivo",T36="Automático"),"50%",IF(AND(S36="Preventivo",T36="Manual"),"40%",IF(AND(S36="Detectivo",T36="Automático"),"40%",IF(AND(S36="Detectivo",T36="Manual"),"30%",IF(AND(S36="Correctivo",T36="Automático"),"35%",IF(AND(S36="Correctivo",T36="Manual"),"25%","")))))) -> 40% | V36: Documentado | W36: Continua | X36: Sin Registro | Y36: =IFERROR(IF(R36="Probabilidad",(J36-(+J36*U36)),IF(R36="Impacto",J36,"")),"") -> 0.12 | Z36: =IFERROR(IF(Y36="","",IF(Y36<=0.2,"Rara vez",IF(Y36<=0.4,"Improbable",IF(Y36<=0.6,"Posible",IF(Y36<=0.8,"Probable","Casi Seguro"))))),"") -> Rara vez | AA36: =+Y36 -> 0.12 | AB36: =IFERROR(IF(AC36="","",IF(AC36<=0.6,"Moderado",IF(AC36<=0.8,"Mayor","Catastrófico"))),"") -> Catastrófico | AC36: =IFERROR(IF(R36="Impacto",(N36-(+N36*U36)),IF(R36="Probabilidad",N36,"")),"") -> 1 | AD36: =IFERROR(IF(OR(AND(Z36="Rara vez",AB36="Leve"),AND(Z36="Rara vez",AB36="Menor"),AND(Z36="Improbable",AB36="Leve")),"Bajo",IF(OR(AND(Z36="Rara vez",AB36="Moderado"),AND(Z36="Improbable",AB36="Menor"),AND(Z36="Improbable",AB36="Moderado"),AND(Z36="Posible",AB36="Leve"),AND(Z36="Posible",AB36="Menor"),AND(Z36="Posible",AB36="Moderado"),AND(Z36="Probable",AB36="Leve"),AND(Z36="Probable",AB36="Menor")),"Moderado",IF(OR(AND(Z36="Rara vez",AB36="Mayor"),AND(Z36="Improbable",AB36="Mayor"),AND(Z36="Posible",AB36="Mayor"),AND(Z36="Probable",AB36="Moderado"),AND(Z36="Probable",AB36="Mayor"),AND(Z36="Casi Seguro",AB36="Leve"),AND(Z36="Casi Seguro",AB36="Menor"),AND(Z36="Casi Seguro",AB36="Moderado"),AND(Z36="Casi Seguro",AB36="Mayor")),"Alto",IF(OR(AND(Z36="Rara vez",AB36="Catastrófico"),AND(Z36="Improbable",AB36="Catastrófico"),AND(Z36="Posible",AB36="Catastrófico"),AND(Z36="Probable",AB36="Catastrófico"),AND(Z36="Casi Seguro",AB36="Catastrófico")),"Extremo","")))),"") -> Extremo
L37: =IF(NOT(ISERROR(MATCH(K37,_xlfn.ANCHORARRAY(G48),0))),J50&"Por favor no seleccionar los criterios de impacto",K37) -> 0 | P37: 2 | Q37: La Dirección de Talento Humano una vez la empresa de seguridad entrega el informe, realiza revisión con el objetivo de dar la aprobación para continuar con el proceso. Control sin evidencia por confidencialidad. "P-GT1-010 Procedimiento Selección Talento Humano". | R37: =IF(OR(S37="Preventivo",S37="Detectivo"),"Probabilidad",IF(S37="Correctivo","Impacto","")) -> Probabilidad | S37: Detectivo | T37: Manual | U37: =IF(AND(S37="Preventivo",T37="Automático"),"50%",IF(AND(S37="Preventivo",T37="Manual"),"40%",IF(AND(S37="Detectivo",T37="Automático"),"40%",IF(AND(S37="Detectivo",T37="Manual"),"30%",IF(AND(S37="Correctivo",T37="Automático"),"35%",IF(AND(S37="Correctivo",T37="Manual"),"25%","")))))) -> 30% | V37: Documentado | W37: Continua | X37: Sin Registro | Y37: =IFERROR(IF(AND(R36="Probabilidad",R37="Probabilidad"),(AA36-(+AA36*U37)),IF(R37="Probabilidad",(J36-(+J36*U37)),IF(R37="Impacto",AA36,""))),"") -> 0.084 | Z37: =IFERROR(IF(Y37="","",IF(Y37<=0.2,"Rara vez",IF(Y37<=0.4,"Improbable",IF(Y37<=0.6,"Posible",IF(Y37<=0.8,"Probable","Casi Seguro"))))),"") -> Rara vez | AA37: =+Y37 -> 0.084 | AB37: =IFERROR(IF(AC37="","",IF(AC37<=0.6,"Moderado",IF(AC37<=0.8,"Mayor","Catastrófico"))),"") -> Catastrófico | AC37: =IFERROR(IF(AND(R36="Impacto",R37="Impacto"),(AC36-(+AC36*U37)),IF(R37="Impacto",(N36-(+N36*U37)),IF(R37="Probabilidad",AC36,""))),"") -> 1 | AD37: =IFERROR(IF(OR(AND(Z37="Rara vez",AB37="Leve"),AND(Z37="Rara vez",AB37="Menor"),AND(Z37="Improbable",AB37="Leve")),"Bajo",IF(OR(AND(Z37="Rara vez",AB37="Moderado"),AND(Z37="Improbable",AB37="Menor"),AND(Z37="Improbable",AB37="Moderado"),AND(Z37="Posible",AB37="Leve"),AND(Z37="Posible",AB37="Menor"),AND(Z37="Posible",AB37="Moderado"),AND(Z37="Probable",AB37="Leve"),AND(Z37="Probable",AB37="Menor")),"Moderado",IF(OR(AND(Z37="Rara vez",AB37="Mayor"),AND(Z37="Improbable",AB37="Mayor"),AND(Z37="Posible",AB37="Mayor"),AND(Z37="Probable",AB37="Moderado"),AND(Z37="Probable",AB37="Mayor"),AND(Z37="Casi Seguro",AB37="Leve"),AND(Z37="Casi Seguro",AB37="Menor"),AND(Z37="Casi Seguro",AB37="Moderado"),AND(Z37="Casi Seguro",AB37="Mayor")),"Alto",IF(OR(AND(Z37="Rara vez",AB37="Catastrófico"),AND(Z37="Improbable",AB37="Catastrófico"),AND(Z37="Posible",AB37="Catastrófico"),AND(Z37="Probable",AB37="Catastrófico"),AND(Z37="Casi Seguro",AB37="Catastrófico")),"Extremo","")))),"") -> Extremo
L38: =IF(NOT(ISERROR(MATCH(K38,_xlfn.ANCHORARRAY(G49),0))),J51&"Por favor no seleccionar los criterios de impacto",K38) -> 0 | P38: 3 | Q38: El profesional delegado de la Dirección de Talento Humano, cada vez que se presenta una vinculación verifica los documentos del proceso de selección y vinculación en el formato Lista de Chequeo Documentos Historia Laboral, validando si existen documentos pendientes por entregar o documentos duplicados registrándolo en el Formato Hoja de Control documentos Historia Laboral. Como evidencia queda la Lista de chequeo."P-GT1-012 Procedimiento Conformación de Historias Laborales". | R38: =IF(OR(S38="Preventivo",S38="Detectivo"),"Probabilidad",IF(S38="Correctivo","Impacto","")) -> Probabilidad | S38: Detectivo | T38: Manual | U38: =IF(AND(S38="Preventivo",T38="Automático"),"50%",IF(AND(S38="Preventivo",T38="Manual"),"40%",IF(AND(S38="Detectivo",T38="Automático"),"40%",IF(AND(S38="Detectivo",T38="Manual"),"30%",IF(AND(S38="Correctivo",T38="Automático"),"35%",IF(AND(S38="Correctivo",T38="Manual"),"25%","")))))) -> 30% | V38: Documentado | W38: Continua | X38: Con Registro | Y38: =IFERROR(IF(AND(R37="Probabilidad",R38="Probabilidad"),(AA37-(+AA37*U38)),IF(AND(R37="Impacto",R38="Probabilidad"),(AA36-(+AA36*U38)),IF(R38="Impacto",AA37,""))),"") -> 0.0588 | Z38: =IFERROR(IF(Y38="","",IF(Y38<=0.2,"Rara vez",IF(Y38<=0.4,"Improbable",IF(Y38<=0.6,"Posible",IF(Y38<=0.8,"Probable","Casi Seguro"))))),"") -> Rara vez | AA38: =+Y38 -> 0.0588 | AB38: =IFERROR(IF(AC38="","",IF(AC38<=0.6,"Moderado",IF(AC38<=0.8,"Mayor","Catastrófico"))),"") -> Catastrófico | AC38: =IFERROR(IF(AND(R37="Impacto",R38="Impacto"),(AC37-(+AC37*U38)),IF(AND(R37="Probabilidad",R38="Impacto"),(AC36-(+AC36*U38)),IF(R38="Probabilidad",AC37,""))),"") -> 1 | AD38: =IFERROR(IF(OR(AND(Z38="Rara vez",AB38="Leve"),AND(Z38="Rara vez",AB38="Menor"),AND(Z38="Improbable",AB38="Leve")),"Bajo",IF(OR(AND(Z38="Rara vez",AB38="Moderado"),AND(Z38="Improbable",AB38="Menor"),AND(Z38="Improbable",AB38="Moderado"),AND(Z38="Posible",AB38="Leve"),AND(Z38="Posible",AB38="Menor"),AND(Z38="Posible",AB38="Moderado"),AND(Z38="Probable",AB38="Leve"),AND(Z38="Probable",AB38="Menor")),"Moderado",IF(OR(AND(Z38="Rara vez",AB38="Mayor"),AND(Z38="Improbable",AB38="Mayor"),AND(Z38="Posible",AB38="Mayor"),AND(Z38="Probable",AB38="Moderado"),AND(Z38="Probable",AB38="Mayor"),AND(Z38="Casi Seguro",AB38="Leve"),AND(Z38="Casi Seguro",AB38="Menor"),AND(Z38="Casi Seguro",AB38="Moderado"),AND(Z38="Casi Seguro",AB38="Mayor")),"Alto",IF(OR(AND(Z38="Rara vez",AB38="Catastrófico"),AND(Z38="Improbable",AB38="Catastrófico"),AND(Z38="Posible",AB38="Catastrófico"),AND(Z38="Probable",AB38="Catastrófico"),AND(Z38="Casi Seguro",AB38="Catastrófico")),"Extremo","")))),"") -> Extremo
L39: =IF(NOT(ISERROR(MATCH(K39,_xlfn.ANCHORARRAY(G50),0))),J52&"Por favor no seleccionar los criterios de impacto",K39) -> 0 | P39: 4 | Q39: El profesional delegado de la Dirección de Talento Humano, en caso de que se llegue a contratar una persona que no cumpla con el total de los requisitos, informa a la Dirección de Talento Humano para iniciar el proceso de desvinculación. Control no queda con evidencia por confidencialidad. | R39: =IF(OR(S39="Preventivo",S39="Detectivo"),"Probabilidad",IF(S39="Correctivo","Impacto","")) -> Impacto | S39: Correctivo | T39: Manual | U39: =IF(AND(S39="Preventivo",T39="Automático"),"50%",IF(AND(S39="Preventivo",T39="Manual"),"40%",IF(AND(S39="Detectivo",T39="Automático"),"40%",IF(AND(S39="Detectivo",T39="Manual"),"30%",IF(AND(S39="Correctivo",T39="Automático"),"35%",IF(AND(S39="Correctivo",T39="Manual"),"25%","")))))) -> 25% | V39: Sin Documentar | W39: Continua | X39: Sin Registro | Y39: =IFERROR(IF(AND(R38="Probabilidad",R39="Probabilidad"),(AA38-(+AA38*U39)),IF(AND(R38="Impacto",R39="Probabilidad"),(AA37-(+AA37*U39)),IF(R39="Impacto",AA38,""))),"") -> 0.0588 | Z39: Rara vez | AA39: =+Y39 -> 0.0588 | AB39: =IFERROR(IF(AC39="","",IF(AC39<=0.2,"Leve",IF(AC39<=0.4,"Menor",IF(AC39<=0.6,"Moderado",IF(AC39<=0.8,"Mayor","Catastrófico"))))),"") -> Mayor | AC39: =IFERROR(IF(AND(R38="Impacto",R39="Impacto"),(AC38-(+AC38*U39)),IF(AND(R38="Probabilidad",R39="Impacto"),(AC37-(+AC37*U39)),IF(R39="Probabilidad",AC38,""))),"") -> 0.75 | AD39: =IFERROR(IF(OR(AND(Z39="Rara vez",AB39="Leve"),AND(Z39="Rara vez",AB39="Menor"),AND(Z39="Improbable",AB39="Leve")),"Bajo",IF(OR(AND(Z39="Rara vez",AB39="Moderado"),AND(Z39="Improbable",AB39="Menor"),AND(Z39="Improbable",AB39="Moderado"),AND(Z39="Posible",AB39="Leve"),AND(Z39="Posible",AB39="Menor"),AND(Z39="Posible",AB39="Moderado"),AND(Z39="Probable",AB39="Leve"),AND(Z39="Probable",AB39="Menor")),"Moderado",IF(OR(AND(Z39="Rara vez",AB39="Mayor"),AND(Z39="Improbable",AB39="Mayor"),AND(Z39="Posible",AB39="Mayor"),AND(Z39="Probable",AB39="Moderado"),AND(Z39="Probable",AB39="Mayor"),AND(Z39="Casi Seguro",AB39="Leve"),AND(Z39="Casi Seguro",AB39="Menor"),AND(Z39="Casi Seguro",AB39="Moderado"),AND(Z39="Casi Seguro",AB39="Mayor")),"Alto",IF(OR(AND(Z39="Rara vez",AB39="Catastrófico"),AND(Z39="Improbable",AB39="Catastrófico"),AND(Z39="Posible",AB39="Catastrófico"),AND(Z39="Probable",AB39="Catastrófico"),AND(Z39="Casi Seguro",AB39="Catastrófico")),"Extremo","")))),"") -> Alto | AE39: Reducir (mitigar) | AF39: Revisar y actualizar el procedimiento de vinculación | AG39: Cristian Castro Lopera Andrea Gómez Ramírez | AH39: 45807 | AK39: En curso
L40: =IF(NOT(ISERROR(MATCH(K40,_xlfn.ANCHORARRAY(G51),0))),J53&"Por favor no seleccionar los criterios de impacto",K40) -> 0 | P40: 5 | R40: =IF(OR(S40="Preventivo",S40="Detectivo"),"Probabilidad",IF(S40="Correctivo","Impacto","")) | U40: =IF(AND(S40="Preventivo",T40="Automático"),"50%",IF(AND(S40="Preventivo",T40="Manual"),"40%",IF(AND(S40="Detectivo",T40="Automático"),"40%",IF(AND(S40="Detectivo",T40="Manual"),"30%",IF(AND(S40="Correctivo",T40="Automático"),"35%",IF(AND(S40="Correctivo",T40="Manual"),"25%","")))))) | Y40: =IFERROR(IF(AND(R39="Probabilidad",R40="Probabilidad"),(AA39-(+AA39*U40)),IF(AND(R39="Impacto",R40="Probabilidad"),(AA38-(+AA38*U40)),IF(R40="Impacto",AA39,""))),"") | Z40: =IFERROR(IF(Y40="","",IF(Y40<=0.2,"Rara vez",IF(Y40<=0.4,"Improbable",IF(Y40<=0.6,"Posible",IF(Y40<=0.8,"Probable","Casi Seguro"))))),"") | AA40: =+Y40 | AB40: =IFERROR(IF(AC40="","",IF(AC40<=0.6,"Moderado",IF(AC40<=0.8,"Mayor","Catastrófico"))),"") | AC40: =IFERROR(IF(AND(R39="Impacto",R40="Impacto"),(AC39-(+AC39*U40)),IF(AND(R39="Probabilidad",R40="Impacto"),(AC38-(+AC38*U40)),IF(R40="Probabilidad",AC39,""))),"") | AD40: =IFERROR(IF(OR(AND(Z40="Muy Baja",AB40="Leve"),AND(Z40="Muy Baja",AB40="Menor"),AND(Z40="Baja",AB40="Leve")),"Bajo",IF(OR(AND(Z40="Muy baja",AB40="Moderado"),AND(Z40="Baja",AB40="Menor"),AND(Z40="Baja",AB40="Moderado"),AND(Z40="Media",AB40="Leve"),AND(Z40="Media",AB40="Menor"),AND(Z40="Media",AB40="Moderado"),AND(Z40="Alta",AB40="Leve"),AND(Z40="Alta",AB40="Menor")),"Moderado",IF(OR(AND(Z40="Muy Baja",AB40="Mayor"),AND(Z40="Baja",AB40="Mayor"),AND(Z40="Media",AB40="Mayor"),AND(Z40="Alta",AB40="Moderado"),AND(Z40="Alta",AB40="Mayor"),AND(Z40="Muy Alta",AB40="Leve"),AND(Z40="Muy Alta",AB40="Menor"),AND(Z40="Muy Alta",AB40="Moderado"),AND(Z40="Muy Alta",AB40="Mayor")),"Alto",IF(OR(AND(Z40="Muy Baja",AB40="Catastrófico"),AND(Z40="Baja",AB40="Catastrófico"),AND(Z40="Media",AB40="Catastrófico"),AND(Z40="Alta",AB40="Catastrófico"),AND(Z40="Muy Alta",AB40="Catastrófico")),"Extremo","")))),"")
L41: =IF(NOT(ISERROR(MATCH(K41,_xlfn.ANCHORARRAY(G52),0))),J54&"Por favor no seleccionar los criterios de impacto",K41) -> 0 | P41: 6 | R41: =IF(OR(S41="Preventivo",S41="Detectivo"),"Probabilidad",IF(S41="Correctivo","Impacto","")) | U41: =IF(AND(S41="Preventivo",T41="Automático"),"50%",IF(AND(S41="Preventivo",T41="Manual"),"40%",IF(AND(S41="Detectivo",T41="Automático"),"40%",IF(AND(S41="Detectivo",T41="Manual"),"30%",IF(AND(S41="Correctivo",T41="Automático"),"35%",IF(AND(S41="Correctivo",T41="Manual"),"25%","")))))) | Y41: =IFERROR(IF(AND(R40="Probabilidad",R41="Probabilidad"),(AA40-(+AA40*U41)),IF(AND(R40="Impacto",R41="Probabilidad"),(AA39-(+AA39*U41)),IF(R41="Impacto",AA40,""))),"") | Z41: =IFERROR(IF(Y41="","",IF(Y41<=0.2,"Rara vez",IF(Y41<=0.4,"Improbable",IF(Y41<=0.6,"Posible",IF(Y41<=0.8,"Probable","Casi Seguro"))))),"") | AA41: =+Y41 | AB41: =IFERROR(IF(AC41="","",IF(AC41<=0.6,"Moderado",IF(AC41<=0.8,"Mayor","Catastrófico"))),"") | AC41: =IFERROR(IF(AND(R40="Impacto",R41="Impacto"),(AC40-(+AC40*U41)),IF(AND(R40="Probabilidad",R41="Impacto"),(AC39-(+AC39*U41)),IF(R41="Probabilidad",AC40,""))),"") | AD41: =IFERROR(IF(OR(AND(Z41="Muy Baja",AB41="Leve"),AND(Z41="Muy Baja",AB41="Menor"),AND(Z41="Baja",AB41="Leve")),"Bajo",IF(OR(AND(Z41="Muy baja",AB41="Moderado"),AND(Z41="Baja",AB41="Menor"),AND(Z41="Baja",AB41="Moderado"),AND(Z41="Media",AB41="Leve"),AND(Z41="Media",AB41="Menor"),AND(Z41="Media",AB41="Moderado"),AND(Z41="Alta",AB41="Leve"),AND(Z41="Alta",AB41="Menor")),"Moderado",IF(OR(AND(Z41="Muy Baja",AB41="Mayor"),AND(Z41="Baja",AB41="Mayor"),AND(Z41="Media",AB41="Mayor"),AND(Z41="Alta",AB41="Moderado"),AND(Z41="Alta",AB41="Mayor"),AND(Z41="Muy Alta",AB41="Leve"),AND(Z41="Muy Alta",AB41="Menor"),AND(Z41="Muy Alta",AB41="Moderado"),AND(Z41="Muy Alta",AB41="Mayor")),"Alto",IF(OR(AND(Z41="Muy Baja",AB41="Catastrófico"),AND(Z41="Baja",AB41="Catastrófico"),AND(Z41="Media",AB41="Catastrófico"),AND(Z41="Alta",AB41="Catastrófico"),AND(Z41="Muy Alta",AB41="Catastrófico")),"Extremo","")))),"")
B42: RC-GTH-4 | C42: Gestión de Talento Humano | D42: Posibilidad de recibir o solicitar cualquier dadiva o beneficio a nombre propio o de un tercero con el fin de no reportar o sancionar una acción u omisión configurativa de un incumplimiento con el propósito de favorecer algún trabajador | E42: Riesgo de Corrupción | F42: Falta de ética profesional Falta de control del proceso | G42: Investigaciones penales o disciplinarias Pérdida de recursos de la Entidad | H42: Al menos 1 vez en el último año | I42: =IF(H42<=0,"",IF(H42="No se ha presentado en los últimos 5 años","Rara vez",IF(H42="Al menos 1 vez en los últimos 5 años","Improbable",IF(H42="Al menos 1 vez en los últimos 2 años","Posible",IF(H42="Al menos 1 vez en el último año","Probable",IF(H42="Más de 1 vez al año","Casi Seguro")))))) -> Probable | J42: =IF(I42="","",IF(I42="Rara vez",0.2,IF(I42="Improbable",0.4,IF(I42="Posible",0.6,IF(I42="Probable",0.8,IF(I42="Casi Seguro",1,)))))) -> 0.8 | K42: Responder afirmativamente de SEIS a ONCE | L42: =IF(NOT(ISERROR(MATCH(K42,'Tabla Impacto'!$B$220:$B$222,0))),'Tabla Impacto'!$F$222&"Por favor no seleccionar los criterios de impacto(Criterios para calificar el impacto)",K42) -> Responder afirmativamente de SEIS a ONCE | M42: =IF(OR(L42='Tabla Impacto'!$C$5),"Moderado",IF(OR(L42='Tabla Impacto'!$C$6),"Mayor",IF(OR(L42='Tabla Impacto'!$C$7),"Catastrófico",""))) -> Mayor | N42: =IF(M42="","",IF(M42="Leve",0.2,IF(M42="Menor",0.4,IF(M42="Moderado",0.6,IF(M42="Mayor",0.8,IF(M42="Catastrófico",1,)))))) -> 0.8 | O42: =IF(OR(AND(I42="Rara vez",M42="Leve"),AND(I42="Rara vez",M42="Menor"),AND(I42="Improbable",M42="Leve")),"Bajo",IF(OR(AND(I42="Rara vez",M42="Moderado"),AND(I42="Improbable",M42="Menor"),AND(I42="Improbable",M42="Moderado"),AND(I42="Posible",M42="Leve"),AND(I42="Posible",M42="Menor"),AND(I42="Posible",M42="Moderado"),AND(I42="Probable",M42="Leve"),AND(I42="Probable",M42="Menor")),"Moderado",IF(OR(AND(I42="Rara vez",M42="Mayor"),AND(I42="Improbable",M42="Mayor"),AND(I42="Posible",M42="Mayor"),AND(I42="Probable",M42="Moderado"),AND(I42="Probable",M42="Mayor"),AND(I42="Casi Seguro",M42="Leve"),AND(I42="Casi Seguro",M42="Menor"),AND(I42="Casi Seguro",M42="Moderado"),AND(I42="Casi Seguro",M42="Mayor")),"Alto",IF(OR(AND(I42="Rara vez",M42="Catastrófico"),AND(I42="Improbable",M42="Catastrófico"),AND(I42="Posible",M42="Catastrófico"),AND(I42="Probable",M42="Catastrófico"),AND(I42="Casi Seguro",M42="Catastrófico")),"Extremo","")))) -> Alto | P42: 1 | Q42: El Profesional delegado del GIT de Control Disciplinario interno, anualmente realizara capacitación a todos los funcionarios con el objetivo de concientizar de la importada de los procesos disciplinarios y las responsabilidades derivadas. Como evidencia quedan el listado de asistencia y los resultados de la evaluación. | R42: =IF(OR(S42="Preventivo",S42="Detectivo"),"Probabilidad",IF(S42="Correctivo","Impacto","")) -> Probabilidad | S42: Preventivo | T42: Manual | U42: =IF(AND(S42="Preventivo",T42="Automático"),"50%",IF(AND(S42="Preventivo",T42="Manual"),"40%",IF(AND(S42="Detectivo",T42="Automático"),"40%",IF(AND(S42="Detectivo",T42="Manual"),"30%",IF(AND(S42="Correctivo",T42="Automático"),"35%",IF(AND(S42="Correctivo",T42="Manual"),"25%","")))))) -> 40% | V42: Sin Documentar | W42: Continua | X42: Con Registro | Y42: =IFERROR(IF(R42="Probabilidad",(J42-(+J42*U42)),IF(R42="Impacto",J42,"")),"") -> 0.48 | Z42: =IFERROR(IF(Y42="","",IF(Y42<=0.2,"Rara vez",IF(Y42<=0.4,"Improbable",IF(Y42<=0.6,"Posible",IF(Y42<=0.8,"Probable","Casi Seguro"))))),"") -> Posible | AA42: =+Y42 -> 0.48 | AB42: =IFERROR(IF(AC42="","",IF(AC42<=0.6,"Moderado",IF(AC42<=0.8,"Mayor","Catastrófico"))),"") -> Mayor | AC42: =IFERROR(IF(R42="Impacto",(N42-(+N42*U42)),IF(R42="Probabilidad",N42,"")),"") -> 0.8 | AD42: =IFERROR(IF(OR(AND(Z42="Rara vez",AB42="Leve"),AND(Z42="Rara vez",AB42="Menor"),AND(Z42="Improbable",AB42="Leve")),"Bajo",IF(OR(AND(Z42="Rara vez",AB42="Moderado"),AND(Z42="Improbable",AB42="Menor"),AND(Z42="Improbable",AB42="Moderado"),AND(Z42="Posible",AB42="Leve"),AND(Z42="Posible",AB42="Menor"),AND(Z42="Posible",AB42="Moderado"),AND(Z42="Probable",AB42="Leve"),AND(Z42="Probable",AB42="Menor")),"Moderado",IF(OR(AND(Z42="Rara vez",AB42="Mayor"),AND(Z42="Improbable",AB42="Mayor"),AND(Z42="Posible",AB42="Mayor"),AND(Z42="Probable",AB42="Moderado"),AND(Z42="Probable",AB42="Mayor"),AND(Z42="Casi Seguro",AB42="Leve"),AND(Z42="Casi Seguro",AB42="Menor"),AND(Z42="Casi Seguro",AB42="Moderado"),AND(Z42="Casi Seguro",AB42="Mayor")),"Alto",IF(OR(AND(Z42="Rara vez",AB42="Catastrófico"),AND(Z42="Improbable",AB42="Catastrófico"),AND(Z42="Posible",AB42="Catastrófico"),AND(Z42="Probable",AB42="Catastrófico"),AND(Z42="Casi Seguro",AB42="Catastrófico")),"Extremo","")))),"") -> Alto
L43: =IF(NOT(ISERROR(MATCH(K43,_xlfn.ANCHORARRAY(G54),0))),J56&"Por favor no seleccionar los criterios de impacto",K43) -> 0 | P43: 2 | Q43: El Profesional de control interno disciplinario cada vez que se requiera, podrá adelantar procedimiento disciplinario de manera autónoma sin requerir de la autorización del jefe directo de la persona involucrada con el objetivo de ejercer la potestad disciplinaria y garantizar la objetividad. Sin evidencia por confidencialidad. Procedimiento: PR-TH-005 | R43: Impacto | S43: Correctivo | T43: Manual | U43: =IF(AND(S43="Preventivo",T43="Automático"),"50%",IF(AND(S43="Preventivo",T43="Manual"),"40%",IF(AND(S43="Detectivo",T43="Automático"),"40%",IF(AND(S43="Detectivo",T43="Manual"),"30%",IF(AND(S43="Correctivo",T43="Automático"),"35%",IF(AND(S43="Correctivo",T43="Manual"),"25%","")))))) -> 25% | V43: Documentado | W43: Continua | X43: Sin Registro | Y43: =IFERROR(IF(AND(R42="Probabilidad",R43="Probabilidad"),(AA42-(+AA42*U43)),IF(R43="Probabilidad",(J42-(+J42*U43)),IF(R43="Impacto",AA42,""))),"") -> 0.48 | Z43: =IFERROR(IF(Y43="","",IF(Y43<=0.2,"Rara vez",IF(Y43<=0.4,"Improbable",IF(Y43<=0.6,"Posible",IF(Y43<=0.8,"Probable","Casi Seguro"))))),"") -> Posible | AA43: =+Y43 -> 0.48 | AB43: =IFERROR(IF(AC43="","",IF(AC43<=0.6,"Moderado",IF(AC43<=0.8,"Mayor","Catastrófico"))),"") -> Moderado | AC43: =IFERROR(IF(AND(R42="Impacto",R43="Impacto"),(AC42-(+AC42*U43)),IF(R43="Impacto",(N42-(+N42*U43)),IF(R43="Probabilidad",AC42,""))),"") -> 0.6 | AD43: =IFERROR(IF(OR(AND(Z43="Rara vez",AB43="Leve"),AND(Z43="Rara vez",AB43="Menor"),AND(Z43="Improbable",AB43="Leve")),"Bajo",IF(OR(AND(Z43="Rara vez",AB43="Moderado"),AND(Z43="Improbable",AB43="Menor"),AND(Z43="Improbable",AB43="Moderado"),AND(Z43="Posible",AB43="Leve"),AND(Z43="Posible",AB43="Menor"),AND(Z43="Posible",AB43="Moderado"),AND(Z43="Probable",AB43="Leve"),AND(Z43="Probable",AB43="Menor")),"Moderado",IF(OR(AND(Z43="Rara vez",AB43="Mayor"),AND(Z43="Improbable",AB43="Mayor"),AND(Z43="Posible",AB43="Mayor"),AND(Z43="Probable",AB43="Moderado"),AND(Z43="Probable",AB43="Mayor"),AND(Z43="Casi Seguro",AB43="Leve"),AND(Z43="Casi Seguro",AB43="Menor"),AND(Z43="Casi Seguro",AB43="Moderado"),AND(Z43="Casi Seguro",AB43="Mayor")),"Alto",IF(OR(AND(Z43="Rara vez",AB43="Catastrófico"),AND(Z43="Improbable",AB43="Catastrófico"),AND(Z43="Posible",AB43="Catastrófico"),AND(Z43="Probable",AB43="Catastrófico"),AND(Z43="Casi Seguro",AB43="Catastrófico")),"Extremo","")))),"") -> Moderado
L44: =IF(NOT(ISERROR(MATCH(K44,_xlfn.ANCHORARRAY(G55),0))),J57&"Por favor no seleccionar los criterios de impacto",K44) -> 0 | P44: 3
L45: =IF(NOT(ISERROR(MATCH(K45,_xlfn.ANCHORARRAY(G56),0))),J58&"Por favor no seleccionar los criterios de impacto",K45) -> 0 | P45: 4
L46: =IF(NOT(ISERROR(MATCH(K46,_xlfn.ANCHORARRAY(G57),0))),J59&"Por favor no seleccionar los criterios de impacto",K46) -> 0 | P46: 5 | R46: =IF(OR(S46="Preventivo",S46="Detectivo"),"Probabilidad",IF(S46="Correctivo","Impacto","")) | U46: =IF(AND(S46="Preventivo",T46="Automático"),"50%",IF(AND(S46="Preventivo",T46="Manual"),"40%",IF(AND(S46="Detectivo",T46="Automático"),"40%",IF(AND(S46="Detectivo",T46="Manual"),"30%",IF(AND(S46="Correctivo",T46="Automático"),"35%",IF(AND(S46="Correctivo",T46="Manual"),"25%","")))))) | Y46: =IFERROR(IF(AND(R45="Probabilidad",R46="Probabilidad"),(AA45-(+AA45*U46)),IF(AND(R45="Impacto",R46="Probabilidad"),(AA44-(+AA44*U46)),IF(R46="Impacto",AA45,""))),"") | Z46: =IFERROR(IF(Y46="","",IF(Y46<=0.2,"Rara vez",IF(Y46<=0.4,"Improbable",IF(Y46<=0.6,"Posible",IF(Y46<=0.8,"Probable","Casi Seguro"))))),"") | AA46: =+Y46 | AB46: =IFERROR(IF(AC46="","",IF(AC46<=0.6,"Moderado",IF(AC46<=0.8,"Mayor","Catastrófico"))),"") | AC46: =IFERROR(IF(AND(R45="Impacto",R46="Impacto"),(AC45-(+AC45*U46)),IF(AND(R45="Probabilidad",R46="Impacto"),(AC44-(+AC44*U46)),IF(R46="Probabilidad",AC45,""))),"") | AD46: =IFERROR(IF(OR(AND(Z46="Muy Baja",AB46="Leve"),AND(Z46="Muy Baja",AB46="Menor"),AND(Z46="Baja",AB46="Leve")),"Bajo",IF(OR(AND(Z46="Muy baja",AB46="Moderado"),AND(Z46="Baja",AB46="Menor"),AND(Z46="Baja",AB46="Moderado"),AND(Z46="Media",AB46="Leve"),AND(Z46="Media",AB46="Menor"),AND(Z46="Media",AB46="Moderado"),AND(Z46="Alta",AB46="Leve"),AND(Z46="Alta",AB46="Menor")),"Moderado",IF(OR(AND(Z46="Muy Baja",AB46="Mayor"),AND(Z46="Baja",AB46="Mayor"),AND(Z46="Media",AB46="Mayor"),AND(Z46="Alta",AB46="Moderado"),AND(Z46="Alta",AB46="Mayor"),AND(Z46="Muy Alta",AB46="Leve"),AND(Z46="Muy Alta",AB46="Menor"),AND(Z46="Muy Alta",AB46="Moderado"),AND(Z46="Muy Alta",AB46="Mayor")),"Alto",IF(OR(AND(Z46="Muy Baja",AB46="Catastrófico"),AND(Z46="Baja",AB46="Catastrófico"),AND(Z46="Media",AB46="Catastrófico"),AND(Z46="Alta",AB46="Catastrófico"),AND(Z46="Muy Alta",AB46="Catastrófico")),"Extremo","")))),"")
L47: =IF(NOT(ISERROR(MATCH(K47,_xlfn.ANCHORARRAY(G58),0))),J60&"Por favor no seleccionar los criterios de impacto",K47) -> 0 | P47: 6 | R47: =IF(OR(S47="Preventivo",S47="Detectivo"),"Probabilidad",IF(S47="Correctivo","Impacto","")) | U47: =IF(AND(S47="Preventivo",T47="Automático"),"50%",IF(AND(S47="Preventivo",T47="Manual"),"40%",IF(AND(S47="Detectivo",T47="Automático"),"40%",IF(AND(S47="Detectivo",T47="Manual"),"30%",IF(AND(S47="Correctivo",T47="Automático"),"35%",IF(AND(S47="Correctivo",T47="Manual"),"25%","")))))) | Y47: =IFERROR(IF(AND(R46="Probabilidad",R47="Probabilidad"),(AA46-(+AA46*U47)),IF(AND(R46="Impacto",R47="Probabilidad"),(AA45-(+AA45*U47)),IF(R47="Impacto",AA46,""))),"") | Z47: =IFERROR(IF(Y47="","",IF(Y47<=0.2,"Rara vez",IF(Y47<=0.4,"Improbable",IF(Y47<=0.6,"Posible",IF(Y47<=0.8,"Probable","Casi Seguro"))))),"") | AA47: =+Y47 | AB47: =IFERROR(IF(AC47="","",IF(AC47<=0.6,"Moderado",IF(AC47<=0.8,"Mayor","Catastrófico"))),"") | AC47: =IFERROR(IF(AND(R46="Impacto",R47="Impacto"),(AC46-(+AC46*U47)),IF(AND(R46="Probabilidad",R47="Impacto"),(AC45-(+AC45*U47)),IF(R47="Probabilidad",AC46,""))),"") | AD47: =IFERROR(IF(OR(AND(Z47="Muy Baja",AB47="Leve"),AND(Z47="Muy Baja",AB47="Menor"),AND(Z47="Baja",AB47="Leve")),"Bajo",IF(OR(AND(Z47="Muy baja",AB47="Moderado"),AND(Z47="Baja",AB47="Menor"),AND(Z47="Baja",AB47="Moderado"),AND(Z47="Media",AB47="Leve"),AND(Z47="Media",AB47="Menor"),AND(Z47="Media",AB47="Moderado"),AND(Z47="Alta",AB47="Leve"),AND(Z47="Alta",AB47="Menor")),"Moderado",IF(OR(AND(Z47="Muy Baja",AB47="Mayor"),AND(Z47="Baja",AB47="Mayor"),AND(Z47="Media",AB47="Mayor"),AND(Z47="Alta",AB47="Moderado"),AND(Z47="Alta",AB47="Mayor"),AND(Z47="Muy Alta",AB47="Leve"),AND(Z47="Muy Alta",AB47="Menor"),AND(Z47="Muy Alta",AB47="Moderado"),AND(Z47="Muy Alta",AB47="Mayor")),"Alto",IF(OR(AND(Z47="Muy Baja",AB47="Catastrófico"),AND(Z47="Baja",AB47="Catastrófico"),AND(Z47="Media",AB47="Catastrófico"),AND(Z47="Alta",AB47="Catastrófico"),AND(Z47="Muy Alta",AB47="Catastrófico")),"Extremo","")))),"")
B48: RC-GTH-5 | C48: Gestión de Talento Humano | D48: Posibilidad de pérdida Reputacional y Económica por conflicto de interés particular y directo que impacta en la toma de decisiones o cumplimiento de las funciones de dirección de Talento Humano y el GIT de Control Disciplinario Interno. | E48: Conflicto de Interés | F48: Existe un interés particular del funcionario que podría influir en sus obligaciones como servidor público. Existe un interés económico del funcionario o de algún miembro de su familia en alguna empresa que tenga o busque beneficios propio o particular. | G48: Incumplimiento de lo establecido en el Código Único Disciplinario (Título IV) e inicio de un proceso disciplinario Detrimento del patrimonio público Sanciones disciplinarias | H48: No se ha presentado en los últimos 5 años | I48: =IF(H48<=0,"",IF(H48="No se ha presentado en los últimos 5 años","Rara vez",IF(H48="Al menos 1 vez en los últimos 5 años","Improbable",IF(H48="Al menos 1 vez en los últimos 2 años","Posible",IF(H48="Al menos 1 vez en el último año","Probable",IF(H48="Más de 1 vez al año","Casi Seguro")))))) -> Rara vez | J48: =IF(I48="","",IF(I48="Rara vez",0.2,IF(I48="Improbable",0.4,IF(I48="Posible",0.6,IF(I48="Probable",0.8,IF(I48="Casi Seguro",1,)))))) -> 0.2 | K48: Responder afirmativamente de DOCE a DIECINUEVE | L48: =IF(NOT(ISERROR(MATCH(K48,'Tabla Impacto'!$B$220:$B$222,0))),'Tabla Impacto'!$F$222&"Por favor no seleccionar los criterios de impacto(Criterios para calificar el impacto)",K48) -> Responder afirmativamente de DOCE a DIECINUEVE | M48: =IF(OR(L48='Tabla Impacto'!$C$5),"Moderado",IF(OR(L48='Tabla Impacto'!$C$6),"Mayor",IF(OR(L48='Tabla Impacto'!$C$7),"Catastrófico",""))) -> Catastrófico | N48: =IF(M48="","",IF(M48="Leve",0.2,IF(M48="Menor",0.4,IF(M48="Moderado",0.6,IF(M48="Mayor",0.8,IF(M48="Catastrófico",1,)))))) -> 1 | O48: =IF(OR(AND(I48="Rara vez",M48="Leve"),AND(I48="Rara vez",M48="Menor"),AND(I48="Improbable",M48="Leve")),"Bajo",IF(OR(AND(I48="Rara vez",M48="Moderado"),AND(I48="Improbable",M48="Menor"),AND(I48="Improbable",M48="Moderado"),AND(I48="Posible",M48="Leve"),AND(I48="Posible",M48="Menor"),AND(I48="Posible",M48="Moderado"),AND(I48="Probable",M48="Leve"),AND(I48="Probable",M48="Menor")),"Moderado",IF(OR(AND(I48="Rara vez",M48="Mayor"),AND(I48="Improbable",M48="Mayor"),AND(I48="Posible",M48="Mayor"),AND(I48="Probable",M48="Moderado"),AND(I48="Probable",M48="Mayor"),AND(I48="Casi Seguro",M48="Leve"),AND(I48="Casi Seguro",M48="Menor"),AND(I48="Casi Seguro",M48="Moderado"),AND(I48="Casi Seguro",M48="Mayor")),"Alto",IF(OR(AND(I48="Rara vez",M48="Catastrófico"),AND(I48="Improbable",M48="Catastrófico"),AND(I48="Posible",M48="Catastrófico"),AND(I48="Probable",M48="Catastrófico"),AND(I48="Casi Seguro",M48="Catastrófico")),"Extremo","")))) -> Extremo | P48: 1 | Q48: El funcionario designado por la Dirección de Talento Humano para adelantar el procedimiento disciplinario en caso de presentarse y/o identificarse, deberá manifestar impedimento o dar traslado de la recusación presentada, para que sea revisada dentro del procedimiento previsto por la OIAC. Como evidencia queda pantallazo de correo de solicitud de concepto a la OIAC. Procedimiento: PR-TH-005 | R48: =IF(OR(S48="Preventivo",S48="Detectivo"),"Probabilidad",IF(S48="Correctivo","Impacto","")) -> Probabilidad | S48: Preventivo | T48: Manual | U48: =IF(AND(S48="Preventivo",T48="Automático"),"50%",IF(AND(S48="Preventivo",T48="Manual"),"40%",IF(AND(S48="Detectivo",T48="Automático"),"40%",IF(AND(S48="Detectivo",T48="Manual"),"30%",IF(AND(S48="Correctivo",T48="Automático"),"35%",IF(AND(S48="Correctivo",T48="Manual"),"25%","")))))) -> 40% | V48: Documentado | W48: Continua | X48: Con Registro | Y48: =IFERROR(IF(R48="Probabilidad",(J48-(+J48*U48)),IF(R48="Impacto",J48,"")),"") -> 0.12 | Z48: =IFERROR(IF(Y48="","",IF(Y48<=0.2,"Rara vez",IF(Y48<=0.4,"Improbable",IF(Y48<=0.6,"Posible",IF(Y48<=0.8,"Probable","Casi Seguro"))))),"") -> Rara vez | AA48: =+Y48 -> 0.12 | AB48: =IFERROR(IF(AC48="","",IF(AC48<=0.6,"Moderado",IF(AC48<=0.8,"Mayor","Catastrófico"))),"") -> Catastrófico | AC48: =IFERROR(IF(R48="Impacto",(N48-(+N48*U48)),IF(R48="Probabilidad",N48,"")),"") -> 1 | AD48: =IFERROR(IF(OR(AND(Z48="Rara vez",AB48="Leve"),AND(Z48="Rara vez",AB48="Menor"),AND(Z48="Improbable",AB48="Leve")),"Bajo",IF(OR(AND(Z48="Rara vez",AB48="Moderado"),AND(Z48="Improbable",AB48="Menor"),AND(Z48="Improbable",AB48="Moderado"),AND(Z48="Posible",AB48="Leve"),AND(Z48="Posible",AB48="Menor"),AND(Z48="Posible",AB48="Moderado"),AND(Z48="Probable",AB48="Leve"),AND(Z48="Probable",AB48="Menor")),"Moderado",IF(OR(AND(Z48="Rara vez",AB48="Mayor"),AND(Z48="Improbable",AB48="Mayor"),AND(Z48="Posible",AB48="Mayor"),AND(Z48="Probable",AB48="Moderado"),AND(Z48="Probable",AB48="Mayor"),AND(Z48="Casi Seguro",AB48="Leve"),AND(Z48="Casi Seguro",AB48="Menor"),AND(Z48="Casi Seguro",AB48="Moderado"),AND(Z48="Casi Seguro",AB48="Mayor")),"Alto",IF(OR(AND(Z48="Rara vez",AB48="Catastrófico"),AND(Z48="Improbable",AB48="Catastrófico"),AND(Z48="Posible",AB48="Catastrófico"),AND(Z48="Probable",AB48="Catastrófico"),AND(Z48="Casi Seguro",AB48="Catastrófico")),"Extremo","")))),"") -> Extremo | AE48: Reducir (mitigar)
L49: =IF(NOT(ISERROR(MATCH(K49,_xlfn.ANCHORARRAY(G60),0))),J62&"Por favor no seleccionar los criterios de impacto",K49) -> 0
L50: =IF(NOT(ISERROR(MATCH(K50,_xlfn.ANCHORARRAY(G61),0))),J63&"Por favor no seleccionar los criterios de impacto",K50) -> 0 | P50: 3
L51: =IF(NOT(ISERROR(MATCH(K51,_xlfn.ANCHORARRAY(G62),0))),J64&"Por favor no seleccionar los criterios de impacto",K51) -> 0 | P51: 4
L52: =IF(NOT(ISERROR(MATCH(K52,_xlfn.ANCHORARRAY(G63),0))),J65&"Por favor no seleccionar los criterios de impacto",K52) -> 0 | P52: 5 | R52: =IF(OR(S52="Preventivo",S52="Detectivo"),"Probabilidad",IF(S52="Correctivo","Impacto","")) | U52: =IF(AND(S52="Preventivo",T52="Automático"),"50%",IF(AND(S52="Preventivo",T52="Manual"),"40%",IF(AND(S52="Detectivo",T52="Automático"),"40%",IF(AND(S52="Detectivo",T52="Manual"),"30%",IF(AND(S52="Correctivo",T52="Automático"),"35%",IF(AND(S52="Correctivo",T52="Manual"),"25%","")))))) | Y52: =IFERROR(IF(AND(R51="Probabilidad",R52="Probabilidad"),(AA51-(+AA51*U52)),IF(AND(R51="Impacto",R52="Probabilidad"),(AA50-(+AA50*U52)),IF(R52="Impacto",AA51,""))),"") | Z52: =IFERROR(IF(Y52="","",IF(Y52<=0.2,"Rara vez",IF(Y52<=0.4,"Improbable",IF(Y52<=0.6,"Posible",IF(Y52<=0.8,"Probable","Casi Seguro"))))),"") | AA52: =+Y52 | AB52: =IFERROR(IF(AC52="","",IF(AC52<=0.6,"Moderado",IF(AC52<=0.8,"Mayor","Catastrófico"))),"") | AC52: =IFERROR(IF(AND(R51="Impacto",R52="Impacto"),(AC51-(+AC51*U52)),IF(AND(R51="Probabilidad",R52="Impacto"),(AC50-(+AC50*U52)),IF(R52="Probabilidad",AC51,""))),"") | AD52: =IFERROR(IF(OR(AND(Z52="Muy Baja",AB52="Leve"),AND(Z52="Muy Baja",AB52="Menor"),AND(Z52="Baja",AB52="Leve")),"Bajo",IF(OR(AND(Z52="Muy baja",AB52="Moderado"),AND(Z52="Baja",AB52="Menor"),AND(Z52="Baja",AB52="Moderado"),AND(Z52="Media",AB52="Leve"),AND(Z52="Media",AB52="Menor"),AND(Z52="Media",AB52="Moderado"),AND(Z52="Alta",AB52="Leve"),AND(Z52="Alta",AB52="Menor")),"Moderado",IF(OR(AND(Z52="Muy Baja",AB52="Mayor"),AND(Z52="Baja",AB52="Mayor"),AND(Z52="Media",AB52="Mayor"),AND(Z52="Alta",AB52="Moderado"),AND(Z52="Alta",AB52="Mayor"),AND(Z52="Muy Alta",AB52="Leve"),AND(Z52="Muy Alta",AB52="Menor"),AND(Z52="Muy Alta",AB52="Moderado"),AND(Z52="Muy Alta",AB52="Mayor")),"Alto",IF(OR(AND(Z52="Muy Baja",AB52="Catastrófico"),AND(Z52="Baja",AB52="Catastrófico"),AND(Z52="Media",AB52="Catastrófico"),AND(Z52="Alta",AB52="Catastrófico"),AND(Z52="Muy Alta",AB52="Catastrófico")),"Extremo","")))),"")
L53: =IF(NOT(ISERROR(MATCH(K53,_xlfn.ANCHORARRAY(G64),0))),J66&"Por favor no seleccionar los criterios de impacto",K53) -> 0 | P53: 6 | R53: =IF(OR(S53="Preventivo",S53="Detectivo"),"Probabilidad",IF(S53="Correctivo","Impacto","")) | U53: =IF(AND(S53="Preventivo",T53="Automático"),"50%",IF(AND(S53="Preventivo",T53="Manual"),"40%",IF(AND(S53="Detectivo",T53="Automático"),"40%",IF(AND(S53="Detectivo",T53="Manual"),"30%",IF(AND(S53="Correctivo",T53="Automático"),"35%",IF(AND(S53="Correctivo",T53="Manual"),"25%","")))))) | Y53: =IFERROR(IF(AND(R52="Probabilidad",R53="Probabilidad"),(AA52-(+AA52*U53)),IF(AND(R52="Impacto",R53="Probabilidad"),(AA51-(+AA51*U53)),IF(R53="Impacto",AA52,""))),"") | Z53: =IFERROR(IF(Y53="","",IF(Y53<=0.2,"Rara vez",IF(Y53<=0.4,"Improbable",IF(Y53<=0.6,"Posible",IF(Y53<=0.8,"Probable","Casi Seguro"))))),"") | AA53: =+Y53 | AB53: =IFERROR(IF(AC53="","",IF(AC53<=0.6,"Moderado",IF(AC53<=0.8,"Mayor","Catastrófico"))),"") | AC53: =IFERROR(IF(AND(R52="Impacto",R53="Impacto"),(AC52-(+AC52*U53)),IF(AND(R52="Probabilidad",R53="Impacto"),(AC51-(+AC51*U53)),IF(R53="Probabilidad",AC52,""))),"") | AD53: =IFERROR(IF(OR(AND(Z53="Muy Baja",AB53="Leve"),AND(Z53="Muy Baja",AB53="Menor"),AND(Z53="Baja",AB53="Leve")),"Bajo",IF(OR(AND(Z53="Muy baja",AB53="Moderado"),AND(Z53="Baja",AB53="Menor"),AND(Z53="Baja",AB53="Moderado"),AND(Z53="Media",AB53="Leve"),AND(Z53="Media",AB53="Menor"),AND(Z53="Media",AB53="Moderado"),AND(Z53="Alta",AB53="Leve"),AND(Z53="Alta",AB53="Menor")),"Moderado",IF(OR(AND(Z53="Muy Baja",AB53="Mayor"),AND(Z53="Baja",AB53="Mayor"),AND(Z53="Media",AB53="Mayor"),AND(Z53="Alta",AB53="Moderado"),AND(Z53="Alta",AB53="Mayor"),AND(Z53="Muy Alta",AB53="Leve"),AND(Z53="Muy Alta",AB53="Menor"),AND(Z53="Muy Alta",AB53="Moderado"),AND(Z53="Muy Alta",AB53="Mayor")),"Alto",IF(OR(AND(Z53="Muy Baja",AB53="Catastrófico"),AND(Z53="Baja",AB53="Catastrófico"),AND(Z53="Media",AB53="Catastrófico"),AND(Z53="Alta",AB53="Catastrófico"),AND(Z53="Muy Alta",AB53="Catastrófico")),"Extremo","")))),"")
B54: RC-GA-1 | C54: Gestión Administrativa | D54: Posibilidad de recibir dádivas o beneficios a nombre propio o de terceros por la sustracción de bienes devolutivos de la Entidad. | E54: Riesgo de Corrupción | F54: Conducta no ética de funcionario o contratista por la sustracción de bienes muebles para beneficio propio o de un tercero | G54: Afectación de la Imagen Institucional Afectación de la ejecución presupuestal Investigaciones penales, fiscales o disciplinarias Requerimientos o sanciones por parte de un Ente de control | H54: No se ha presentado en los últimos 5 años | I54: =IF(H54<=0,"",IF(H54="No se ha presentado en los últimos 5 años","Rara vez",IF(H54="Al menos 1 vez en los últimos 5 años","Improbable",IF(H54="Al menos 1 vez en los últimos 2 años","Posible",IF(H54="Al menos 1 vez en el último año","Probable",IF(H54="Más de 1 vez al año","Casi Seguro")))))) -> Rara vez | J54: =IF(I54="","",IF(I54="Rara vez",0.2,IF(I54="Improbable",0.4,IF(I54="Posible",0.6,IF(I54="Probable",0.8,IF(I54="Casi Seguro",1,)))))) -> 0.2 | K54: Responder afirmativamente de SEIS a ONCE | L54: =IF(NOT(ISERROR(MATCH(K54,'Tabla Impacto'!$B$220:$B$222,0))),'Tabla Impacto'!$F$222&"Por favor no seleccionar los criterios de impacto(Criterios para calificar el impacto)",K54) -> Responder afirmativamente de SEIS a ONCE | M54: =IF(OR(L54='Tabla Impacto'!$C$5),"Moderado",IF(OR(L54='Tabla Impacto'!$C$6),"Mayor",IF(OR(L54='Tabla Impacto'!$C$7),"Catastrófico",""))) -> Mayor | N54: =IF(M54="","",IF(M54="Leve",0.2,IF(M54="Menor",0.4,IF(M54="Moderado",0.6,IF(M54="Mayor",0.8,IF(M54="Catastrófico",1,)))))) -> 0.8 | O54: =IF(OR(AND(I54="Rara vez",M54="Leve"),AND(I54="Rara vez",M54="Menor"),AND(I54="Improbable",M54="Leve")),"Bajo",IF(OR(AND(I54="Rara vez",M54="Moderado"),AND(I54="Improbable",M54="Menor"),AND(I54="Improbable",M54="Moderado"),AND(I54="Posible",M54="Leve"),AND(I54="Posible",M54="Menor"),AND(I54="Posible",M54="Moderado"),AND(I54="Probable",M54="Leve"),AND(I54="Probable",M54="Menor")),"Moderado",IF(OR(AND(I54="Rara vez",M54="Mayor"),AND(I54="Improbable",M54="Mayor"),AND(I54="Posible",M54="Mayor"),AND(I54="Probable",M54="Moderado"),AND(I54="Probable",M54="Mayor"),AND(I54="Casi Seguro",M54="Leve"),AND(I54="Casi Seguro",M54="Menor"),AND(I54="Casi Seguro",M54="Moderado"),AND(I54="Casi Seguro",M54="Mayor")),"Alto",IF(OR(AND(I54="Rara vez",M54="Catastrófico"),AND(I54="Improbable",M54="Catastrófico"),AND(I54="Posible",M54="Catastrófico"),AND(I54="Probable",M54="Catastrófico"),AND(I54="Casi Seguro",M54="Catastrófico")),"Extremo","")))) -> Alto | P54: 1 | Q54: El Técnico de la Dirección Administrativa realiza el seguimiento al inventario de bienes devolutivos conforme a la información registrada en el sistema y la toma física de inventarios realizada semestralmente, dejando como evidencia el formato de inventario de activos fijos por trabajador, con el fin de detectar el faltante en bienes devolutivos. | R54: =IF(OR(S54="Preventivo",S54="Detectivo"),"Probabilidad",IF(S54="Correctivo","Impacto","")) -> Probabilidad | S54: Preventivo | T54: Manual | U54: =IF(AND(S54="Preventivo",T54="Automático"),"50%",IF(AND(S54="Preventivo",T54="Manual"),"40%",IF(AND(S54="Detectivo",T54="Automático"),"40%",IF(AND(S54="Detectivo",T54="Manual"),"30%",IF(AND(S54="Correctivo",T54="Automático"),"35%",IF(AND(S54="Correctivo",T54="Manual"),"25%","")))))) -> 40% | V54: Documentado | W54: Continua | X54: Sin Registro | Y54: =IFERROR(IF(R54="Probabilidad",(J54-(+J54*U54)),IF(R54="Impacto",J54,"")),"") -> 0.12 | Z54: =IFERROR(IF(Y54="","",IF(Y54<=0.2,"Rara vez",IF(Y54<=0.4,"Improbable",IF(Y54<=0.6,"Posible",IF(Y54<=0.8,"Probable","Casi Seguro"))))),"") -> Rara vez | AA54: =+Y54 -> 0.12 | AB54: =IFERROR(IF(AC54="","",IF(AC54<=0.6,"Moderado",IF(AC54<=0.8,"Mayor","Catastrófico"))),"") -> Mayor | AC54: =IFERROR(IF(R54="Impacto",(N54-(+N54*U54)),IF(R54="Probabilidad",N54,"")),"") -> 0.8 | AD54: =IFERROR(IF(OR(AND(Z54="Rara vez",AB54="Leve"),AND(Z54="Rara vez",AB54="Menor"),AND(Z54="Improbable",AB54="Leve")),"Bajo",IF(OR(AND(Z54="Rara vez",AB54="Moderado"),AND(Z54="Improbable",AB54="Menor"),AND(Z54="Improbable",AB54="Moderado"),AND(Z54="Posible",AB54="Leve"),AND(Z54="Posible",AB54="Menor"),AND(Z54="Posible",AB54="Moderado"),AND(Z54="Probable",AB54="Leve"),AND(Z54="Probable",AB54="Menor")),"Moderado",IF(OR(AND(Z54="Rara vez",AB54="Mayor"),AND(Z54="Improbable",AB54="Mayor"),AND(Z54="Posible",AB54="Mayor"),AND(Z54="Probable",AB54="Moderado"),AND(Z54="Probable",AB54="Mayor"),AND(Z54="Casi Seguro",AB54="Leve"),AND(Z54="Casi Seguro",AB54="Menor"),AND(Z54="Casi Seguro",AB54="Moderado"),AND(Z54="Casi Seguro",AB54="Mayor")),"Alto",IF(OR(AND(Z54="Rara vez",AB54="Catastrófico"),AND(Z54="Improbable",AB54="Catastrófico"),AND(Z54="Posible",AB54="Catastrófico"),AND(Z54="Probable",AB54="Catastrófico"),AND(Z54="Casi Seguro",AB54="Catastrófico")),"Extremo","")))),"") -> Alto
L55: =IF(NOT(ISERROR(MATCH(K55,_xlfn.ANCHORARRAY(G66),0))),J68&"Por favor no seleccionar los criterios de impacto",K55) -> 0 | P55: 2 | Q55: En el caso que se requiera ingreso y salida de equipos de la SAE, la empresa de seguridad requerirá los formatos que evidencien la autorización pertinente dejando como evidencia la minuta respectiva. En caso de que existan desviaciones se solicitará a la empresa de seguridad las grabaciones correspondientes para verificar el responsable de la pérdida o hurto. | R55: =IF(OR(S55="Preventivo",S55="Detectivo"),"Probabilidad",IF(S55="Correctivo","Impacto","")) -> Probabilidad | S55: Detectivo | T55: Manual | U55: =IF(AND(S55="Preventivo",T55="Automático"),"50%",IF(AND(S55="Preventivo",T55="Manual"),"40%",IF(AND(S55="Detectivo",T55="Automático"),"40%",IF(AND(S55="Detectivo",T55="Manual"),"30%",IF(AND(S55="Correctivo",T55="Automático"),"35%",IF(AND(S55="Correctivo",T55="Manual"),"25%","")))))) -> 30% | V55: Sin Documentar | W55: Continua | X55: Con Registro | Y55: =IFERROR(IF(AND(R54="Probabilidad",R55="Probabilidad"),(AA54-(+AA54*U55)),IF(R55="Probabilidad",(J54-(+J54*U55)),IF(R55="Impacto",AA54,""))),"") -> 0.084 | Z55: =IFERROR(IF(Y55="","",IF(Y55<=0.2,"Rara vez",IF(Y55<=0.4,"Improbable",IF(Y55<=0.6,"Posible",IF(Y55<=0.8,"Probable","Casi Seguro"))))),"") -> Rara vez | AA55: =+Y55 -> 0.084 | AB55: =IFERROR(IF(AC55="","",IF(AC55<=0.6,"Moderado",IF(AC55<=0.8,"Mayor","Catastrófico"))),"") -> Mayor | AC55: =IFERROR(IF(AND(R54="Impacto",R55="Impacto"),(AC54-(+AC54*U55)),IF(R55="Impacto",(N54-(+N54*U55)),IF(R55="Probabilidad",AC54,""))),"") -> 0.8 | AD55: =IFERROR(IF(OR(AND(Z55="Rara vez",AB55="Leve"),AND(Z55="Rara vez",AB55="Menor"),AND(Z55="Improbable",AB55="Leve")),"Bajo",IF(OR(AND(Z55="Rara vez",AB55="Moderado"),AND(Z55="Improbable",AB55="Menor"),AND(Z55="Improbable",AB55="Moderado"),AND(Z55="Posible",AB55="Leve"),AND(Z55="Posible",AB55="Menor"),AND(Z55="Posible",AB55="Moderado"),AND(Z55="Probable",AB55="Leve"),AND(Z55="Probable",AB55="Menor")),"Moderado",IF(OR(AND(Z55="Rara vez",AB55="Mayor"),AND(Z55="Improbable",AB55="Mayor"),AND(Z55="Posible",AB55="Mayor"),AND(Z55="Probable",AB55="Moderado"),AND(Z55="Probable",AB55="Mayor"),AND(Z55="Casi Seguro",AB55="Leve"),AND(Z55="Casi Seguro",AB55="Menor"),AND(Z55="Casi Seguro",AB55="Moderado"),AND(Z55="Casi Seguro",AB55="Mayor")),"Alto",IF(OR(AND(Z55="Rara vez",AB55="Catastrófico"),AND(Z55="Improbable",AB55="Catastrófico"),AND(Z55="Posible",AB55="Catastrófico"),AND(Z55="Probable",AB55="Catastrófico"),AND(Z55="Casi Seguro",AB55="Catastrófico")),"Extremo","")))),"") -> Alto
L56: =IF(NOT(ISERROR(MATCH(K56,_xlfn.ANCHORARRAY(G67),0))),J69&"Por favor no seleccionar los criterios de impacto",K56) -> 0 | P56: 3 | Q56: El técnico o profesional responsable de la Dirección Administrativa de manera trimestral o cuando lo considere pertinente reportara los bienes de propiedad planta y equipo que deben ser asegurados en la póliza de Todo Riesgo Daño Material, con el fin de amparar estos bienes y actualizar la información conforme a las entradas y salida de inventario. Como evidencia queda el reporte y/o la póliza. | R56: =IF(OR(S56="Preventivo",S56="Detectivo"),"Probabilidad",IF(S56="Correctivo","Impacto","")) -> Probabilidad | S56: Preventivo | T56: Manual | U56: =IF(AND(S56="Preventivo",T56="Automático"),"50%",IF(AND(S56="Preventivo",T56="Manual"),"40%",IF(AND(S56="Detectivo",T56="Automático"),"40%",IF(AND(S56="Detectivo",T56="Manual"),"30%",IF(AND(S56="Correctivo",T56="Automático"),"35%",IF(AND(S56="Correctivo",T56="Manual"),"25%","")))))) -> 40% | V56: Documentado | W56: Continua | X56: Con Registro | Y56: =IFERROR(IF(AND(R55="Probabilidad",R56="Probabilidad"),(AA55-(+AA55*U56)),IF(AND(R55="Impacto",R56="Probabilidad"),(AA54-(+AA54*U56)),IF(R56="Impacto",AA55,""))),"") -> 0.0504 | Z56: =IFERROR(IF(Y56="","",IF(Y56<=0.2,"Rara vez",IF(Y56<=0.4,"Improbable",IF(Y56<=0.6,"Posible",IF(Y56<=0.8,"Probable","Casi Seguro"))))),"") -> Rara vez | AA56: =+Y56 -> 0.0504 | AB56: =IFERROR(IF(AC56="","",IF(AC56<=0.6,"Moderado",IF(AC56<=0.8,"Mayor","Catastrófico"))),"") -> Mayor | AC56: =IFERROR(IF(AND(R55="Impacto",R56="Impacto"),(AC55-(+AC55*U56)),IF(AND(R55="Probabilidad",R56="Impacto"),(AC54-(+AC54*U56)),IF(R56="Probabilidad",AC55,""))),"") -> 0.8 | AD56: =IFERROR(IF(OR(AND(Z56="Rara vez",AB56="Leve"),AND(Z56="Rara vez",AB56="Menor"),AND(Z56="Improbable",AB56="Leve")),"Bajo",IF(OR(AND(Z56="Rara vez",AB56="Moderado"),AND(Z56="Improbable",AB56="Menor"),AND(Z56="Improbable",AB56="Moderado"),AND(Z56="Posible",AB56="Leve"),AND(Z56="Posible",AB56="Menor"),AND(Z56="Posible",AB56="Moderado"),AND(Z56="Probable",AB56="Leve"),AND(Z56="Probable",AB56="Menor")),"Moderado",IF(OR(AND(Z56="Rara vez",AB56="Mayor"),AND(Z56="Improbable",AB56="Mayor"),AND(Z56="Posible",AB56="Mayor"),AND(Z56="Probable",AB56="Moderado"),AND(Z56="Probable",AB56="Mayor"),AND(Z56="Casi Seguro",AB56="Leve"),AND(Z56="Casi Seguro",AB56="Menor"),AND(Z56="Casi Seguro",AB56="Moderado"),AND(Z56="Casi Seguro",AB56="Mayor")),"Alto",IF(OR(AND(Z56="Rara vez",AB56="Catastrófico"),AND(Z56="Improbable",AB56="Catastrófico"),AND(Z56="Posible",AB56="Catastrófico"),AND(Z56="Probable",AB56="Catastrófico"),AND(Z56="Casi Seguro",AB56="Catastrófico")),"Extremo","")))),"") -> Alto
L57: =IF(NOT(ISERROR(MATCH(K57,_xlfn.ANCHORARRAY(G68),0))),J70&"Por favor no seleccionar los criterios de impacto",K57) -> 0 | P57: 4 | Q57: El profesional de la Dirección Administrativa una vez detecte la pérdida del bien devolutivo hará efectiva los amparos de la póliza todo riesgo y tramitara la indemnización del siniestro para la reposición del bien. Como evidencia presentación del reclamo. | R57: =IF(OR(S57="Preventivo",S57="Detectivo"),"Probabilidad",IF(S57="Correctivo","Impacto","")) -> Impacto | S57: Correctivo | T57: Manual | U57: =IF(AND(S57="Preventivo",T57="Automático"),"50%",IF(AND(S57="Preventivo",T57="Manual"),"40%",IF(AND(S57="Detectivo",T57="Automático"),"40%",IF(AND(S57="Detectivo",T57="Manual"),"30%",IF(AND(S57="Correctivo",T57="Automático"),"35%",IF(AND(S57="Correctivo",T57="Manual"),"25%","")))))) -> 25% | V57: Documentado | W57: Continua | X57: Con Registro | Y57: =IFERROR(IF(AND(R56="Probabilidad",R57="Probabilidad"),(AA56-(+AA56*U57)),IF(AND(R56="Impacto",R57="Probabilidad"),(AA55-(+AA55*U57)),IF(R57="Impacto",AA56,""))),"") -> 0.0504 | Z57: Rara vez | AA57: =+Y57 -> 0.0504 | AB57: =IFERROR(IF(AC57="","",IF(AC57<=0.2,"Leve",IF(AC57<=0.4,"Menor",IF(AC57<=0.6,"Moderado",IF(AC57<=0.8,"Mayor","Catastrófico"))))),"") -> Moderado | AC57: =IFERROR(IF(AND(R56="Impacto",R57="Impacto"),(AC56-(+AC56*U57)),IF(AND(R56="Probabilidad",R57="Impacto"),(AC55-(+AC55*U57)),IF(R57="Probabilidad",AC56,""))),"") -> 0.6 | AD57: =IFERROR(IF(OR(AND(Z57="Rara vez",AB57="Leve"),AND(Z57="Rara vez",AB57="Menor"),AND(Z57="Improbable",AB57="Leve")),"Bajo",IF(OR(AND(Z57="Rara vez",AB57="Moderado"),AND(Z57="Improbable",AB57="Menor"),AND(Z57="Improbable",AB57="Moderado"),AND(Z57="Posible",AB57="Leve"),AND(Z57="Posible",AB57="Menor"),AND(Z57="Posible",AB57="Moderado"),AND(Z57="Probable",AB57="Leve"),AND(Z57="Probable",AB57="Menor")),"Moderado",IF(OR(AND(Z57="Rara vez",AB57="Mayor"),AND(Z57="Improbable",AB57="Mayor"),AND(Z57="Posible",AB57="Mayor"),AND(Z57="Probable",AB57="Moderado"),AND(Z57="Probable",AB57="Mayor"),AND(Z57="Casi Seguro",AB57="Leve"),AND(Z57="Casi Seguro",AB57="Menor"),AND(Z57="Casi Seguro",AB57="Moderado"),AND(Z57="Casi Seguro",AB57="Mayor")),"Alto",IF(OR(AND(Z57="Rara vez",AB57="Catastrófico"),AND(Z57="Improbable",AB57="Catastrófico"),AND(Z57="Posible",AB57="Catastrófico"),AND(Z57="Probable",AB57="Catastrófico"),AND(Z57="Casi Seguro",AB57="Catastrófico")),"Extremo","")))),"") -> Moderado | AE57: Reducir (mitigar) | AF57: Revisar y actualizar el procedimiento de bienes Devolutivos | AG57: Director Administrativo | AH57: 45807 | AK57: En curso
L58: =IF(NOT(ISERROR(MATCH(K58,_xlfn.ANCHORARRAY(G69),0))),J71&"Por favor no seleccionar los criterios de impacto",K58) -> 0 | P58: 5 | R58: =IF(OR(S58="Preventivo",S58="Detectivo"),"Probabilidad",IF(S58="Correctivo","Impacto","")) | U58: =IF(AND(S58="Preventivo",T58="Automático"),"50%",IF(AND(S58="Preventivo",T58="Manual"),"40%",IF(AND(S58="Detectivo",T58="Automático"),"40%",IF(AND(S58="Detectivo",T58="Manual"),"30%",IF(AND(S58="Correctivo",T58="Automático"),"35%",IF(AND(S58="Correctivo",T58="Manual"),"25%","")))))) | Y58: =IFERROR(IF(AND(R57="Probabilidad",R58="Probabilidad"),(AA57-(+AA57*U58)),IF(AND(R57="Impacto",R58="Probabilidad"),(AA56-(+AA56*U58)),IF(R58="Impacto",AA57,""))),"") | Z58: =IFERROR(IF(Y58="","",IF(Y58<=0.2,"Rara vez",IF(Y58<=0.4,"Improbable",IF(Y58<=0.6,"Posible",IF(Y58<=0.8,"Probable","Casi Seguro"))))),"") | AA58: =+Y58 | AB58: =IFERROR(IF(AC58="","",IF(AC58<=0.6,"Moderado",IF(AC58<=0.8,"Mayor","Catastrófico"))),"") | AC58: =IFERROR(IF(AND(R57="Impacto",R58="Impacto"),(AC57-(+AC57*U58)),IF(AND(R57="Probabilidad",R58="Impacto"),(AC56-(+AC56*U58)),IF(R58="Probabilidad",AC57,""))),"") | AD58: =IFERROR(IF(OR(AND(Z58="Muy Baja",AB58="Leve"),AND(Z58="Muy Baja",AB58="Menor"),AND(Z58="Baja",AB58="Leve")),"Bajo",IF(OR(AND(Z58="Muy baja",AB58="Moderado"),AND(Z58="Baja",AB58="Menor"),AND(Z58="Baja",AB58="Moderado"),AND(Z58="Media",AB58="Leve"),AND(Z58="Media",AB58="Menor"),AND(Z58="Media",AB58="Moderado"),AND(Z58="Alta",AB58="Leve"),AND(Z58="Alta",AB58="Menor")),"Moderado",IF(OR(AND(Z58="Muy Baja",AB58="Mayor"),AND(Z58="Baja",AB58="Mayor"),AND(Z58="Media",AB58="Mayor"),AND(Z58="Alta",AB58="Moderado"),AND(Z58="Alta",AB58="Mayor"),AND(Z58="Muy Alta",AB58="Leve"),AND(Z58="Muy Alta",AB58="Menor"),AND(Z58="Muy Alta",AB58="Moderado"),AND(Z58="Muy Alta",AB58="Mayor")),"Alto",IF(OR(AND(Z58="Muy Baja",AB58="Catastrófico"),AND(Z58="Baja",AB58="Catastrófico"),AND(Z58="Media",AB58="Catastrófico"),AND(Z58="Alta",AB58="Catastrófico"),AND(Z58="Muy Alta",AB58="Catastrófico")),"Extremo","")))),"")
L59: =IF(NOT(ISERROR(MATCH(K59,_xlfn.ANCHORARRAY(G70),0))),J72&"Por favor no seleccionar los criterios de impacto",K59) -> 0 | P59: 6 | R59: =IF(OR(S59="Preventivo",S59="Detectivo"),"Probabilidad",IF(S59="Correctivo","Impacto","")) | U59: =IF(AND(S59="Preventivo",T59="Automático"),"50%",IF(AND(S59="Preventivo",T59="Manual"),"40%",IF(AND(S59="Detectivo",T59="Automático"),"40%",IF(AND(S59="Detectivo",T59="Manual"),"30%",IF(AND(S59="Correctivo",T59="Automático"),"35%",IF(AND(S59="Correctivo",T59="Manual"),"25%","")))))) | Y59: =IFERROR(IF(AND(R58="Probabilidad",R59="Probabilidad"),(AA58-(+AA58*U59)),IF(AND(R58="Impacto",R59="Probabilidad"),(AA57-(+AA57*U59)),IF(R59="Impacto",AA58,""))),"") | Z59: =IFERROR(IF(Y59="","",IF(Y59<=0.2,"Rara vez",IF(Y59<=0.4,"Improbable",IF(Y59<=0.6,"Posible",IF(Y59<=0.8,"Probable","Casi Seguro"))))),"") | AA59: =+Y59 | AB59: =IFERROR(IF(AC59="","",IF(AC59<=0.6,"Moderado",IF(AC59<=0.8,"Mayor","Catastrófico"))),"") | AC59: =IFERROR(IF(AND(R58="Impacto",R59="Impacto"),(AC58-(+AC58*U59)),IF(AND(R58="Probabilidad",R59="Impacto"),(AC57-(+AC57*U59)),IF(R59="Probabilidad",AC58,""))),"") | AD59: =IFERROR(IF(OR(AND(Z59="Muy Baja",AB59="Leve"),AND(Z59="Muy Baja",AB59="Menor"),AND(Z59="Baja",AB59="Leve")),"Bajo",IF(OR(AND(Z59="Muy baja",AB59="Moderado"),AND(Z59="Baja",AB59="Menor"),AND(Z59="Baja",AB59="Moderado"),AND(Z59="Media",AB59="Leve"),AND(Z59="Media",AB59="Menor"),AND(Z59="Media",AB59="Moderado"),AND(Z59="Alta",AB59="Leve"),AND(Z59="Alta",AB59="Menor")),"Moderado",IF(OR(AND(Z59="Muy Baja",AB59="Mayor"),AND(Z59="Baja",AB59="Mayor"),AND(Z59="Media",AB59="Mayor"),AND(Z59="Alta",AB59="Moderado"),AND(Z59="Alta",AB59="Mayor"),AND(Z59="Muy Alta",AB59="Leve"),AND(Z59="Muy Alta",AB59="Menor"),AND(Z59="Muy Alta",AB59="Moderado"),AND(Z59="Muy Alta",AB59="Mayor")),"Alto",IF(OR(AND(Z59="Muy Baja",AB59="Catastrófico"),AND(Z59="Baja",AB59="Catastrófico"),AND(Z59="Media",AB59="Catastrófico"),AND(Z59="Alta",AB59="Catastrófico"),AND(Z59="Muy Alta",AB59="Catastrófico")),"Extremo","")))),"")
B60: RC-GF-1 | C60: Gestión Financiera | D60: Posibilidad de alteración de la información contenida en el archivo plano para los pagos por concepto de nómina, impuestos locales, servicios públicos y descuentos por nómina, con el fin de lograr un pago efectivo a su beneficiario final | E60: Riesgo de Corrupción | F60: Falta de ética profesional Que los archivos planos para pago sean alterados | G60: Afectación en el nivel de satisfacción de usuarios internos y/o externos Demandas Afectación de la Imagen Institucional | H60: No se ha presentado en los últimos 5 años | I60: =IF(H60<=0,"",IF(H60="No se ha presentado en los últimos 5 años","Rara vez",IF(H60="Al menos 1 vez en los últimos 5 años","Improbable",IF(H60="Al menos 1 vez en los últimos 2 años","Posible",IF(H60="Al menos 1 vez en el último año","Probable",IF(H60="Más de 1 vez al año","Casi Seguro")))))) -> Rara vez | J60: =IF(I60="","",IF(I60="Rara vez",0.2,IF(I60="Improbable",0.4,IF(I60="Posible",0.6,IF(I60="Probable",0.8,IF(I60="Casi Seguro",1,)))))) -> 0.2 | K60: Responder afirmativamente de DOCE a DIECINUEVE | L60: =IF(NOT(ISERROR(MATCH(K60,'Tabla Impacto'!$B$220:$B$222,0))),'Tabla Impacto'!$F$222&"Por favor no seleccionar los criterios de impacto(Criterios para calificar el impacto)",K60) -> Responder afirmativamente de DOCE a DIECINUEVE | M60: =IF(OR(L60='Tabla Impacto'!$C$5),"Moderado",IF(OR(L60='Tabla Impacto'!$C$6),"Mayor",IF(OR(L60='Tabla Impacto'!$C$7),"Catastrófico",""))) -> Catastrófico | N60: =IF(M60="","",IF(M60="Leve",0.2,IF(M60="Menor",0.4,IF(M60="Moderado",0.6,IF(M60="Mayor",0.8,IF(M60="Catastrófico",1,)))))) -> 1 | O60: =IF(OR(AND(I60="Rara vez",M60="Leve"),AND(I60="Rara vez",M60="Menor"),AND(I60="Improbable",M60="Leve")),"Bajo",IF(OR(AND(I60="Rara vez",M60="Moderado"),AND(I60="Improbable",M60="Menor"),AND(I60="Improbable",M60="Moderado"),AND(I60="Posible",M60="Leve"),AND(I60="Posible",M60="Menor"),AND(I60="Posible",M60="Moderado"),AND(I60="Probable",M60="Leve"),AND(I60="Probable",M60="Menor")),"Moderado",IF(OR(AND(I60="Rara vez",M60="Mayor"),AND(I60="Improbable",M60="Mayor"),AND(I60="Posible",M60="Mayor"),AND(I60="Probable",M60="Moderado"),AND(I60="Probable",M60="Mayor"),AND(I60="Casi Seguro",M60="Leve"),AND(I60="Casi Seguro",M60="Menor"),AND(I60="Casi Seguro",M60="Moderado"),AND(I60="Casi Seguro",M60="Mayor")),"Alto",IF(OR(AND(I60="Rara vez",M60="Catastrófico"),AND(I60="Improbable",M60="Catastrófico"),AND(I60="Posible",M60="Catastrófico"),AND(I60="Probable",M60="Catastrófico"),AND(I60="Casi Seguro",M60="Catastrófico")),"Extremo","")))) -> Extremo | P60: 1 | Q60: El funcionario designado de la Tesorería de la Dirección Financiera diariamente verifica que se encuentre con las autorizaciones respectivas en el flujo de pagos del aplicativo financiero para ejecutar el proceso de gestión de pago. Sin evidencia ya que queda la trazabilidad en el aplicativo financiero. PR-GF-004 Procedimiento para pagos | R60: =IF(OR(S60="Preventivo",S60="Detectivo"),"Probabilidad",IF(S60="Correctivo","Impacto","")) -> Probabilidad | S60: Preventivo | T60: Automático | U60: =IF(AND(S60="Preventivo",T60="Automático"),"50%",IF(AND(S60="Preventivo",T60="Manual"),"40%",IF(AND(S60="Detectivo",T60="Automático"),"40%",IF(AND(S60="Detectivo",T60="Manual"),"30%",IF(AND(S60="Correctivo",T60="Automático"),"35%",IF(AND(S60="Correctivo",T60="Manual"),"25%","")))))) -> 50% | V60: Documentado | W60: Continua | X60: Sin Registro | Y60: =IFERROR(IF(R60="Probabilidad",(J60-(+J60*U60)),IF(R60="Impacto",J60,"")),"") -> 0.1 | Z60: =IFERROR(IF(Y60="","",IF(Y60<=0.2,"Rara vez",IF(Y60<=0.4,"Improbable",IF(Y60<=0.6,"Posible",IF(Y60<=0.8,"Probable","Casi Seguro"))))),"") -> Rara vez | AA60: =+Y60 -> 0.1 | AB60: =IFERROR(IF(AC60="","",IF(AC60<=0.6,"Moderado",IF(AC60<=0.8,"Mayor","Catastrófico"))),"") -> Catastrófico | AC60: =IFERROR(IF(R60="Impacto",(N60-(+N60*U60)),IF(R60="Probabilidad",N60,"")),"") -> 1 | AD60: =IFERROR(IF(OR(AND(Z60="Rara vez",AB60="Leve"),AND(Z60="Rara vez",AB60="Menor"),AND(Z60="Improbable",AB60="Leve")),"Bajo",IF(OR(AND(Z60="Rara vez",AB60="Moderado"),AND(Z60="Improbable",AB60="Menor"),AND(Z60="Improbable",AB60="Moderado"),AND(Z60="Posible",AB60="Leve"),AND(Z60="Posible",AB60="Menor"),AND(Z60="Posible",AB60="Moderado"),AND(Z60="Probable",AB60="Leve"),AND(Z60="Probable",AB60="Menor")),"Moderado",IF(OR(AND(Z60="Rara vez",AB60="Mayor"),AND(Z60="Improbable",AB60="Mayor"),AND(Z60="Posible",AB60="Mayor"),AND(Z60="Probable",AB60="Moderado"),AND(Z60="Probable",AB60="Mayor"),AND(Z60="Casi Seguro",AB60="Leve"),AND(Z60="Casi Seguro",AB60="Menor"),AND(Z60="Casi Seguro",AB60="Moderado"),AND(Z60="Casi Seguro",AB60="Mayor")),"Alto",IF(OR(AND(Z60="Rara vez",AB60="Catastrófico"),AND(Z60="Improbable",AB60="Catastrófico"),AND(Z60="Posible",AB60="Catastrófico"),AND(Z60="Probable",AB60="Catastrófico"),AND(Z60="Casi Seguro",AB60="Catastrófico")),"Extremo","")))),"") -> Extremo
L61: =IF(NOT(ISERROR(MATCH(K61,_xlfn.ANCHORARRAY(G72),0))),J74&"Por favor no seleccionar los criterios de impacto",K61) -> 0 | P61: 2 | Q61: El funcionario designado por Tesorería de la Dirección Financiera diariamente descarga el archivo plano que el aplicativo financiero genera de manera automática. Este archivo contiene la estructura y los protocolos de seguridad Asobancaria. Sin evidencia ya que queda la trazabilidad en el aplicativo financiero.PR-GF-004 Procedimiento para pagos | R61: =IF(OR(S61="Preventivo",S61="Detectivo"),"Probabilidad",IF(S61="Correctivo","Impacto","")) -> Probabilidad | S61: Detectivo | T61: Automático | U61: =IF(AND(S61="Preventivo",T61="Automático"),"50%",IF(AND(S61="Preventivo",T61="Manual"),"40%",IF(AND(S61="Detectivo",T61="Automático"),"40%",IF(AND(S61="Detectivo",T61="Manual"),"30%",IF(AND(S61="Correctivo",T61="Automático"),"35%",IF(AND(S61="Correctivo",T61="Manual"),"25%","")))))) -> 40% | V61: Sin Documentar | W61: Continua | X61: Sin Registro | Y61: =IFERROR(IF(AND(R60="Probabilidad",R61="Probabilidad"),(AA60-(+AA60*U61)),IF(R61="Probabilidad",(J60-(+J60*U61)),IF(R61="Impacto",AA60,""))),"") -> 0.06 | Z61: =IFERROR(IF(Y61="","",IF(Y61<=0.2,"Rara vez",IF(Y61<=0.4,"Improbable",IF(Y61<=0.6,"Posible",IF(Y61<=0.8,"Probable","Casi Seguro"))))),"") -> Rara vez | AA61: =+Y61 -> 0.06 | AB61: =IFERROR(IF(AC61="","",IF(AC61<=0.6,"Moderado",IF(AC61<=0.8,"Mayor","Catastrófico"))),"") -> Catastrófico | AC61: =IFERROR(IF(AND(R60="Impacto",R61="Impacto"),(AC60-(+AC60*U61)),IF(R61="Impacto",(N60-(+N60*U61)),IF(R61="Probabilidad",AC60,""))),"") -> 1 | AD61: =IFERROR(IF(OR(AND(Z61="Rara vez",AB61="Leve"),AND(Z61="Rara vez",AB61="Menor"),AND(Z61="Improbable",AB61="Leve")),"Bajo",IF(OR(AND(Z61="Rara vez",AB61="Moderado"),AND(Z61="Improbable",AB61="Menor"),AND(Z61="Improbable",AB61="Moderado"),AND(Z61="Posible",AB61="Leve"),AND(Z61="Posible",AB61="Menor"),AND(Z61="Posible",AB61="Moderado"),AND(Z61="Probable",AB61="Leve"),AND(Z61="Probable",AB61="Menor")),"Moderado",IF(OR(AND(Z61="Rara vez",AB61="Mayor"),AND(Z61="Improbable",AB61="Mayor"),AND(Z61="Posible",AB61="Mayor"),AND(Z61="Probable",AB61="Moderado"),AND(Z61="Probable",AB61="Mayor"),AND(Z61="Casi Seguro",AB61="Leve"),AND(Z61="Casi Seguro",AB61="Menor"),AND(Z61="Casi Seguro",AB61="Moderado"),AND(Z61="Casi Seguro",AB61="Mayor")),"Alto",IF(OR(AND(Z61="Rara vez",AB61="Catastrófico"),AND(Z61="Improbable",AB61="Catastrófico"),AND(Z61="Posible",AB61="Catastrófico"),AND(Z61="Probable",AB61="Catastrófico"),AND(Z61="Casi Seguro",AB61="Catastrófico")),"Extremo","")))),"") -> Extremo
L62: =IF(NOT(ISERROR(MATCH(K62,_xlfn.ANCHORARRAY(G73),0))),J75&"Por favor no seleccionar los criterios de impacto",K62) -> 0 | P62: 3 | Q62: El funcionario designado por la Tesorería de la Dirección Financiera diariamente y posterior a todas las validaciones ejecuta los pagos a las cuentas bancarias de acuerdo con la información suministrada por las áreas misionales solicitantes de pagos. Sin evidencia ya que queda la trazabilidad en el aplicativo financiero.PR-GF-004 Procedimiento para pagos | R62: =IF(OR(S62="Preventivo",S62="Detectivo"),"Probabilidad",IF(S62="Correctivo","Impacto","")) -> Probabilidad | S62: Preventivo | T62: Automático | U62: =IF(AND(S62="Preventivo",T62="Automático"),"50%",IF(AND(S62="Preventivo",T62="Manual"),"40%",IF(AND(S62="Detectivo",T62="Automático"),"40%",IF(AND(S62="Detectivo",T62="Manual"),"30%",IF(AND(S62="Correctivo",T62="Automático"),"35%",IF(AND(S62="Correctivo",T62="Manual"),"25%","")))))) -> 50% | V62: Documentado | W62: Continua | X62: Sin Registro | Y62: =IFERROR(IF(AND(R61="Probabilidad",R62="Probabilidad"),(AA61-(+AA61*U62)),IF(AND(R61="Impacto",R62="Probabilidad"),(AA60-(+AA60*U62)),IF(R62="Impacto",AA61,""))),"") -> 0.03 | Z62: =IFERROR(IF(Y62="","",IF(Y62<=0.2,"Rara vez",IF(Y62<=0.4,"Improbable",IF(Y62<=0.6,"Posible",IF(Y62<=0.8,"Probable","Casi Seguro"))))),"") -> Rara vez | AA62: =+Y62 -> 0.03 | AB62: =IFERROR(IF(AC62="","",IF(AC62<=0.6,"Moderado",IF(AC62<=0.8,"Mayor","Catastrófico"))),"") -> Catastrófico | AC62: =IFERROR(IF(AND(R61="Impacto",R62="Impacto"),(AC61-(+AC61*U62)),IF(AND(R61="Probabilidad",R62="Impacto"),(AC60-(+AC60*U62)),IF(R62="Probabilidad",AC61,""))),"") -> 1 | AD62: =IFERROR(IF(OR(AND(Z62="Rara vez",AB62="Leve"),AND(Z62="Rara vez",AB62="Menor"),AND(Z62="Improbable",AB62="Leve")),"Bajo",IF(OR(AND(Z62="Rara vez",AB62="Moderado"),AND(Z62="Improbable",AB62="Menor"),AND(Z62="Improbable",AB62="Moderado"),AND(Z62="Posible",AB62="Leve"),AND(Z62="Posible",AB62="Menor"),AND(Z62="Posible",AB62="Moderado"),AND(Z62="Probable",AB62="Leve"),AND(Z62="Probable",AB62="Menor")),"Moderado",IF(OR(AND(Z62="Rara vez",AB62="Mayor"),AND(Z62="Improbable",AB62="Mayor"),AND(Z62="Posible",AB62="Mayor"),AND(Z62="Probable",AB62="Moderado"),AND(Z62="Probable",AB62="Mayor"),AND(Z62="Casi Seguro",AB62="Leve"),AND(Z62="Casi Seguro",AB62="Menor"),AND(Z62="Casi Seguro",AB62="Moderado"),AND(Z62="Casi Seguro",AB62="Mayor")),"Alto",IF(OR(AND(Z62="Rara vez",AB62="Catastrófico"),AND(Z62="Improbable",AB62="Catastrófico"),AND(Z62="Posible",AB62="Catastrófico"),AND(Z62="Probable",AB62="Catastrófico"),AND(Z62="Casi Seguro",AB62="Catastrófico")),"Extremo","")))),"") -> Extremo
L63: =IF(NOT(ISERROR(MATCH(K63,_xlfn.ANCHORARRAY(G74),0))),J76&"Por favor no seleccionar los criterios de impacto",K63) -> 0 | P63: 4 | Q63: El funcionario designado por la Tesorería de la Dirección Financiera diariamente garantiza que previo a la ejecución de los pagos se hayan efectuado mínimo dos de tres firmas autorizadas. Adicionalmente, se usa un token de seguridad como doble factor de autenticación autorizado por la entidad financiera. Sin evidencia ya que queda la trazabilidad en el aplicativo bancario. PR-GF-004 Procedimiento para pagos | R63: Probabilidad | S63: Preventivo | T63: Automático | U63: =IF(AND(S63="Preventivo",T63="Automático"),"50%",IF(AND(S63="Preventivo",T63="Manual"),"40%",IF(AND(S63="Detectivo",T63="Automático"),"40%",IF(AND(S63="Detectivo",T63="Manual"),"30%",IF(AND(S63="Correctivo",T63="Automático"),"35%",IF(AND(S63="Correctivo",T63="Manual"),"25%","")))))) -> 50% | V63: Documentado | W63: Continua | X63: Sin Registro | Y63: =IFERROR(IF(AND(R62="Probabilidad",R63="Probabilidad"),(AA62-(+AA62*U63)),IF(AND(R62="Impacto",R63="Probabilidad"),(AA61-(+AA61*U63)),IF(R63="Impacto",AA62,""))),"") -> 0.015 | Z63: Rara vez | AA63: =+Y63 -> 0.015 | AB63: =IFERROR(IF(AC63="","",IF(AC63<=0.2,"Leve",IF(AC63<=0.4,"Menor",IF(AC63<=0.6,"Moderado",IF(AC63<=0.8,"Mayor","Catastrófico"))))),"") -> Catastrófico | AC63: =IFERROR(IF(AND(R62="Impacto",R63="Impacto"),(AC62-(+AC62*U63)),IF(AND(R62="Probabilidad",R63="Impacto"),(AC61-(+AC61*U63)),IF(R63="Probabilidad",AC62,""))),"") -> 1 | AD63: =IFERROR(IF(OR(AND(Z63="Rara vez",AB63="Leve"),AND(Z63="Rara vez",AB63="Menor"),AND(Z63="Improbable",AB63="Leve")),"Bajo",IF(OR(AND(Z63="Rara vez",AB63="Moderado"),AND(Z63="Improbable",AB63="Menor"),AND(Z63="Improbable",AB63="Moderado"),AND(Z63="Posible",AB63="Leve"),AND(Z63="Posible",AB63="Menor"),AND(Z63="Posible",AB63="Moderado"),AND(Z63="Probable",AB63="Leve"),AND(Z63="Probable",AB63="Menor")),"Moderado",IF(OR(AND(Z63="Rara vez",AB63="Mayor"),AND(Z63="Improbable",AB63="Mayor"),AND(Z63="Posible",AB63="Mayor"),AND(Z63="Probable",AB63="Moderado"),AND(Z63="Probable",AB63="Mayor"),AND(Z63="Casi Seguro",AB63="Leve"),AND(Z63="Casi Seguro",AB63="Menor"),AND(Z63="Casi Seguro",AB63="Moderado"),AND(Z63="Casi Seguro",AB63="Mayor")),"Alto",IF(OR(AND(Z63="Rara vez",AB63="Catastrófico"),AND(Z63="Improbable",AB63="Catastrófico"),AND(Z63="Posible",AB63="Catastrófico"),AND(Z63="Probable",AB63="Catastrófico"),AND(Z63="Casi Seguro",AB63="Catastrófico")),"Extremo","")))),"") -> Extremo | AE63: Reducir (mitigar)
L64: =IF(NOT(ISERROR(MATCH(K64,_xlfn.ANCHORARRAY(G75),0))),J77&"Por favor no seleccionar los criterios de impacto",K64) -> 0 | P64: 5 | R64: =IF(OR(S64="Preventivo",S64="Detectivo"),"Probabilidad",IF(S64="Correctivo","Impacto","")) | U64: =IF(AND(S64="Preventivo",T64="Automático"),"50%",IF(AND(S64="Preventivo",T64="Manual"),"40%",IF(AND(S64="Detectivo",T64="Automático"),"40%",IF(AND(S64="Detectivo",T64="Manual"),"30%",IF(AND(S64="Correctivo",T64="Automático"),"35%",IF(AND(S64="Correctivo",T64="Manual"),"25%","")))))) | Y64: =IFERROR(IF(AND(R63="Probabilidad",R64="Probabilidad"),(AA63-(+AA63*U64)),IF(AND(R63="Impacto",R64="Probabilidad"),(AA62-(+AA62*U64)),IF(R64="Impacto",AA63,""))),"") | Z64: =IFERROR(IF(Y64="","",IF(Y64<=0.2,"Rara vez",IF(Y64<=0.4,"Improbable",IF(Y64<=0.6,"Posible",IF(Y64<=0.8,"Probable","Casi Seguro"))))),"") | AA64: =+Y64 | AB64: =IFERROR(IF(AC64="","",IF(AC64<=0.6,"Moderado",IF(AC64<=0.8,"Mayor","Catastrófico"))),"") | AC64: =IFERROR(IF(AND(R63="Impacto",R64="Impacto"),(AC63-(+AC63*U64)),IF(AND(R63="Probabilidad",R64="Impacto"),(AC62-(+AC62*U64)),IF(R64="Probabilidad",AC63,""))),"") | AD64: =IFERROR(IF(OR(AND(Z64="Muy Baja",AB64="Leve"),AND(Z64="Muy Baja",AB64="Menor"),AND(Z64="Baja",AB64="Leve")),"Bajo",IF(OR(AND(Z64="Muy baja",AB64="Moderado"),AND(Z64="Baja",AB64="Menor"),AND(Z64="Baja",AB64="Moderado"),AND(Z64="Media",AB64="Leve"),AND(Z64="Media",AB64="Menor"),AND(Z64="Media",AB64="Moderado"),AND(Z64="Alta",AB64="Leve"),AND(Z64="Alta",AB64="Menor")),"Moderado",IF(OR(AND(Z64="Muy Baja",AB64="Mayor"),AND(Z64="Baja",AB64="Mayor"),AND(Z64="Media",AB64="Mayor"),AND(Z64="Alta",AB64="Moderado"),AND(Z64="Alta",AB64="Mayor"),AND(Z64="Muy Alta",AB64="Leve"),AND(Z64="Muy Alta",AB64="Menor"),AND(Z64="Muy Alta",AB64="Moderado"),AND(Z64="Muy Alta",AB64="Mayor")),"Alto",IF(OR(AND(Z64="Muy Baja",AB64="Catastrófico"),AND(Z64="Baja",AB64="Catastrófico"),AND(Z64="Media",AB64="Catastrófico"),AND(Z64="Alta",AB64="Catastrófico"),AND(Z64="Muy Alta",AB64="Catastrófico")),"Extremo","")))),"")
L65: =IF(NOT(ISERROR(MATCH(K65,_xlfn.ANCHORARRAY(G76),0))),J78&"Por favor no seleccionar los criterios de impacto",K65) -> 0 | P65: 6 | R65: =IF(OR(S65="Preventivo",S65="Detectivo"),"Probabilidad",IF(S65="Correctivo","Impacto","")) | U65: =IF(AND(S65="Preventivo",T65="Automático"),"50%",IF(AND(S65="Preventivo",T65="Manual"),"40%",IF(AND(S65="Detectivo",T65="Automático"),"40%",IF(AND(S65="Detectivo",T65="Manual"),"30%",IF(AND(S65="Correctivo",T65="Automático"),"35%",IF(AND(S65="Correctivo",T65="Manual"),"25%","")))))) | Y65: =IFERROR(IF(AND(R64="Probabilidad",R65="Probabilidad"),(AA64-(+AA64*U65)),IF(AND(R64="Impacto",R65="Probabilidad"),(AA63-(+AA63*U65)),IF(R65="Impacto",AA64,""))),"") | Z65: =IFERROR(IF(Y65="","",IF(Y65<=0.2,"Rara vez",IF(Y65<=0.4,"Improbable",IF(Y65<=0.6,"Posible",IF(Y65<=0.8,"Probable","Casi Seguro"))))),"") | AA65: =+Y65 | AB65: =IFERROR(IF(AC65="","",IF(AC65<=0.6,"Moderado",IF(AC65<=0.8,"Mayor","Catastrófico"))),"") | AC65: =IFERROR(IF(AND(R64="Impacto",R65="Impacto"),(AC64-(+AC64*U65)),IF(AND(R64="Probabilidad",R65="Impacto"),(AC63-(+AC63*U65)),IF(R65="Probabilidad",AC64,""))),"") | AD65: =IFERROR(IF(OR(AND(Z65="Muy Baja",AB65="Leve"),AND(Z65="Muy Baja",AB65="Menor"),AND(Z65="Baja",AB65="Leve")),"Bajo",IF(OR(AND(Z65="Muy baja",AB65="Moderado"),AND(Z65="Baja",AB65="Menor"),AND(Z65="Baja",AB65="Moderado"),AND(Z65="Media",AB65="Leve"),AND(Z65="Media",AB65="Menor"),AND(Z65="Media",AB65="Moderado"),AND(Z65="Alta",AB65="Leve"),AND(Z65="Alta",AB65="Menor")),"Moderado",IF(OR(AND(Z65="Muy Baja",AB65="Mayor"),AND(Z65="Baja",AB65="Mayor"),AND(Z65="Media",AB65="Mayor"),AND(Z65="Alta",AB65="Moderado"),AND(Z65="Alta",AB65="Mayor"),AND(Z65="Muy Alta",AB65="Leve"),AND(Z65="Muy Alta",AB65="Menor"),AND(Z65="Muy Alta",AB65="Moderado"),AND(Z65="Muy Alta",AB65="Mayor")),"Alto",IF(OR(AND(Z65="Muy Baja",AB65="Catastrófico"),AND(Z65="Baja",AB65="Catastrófico"),AND(Z65="Media",AB65="Catastrófico"),AND(Z65="Alta",AB65="Catastrófico"),AND(Z65="Muy Alta",AB65="Catastrófico")),"Extremo","")))),"")
B66: RC-GF-2 | C66: Gestión Financiera | D66: Posibilidad de recibir o solicitar cualquier dádiva o beneficio a nombre propio o de terceros, con el fin de registrar recaudos de dineros que no han ingresado a las cuentas bancarias de SAE o FRISCO | E66: Riesgo de Corrupción | F66: Favorecimiento propio y/o a un tercero en particular. Amiguismo. Soborno a funcionario Concentración de autoridad. | G66: Pérdida de recursos/activos - Detrimento Patrimonial por recepción de menor rentabilidad Cohecho o concusión Investigaciones penales, fiscales o disciplinarias | H66: No se ha presentado en los últimos 5 años | I66: =IF(H66<=0,"",IF(H66="No se ha presentado en los últimos 5 años","Rara vez",IF(H66="Al menos 1 vez en los últimos 5 años","Improbable",IF(H66="Al menos 1 vez en los últimos 2 años","Posible",IF(H66="Al menos 1 vez en el último año","Probable",IF(H66="Más de 1 vez al año","Casi Seguro")))))) -> Rara vez | J66: =IF(I66="","",IF(I66="Rara vez",0.2,IF(I66="Improbable",0.4,IF(I66="Posible",0.6,IF(I66="Probable",0.8,IF(I66="Casi Seguro",1,)))))) -> 0.2 | K66: Responder afirmativamente de UNA a CINCO preguntas | L66: =IF(NOT(ISERROR(MATCH(K66,'Tabla Impacto'!$B$220:$B$222,0))),'Tabla Impacto'!$F$222&"Por favor no seleccionar los criterios de impacto(Criterios para calificar el impacto)",K66) -> Responder afirmativamente de UNA a CINCO preguntas | M66: =IF(OR(L66='Tabla Impacto'!$C$5),"Moderado",IF(OR(L66='Tabla Impacto'!$C$6),"Mayor",IF(OR(L66='Tabla Impacto'!$C$7),"Catastrófico",""))) -> Moderado | N66: =IF(M66="","",IF(M66="Leve",0.2,IF(M66="Menor",0.4,IF(M66="Moderado",0.6,IF(M66="Mayor",0.8,IF(M66="Catastrófico",1,)))))) -> 0.6 | O66: =IF(OR(AND(I66="Rara vez",M66="Leve"),AND(I66="Rara vez",M66="Menor"),AND(I66="Improbable",M66="Leve")),"Bajo",IF(OR(AND(I66="Rara vez",M66="Moderado"),AND(I66="Improbable",M66="Menor"),AND(I66="Improbable",M66="Moderado"),AND(I66="Posible",M66="Leve"),AND(I66="Posible",M66="Menor"),AND(I66="Posible",M66="Moderado"),AND(I66="Probable",M66="Leve"),AND(I66="Probable",M66="Menor")),"Moderado",IF(OR(AND(I66="Rara vez",M66="Mayor"),AND(I66="Improbable",M66="Mayor"),AND(I66="Posible",M66="Mayor"),AND(I66="Probable",M66="Moderado"),AND(I66="Probable",M66="Mayor"),AND(I66="Casi Seguro",M66="Leve"),AND(I66="Casi Seguro",M66="Menor"),AND(I66="Casi Seguro",M66="Moderado"),AND(I66="Casi Seguro",M66="Mayor")),"Alto",IF(OR(AND(I66="Rara vez",M66="Catastrófico"),AND(I66="Improbable",M66="Catastrófico"),AND(I66="Posible",M66="Catastrófico"),AND(I66="Probable",M66="Catastrófico"),AND(I66="Casi Seguro",M66="Catastrófico")),"Extremo","")))) -> Moderado | P66: 1 | Q66: El funcionario designado por la Tesorería de la Dirección Financiera descarga diariamente desde la plataforma bancaria los archivos planos correspondientes a recaudos en su estructura Asobancaria 2011 los cuales son cargados posteriormente sin ninguna modificación al aplicativo misional. Sin evidencia ya que queda la trazabilidad en el aplicativo bancario. PR-GF-009 Procedimiento para el recaudo de ingresos del FRISCO. | R66: =IF(OR(S66="Preventivo",S66="Detectivo"),"Probabilidad",IF(S66="Correctivo","Impacto","")) -> Probabilidad | S66: Preventivo | T66: Automático | U66: =IF(AND(S66="Preventivo",T66="Automático"),"50%",IF(AND(S66="Preventivo",T66="Manual"),"40%",IF(AND(S66="Detectivo",T66="Automático"),"40%",IF(AND(S66="Detectivo",T66="Manual"),"30%",IF(AND(S66="Correctivo",T66="Automático"),"35%",IF(AND(S66="Correctivo",T66="Manual"),"25%","")))))) -> 50% | V66: Documentado | W66: Continua | X66: Sin Registro | Y66: =IFERROR(IF(R66="Probabilidad",(J66-(+J66*U66)),IF(R66="Impacto",J66,"")),"") -> 0.1 | Z66: =IFERROR(IF(Y66="","",IF(Y66<=0.2,"Rara vez",IF(Y66<=0.4,"Improbable",IF(Y66<=0.6,"Posible",IF(Y66<=0.8,"Probable","Casi Seguro"))))),"") -> Rara vez | AA66: =+Y66 -> 0.1 | AB66: =IFERROR(IF(AC66="","",IF(AC66<=0.6,"Moderado",IF(AC66<=0.8,"Mayor","Catastrófico"))),"") -> Moderado | AC66: =IFERROR(IF(R66="Impacto",(N66-(+N66*U66)),IF(R66="Probabilidad",N66,"")),"") -> 0.6 | AD66: =IFERROR(IF(OR(AND(Z66="Rara vez",AB66="Leve"),AND(Z66="Rara vez",AB66="Menor"),AND(Z66="Improbable",AB66="Leve")),"Bajo",IF(OR(AND(Z66="Rara vez",AB66="Moderado"),AND(Z66="Improbable",AB66="Menor"),AND(Z66="Improbable",AB66="Moderado"),AND(Z66="Posible",AB66="Leve"),AND(Z66="Posible",AB66="Menor"),AND(Z66="Posible",AB66="Moderado"),AND(Z66="Probable",AB66="Leve"),AND(Z66="Probable",AB66="Menor")),"Moderado",IF(OR(AND(Z66="Rara vez",AB66="Mayor"),AND(Z66="Improbable",AB66="Mayor"),AND(Z66="Posible",AB66="Mayor"),AND(Z66="Probable",AB66="Moderado"),AND(Z66="Probable",AB66="Mayor"),AND(Z66="Casi Seguro",AB66="Leve"),AND(Z66="Casi Seguro",AB66="Menor"),AND(Z66="Casi Seguro",AB66="Moderado"),AND(Z66="Casi Seguro",AB66="Mayor")),"Alto",IF(OR(AND(Z66="Rara vez",AB66="Catastrófico"),AND(Z66="Improbable",AB66="Catastrófico"),AND(Z66="Posible",AB66="Catastrófico"),AND(Z66="Probable",AB66="Catastrófico"),AND(Z66="Casi Seguro",AB66="Catastrófico")),"Extremo","")))),"") -> Moderado
L67: =IF(NOT(ISERROR(MATCH(K67,_xlfn.ANCHORARRAY(G78),0))),J80&"Por favor no seleccionar los criterios de impacto",K67) -> 0 | P67: 2 | Q67: El funcionario designado por la Tesorería de la Dirección Financiera verifica diariamente que los recursos que ingresan a través del medio de pago PSE estén conforme a la parametrización en sistema para su registro en el aplicativo misional. En caso de presentarse alguna inconsistencia con pagos de este convenio, escala la solicitud vía ticket a la Oficina de las Tecnologías de la Información OTI y a su vez ellos validen con los proveedores de pago el incidente tecnológico. Como evidencia queda el Tiket de solicitud. | R67: =IF(OR(S67="Preventivo",S67="Detectivo"),"Probabilidad",IF(S67="Correctivo","Impacto","")) -> Probabilidad | S67: Detectivo | T67: Automático | U67: =IF(AND(S67="Preventivo",T67="Automático"),"50%",IF(AND(S67="Preventivo",T67="Manual"),"40%",IF(AND(S67="Detectivo",T67="Automático"),"40%",IF(AND(S67="Detectivo",T67="Manual"),"30%",IF(AND(S67="Correctivo",T67="Automático"),"35%",IF(AND(S67="Correctivo",T67="Manual"),"25%","")))))) -> 40% | V67: Sin Documentar | W67: Continua | X67: Sin Registro | Y67: =IFERROR(IF(AND(R66="Probabilidad",R67="Probabilidad"),(AA66-(+AA66*U67)),IF(R67="Probabilidad",(J66-(+J66*U67)),IF(R67="Impacto",AA66,""))),"") -> 0.06 | Z67: =IFERROR(IF(Y67="","",IF(Y67<=0.2,"Rara vez",IF(Y67<=0.4,"Improbable",IF(Y67<=0.6,"Posible",IF(Y67<=0.8,"Probable","Casi Seguro"))))),"") -> Rara vez | AA67: =+Y67 -> 0.06 | AB67: =IFERROR(IF(AC67="","",IF(AC67<=0.6,"Moderado",IF(AC67<=0.8,"Mayor","Catastrófico"))),"") -> Moderado | AC67: =IFERROR(IF(AND(R66="Impacto",R67="Impacto"),(AC66-(+AC66*U67)),IF(R67="Impacto",(N66-(+N66*U67)),IF(R67="Probabilidad",AC66,""))),"") -> 0.6 | AD67: =IFERROR(IF(OR(AND(Z67="Rara vez",AB67="Leve"),AND(Z67="Rara vez",AB67="Menor"),AND(Z67="Improbable",AB67="Leve")),"Bajo",IF(OR(AND(Z67="Rara vez",AB67="Moderado"),AND(Z67="Improbable",AB67="Menor"),AND(Z67="Improbable",AB67="Moderado"),AND(Z67="Posible",AB67="Leve"),AND(Z67="Posible",AB67="Menor"),AND(Z67="Posible",AB67="Moderado"),AND(Z67="Probable",AB67="Leve"),AND(Z67="Probable",AB67="Menor")),"Moderado",IF(OR(AND(Z67="Rara vez",AB67="Mayor"),AND(Z67="Improbable",AB67="Mayor"),AND(Z67="Posible",AB67="Mayor"),AND(Z67="Probable",AB67="Moderado"),AND(Z67="Probable",AB67="Mayor"),AND(Z67="Casi Seguro",AB67="Leve"),AND(Z67="Casi Seguro",AB67="Menor"),AND(Z67="Casi Seguro",AB67="Moderado"),AND(Z67="Casi Seguro",AB67="Mayor")),"Alto",IF(OR(AND(Z67="Rara vez",AB67="Catastrófico"),AND(Z67="Improbable",AB67="Catastrófico"),AND(Z67="Posible",AB67="Catastrófico"),AND(Z67="Probable",AB67="Catastrófico"),AND(Z67="Casi Seguro",AB67="Catastrófico")),"Extremo","")))),"") -> Moderado
L68: =IF(NOT(ISERROR(MATCH(K68,_xlfn.ANCHORARRAY(G79),0))),J81&"Por favor no seleccionar los criterios de impacto",K68) -> 0 | P68: 3 | Q68: La Dirección financiera revisa semestral y/o anualmente los convenios con las entidades bancarias en caso de requerirse modificaciones o novedades en las condiciones de las cuentas de recaudo convenio mediante factura con código de barras. Mediante estos códigos de barra referenciados se garantiza la correcta identificación de una proporción importante de recaudo centralizado. Sin evidencia por confidencialidad. | R68: =IF(OR(S68="Preventivo",S68="Detectivo"),"Probabilidad",IF(S68="Correctivo","Impacto","")) -> Probabilidad | S68: Preventivo | T68: Automático | U68: =IF(AND(S68="Preventivo",T68="Automático"),"50%",IF(AND(S68="Preventivo",T68="Manual"),"40%",IF(AND(S68="Detectivo",T68="Automático"),"40%",IF(AND(S68="Detectivo",T68="Manual"),"30%",IF(AND(S68="Correctivo",T68="Automático"),"35%",IF(AND(S68="Correctivo",T68="Manual"),"25%","")))))) -> 50% | V68: Sin Documentar | W68: Continua | X68: Sin Registro | Y68: =IFERROR(IF(AND(R67="Probabilidad",R68="Probabilidad"),(AA67-(+AA67*U68)),IF(AND(R67="Impacto",R68="Probabilidad"),(AA66-(+AA66*U68)),IF(R68="Impacto",AA67,""))),"") -> 0.03 | Z68: =IFERROR(IF(Y68="","",IF(Y68<=0.2,"Rara vez",IF(Y68<=0.4,"Improbable",IF(Y68<=0.6,"Posible",IF(Y68<=0.8,"Probable","Casi Seguro"))))),"") -> Rara vez | AA68: =+Y68 -> 0.03 | AB68: =IFERROR(IF(AC68="","",IF(AC68<=0.6,"Moderado",IF(AC68<=0.8,"Mayor","Catastrófico"))),"") -> Moderado | AC68: =IFERROR(IF(AND(R67="Impacto",R68="Impacto"),(AC67-(+AC67*U68)),IF(AND(R67="Probabilidad",R68="Impacto"),(AC66-(+AC66*U68)),IF(R68="Probabilidad",AC67,""))),"") -> 0.6 | AD68: =IFERROR(IF(OR(AND(Z68="Rara vez",AB68="Leve"),AND(Z68="Rara vez",AB68="Menor"),AND(Z68="Improbable",AB68="Leve")),"Bajo",IF(OR(AND(Z68="Rara vez",AB68="Moderado"),AND(Z68="Improbable",AB68="Menor"),AND(Z68="Improbable",AB68="Moderado"),AND(Z68="Posible",AB68="Leve"),AND(Z68="Posible",AB68="Menor"),AND(Z68="Posible",AB68="Moderado"),AND(Z68="Probable",AB68="Leve"),AND(Z68="Probable",AB68="Menor")),"Moderado",IF(OR(AND(Z68="Rara vez",AB68="Mayor"),AND(Z68="Improbable",AB68="Mayor"),AND(Z68="Posible",AB68="Mayor"),AND(Z68="Probable",AB68="Moderado"),AND(Z68="Probable",AB68="Mayor"),AND(Z68="Casi Seguro",AB68="Leve"),AND(Z68="Casi Seguro",AB68="Menor"),AND(Z68="Casi Seguro",AB68="Moderado"),AND(Z68="Casi Seguro",AB68="Mayor")),"Alto",IF(OR(AND(Z68="Rara vez",AB68="Catastrófico"),AND(Z68="Improbable",AB68="Catastrófico"),AND(Z68="Posible",AB68="Catastrófico"),AND(Z68="Probable",AB68="Catastrófico"),AND(Z68="Casi Seguro",AB68="Catastrófico")),"Extremo","")))),"") -> Moderado
L69: =IF(NOT(ISERROR(MATCH(K69,_xlfn.ANCHORARRAY(G80),0))),J82&"Por favor no seleccionar los criterios de impacto",K69) -> 0 | P69: 4 | Q69: El profesional designado de la Tesorería de la Dirección financiera, cada vez que se requiera, solicita a las áreas misionales o entidades bancarias el apoyo para la identificación de los recaudos no identificados que se reciben a través de depósitos judiciales u otros canales y de esta manera realizar la correcta aplicación del recaudo al rubro que corresponda. En caso de no ser identificado, se clasifica en una cuenta contable especial de recaudos por clasificar. Sin evidencia por confidencialidad. PR-GF-009 Procedimiento para el recaudo de ingresos del FRISCO. | R69: Probabilidad | S69: Detectivo | T69: Manual | U69: =IF(AND(S69="Preventivo",T69="Automático"),"50%",IF(AND(S69="Preventivo",T69="Manual"),"40%",IF(AND(S69="Detectivo",T69="Automático"),"40%",IF(AND(S69="Detectivo",T69="Manual"),"30%",IF(AND(S69="Correctivo",T69="Automático"),"35%",IF(AND(S69="Correctivo",T69="Manual"),"25%","")))))) -> 30% | V69: Documentado | W69: Continua | X69: Sin Registro | Y69: =IFERROR(IF(AND(R68="Probabilidad",R69="Probabilidad"),(AA68-(+AA68*U69)),IF(AND(R68="Impacto",R69="Probabilidad"),(AA67-(+AA67*U69)),IF(R69="Impacto",AA68,""))),"") -> 0.021 | Z69: Rara vez | AA69: =+Y69 -> 0.021 | AB69: =IFERROR(IF(AC69="","",IF(AC69<=0.2,"Leve",IF(AC69<=0.4,"Menor",IF(AC69<=0.6,"Moderado",IF(AC69<=0.8,"Mayor","Catastrófico"))))),"") -> Moderado | AC69: =IFERROR(IF(AND(R68="Impacto",R69="Impacto"),(AC68-(+AC68*U69)),IF(AND(R68="Probabilidad",R69="Impacto"),(AC67-(+AC67*U69)),IF(R69="Probabilidad",AC68,""))),"") -> 0.6 | AD69: =IFERROR(IF(OR(AND(Z69="Rara vez",AB69="Leve"),AND(Z69="Rara vez",AB69="Menor"),AND(Z69="Improbable",AB69="Leve")),"Bajo",IF(OR(AND(Z69="Rara vez",AB69="Moderado"),AND(Z69="Improbable",AB69="Menor"),AND(Z69="Improbable",AB69="Moderado"),AND(Z69="Posible",AB69="Leve"),AND(Z69="Posible",AB69="Menor"),AND(Z69="Posible",AB69="Moderado"),AND(Z69="Probable",AB69="Leve"),AND(Z69="Probable",AB69="Menor")),"Moderado",IF(OR(AND(Z69="Rara vez",AB69="Mayor"),AND(Z69="Improbable",AB69="Mayor"),AND(Z69="Posible",AB69="Mayor"),AND(Z69="Probable",AB69="Moderado"),AND(Z69="Probable",AB69="Mayor"),AND(Z69="Casi Seguro",AB69="Leve"),AND(Z69="Casi Seguro",AB69="Menor"),AND(Z69="Casi Seguro",AB69="Moderado"),AND(Z69="Casi Seguro",AB69="Mayor")),"Alto",IF(OR(AND(Z69="Rara vez",AB69="Catastrófico"),AND(Z69="Improbable",AB69="Catastrófico"),AND(Z69="Posible",AB69="Catastrófico"),AND(Z69="Probable",AB69="Catastrófico"),AND(Z69="Casi Seguro",AB69="Catastrófico")),"Extremo","")))),"") -> Moderado | AE69: Reducir (mitigar)
L70: =IF(NOT(ISERROR(MATCH(K70,_xlfn.ANCHORARRAY(G81),0))),J83&"Por favor no seleccionar los criterios de impacto",K70) -> 0 | P70: 5 | R70: =IF(OR(S70="Preventivo",S70="Detectivo"),"Probabilidad",IF(S70="Correctivo","Impacto","")) | U70: =IF(AND(S70="Preventivo",T70="Automático"),"50%",IF(AND(S70="Preventivo",T70="Manual"),"40%",IF(AND(S70="Detectivo",T70="Automático"),"40%",IF(AND(S70="Detectivo",T70="Manual"),"30%",IF(AND(S70="Correctivo",T70="Automático"),"35%",IF(AND(S70="Correctivo",T70="Manual"),"25%","")))))) | Y70: =IFERROR(IF(AND(R69="Probabilidad",R70="Probabilidad"),(AA69-(+AA69*U70)),IF(AND(R69="Impacto",R70="Probabilidad"),(AA68-(+AA68*U70)),IF(R70="Impacto",AA69,""))),"") | Z70: =IFERROR(IF(Y70="","",IF(Y70<=0.2,"Rara vez",IF(Y70<=0.4,"Improbable",IF(Y70<=0.6,"Posible",IF(Y70<=0.8,"Probable","Casi Seguro"))))),"") | AA70: =+Y70 | AB70: =IFERROR(IF(AC70="","",IF(AC70<=0.6,"Moderado",IF(AC70<=0.8,"Mayor","Catastrófico"))),"") | AC70: =IFERROR(IF(AND(R69="Impacto",R70="Impacto"),(AC69-(+AC69*U70)),IF(AND(R69="Probabilidad",R70="Impacto"),(AC68-(+AC68*U70)),IF(R70="Probabilidad",AC69,""))),"") | AD70: =IFERROR(IF(OR(AND(Z70="Muy Baja",AB70="Leve"),AND(Z70="Muy Baja",AB70="Menor"),AND(Z70="Baja",AB70="Leve")),"Bajo",IF(OR(AND(Z70="Muy baja",AB70="Moderado"),AND(Z70="Baja",AB70="Menor"),AND(Z70="Baja",AB70="Moderado"),AND(Z70="Media",AB70="Leve"),AND(Z70="Media",AB70="Menor"),AND(Z70="Media",AB70="Moderado"),AND(Z70="Alta",AB70="Leve"),AND(Z70="Alta",AB70="Menor")),"Moderado",IF(OR(AND(Z70="Muy Baja",AB70="Mayor"),AND(Z70="Baja",AB70="Mayor"),AND(Z70="Media",AB70="Mayor"),AND(Z70="Alta",AB70="Moderado"),AND(Z70="Alta",AB70="Mayor"),AND(Z70="Muy Alta",AB70="Leve"),AND(Z70="Muy Alta",AB70="Menor"),AND(Z70="Muy Alta",AB70="Moderado"),AND(Z70="Muy Alta",AB70="Mayor")),"Alto",IF(OR(AND(Z70="Muy Baja",AB70="Catastrófico"),AND(Z70="Baja",AB70="Catastrófico"),AND(Z70="Media",AB70="Catastrófico"),AND(Z70="Alta",AB70="Catastrófico"),AND(Z70="Muy Alta",AB70="Catastrófico")),"Extremo","")))),"")
L71: =IF(NOT(ISERROR(MATCH(K71,_xlfn.ANCHORARRAY(G82),0))),J315&"Por favor no seleccionar los criterios de impacto",K71) -> 0 | P71: 6 | R71: =IF(OR(S71="Preventivo",S71="Detectivo"),"Probabilidad",IF(S71="Correctivo","Impacto","")) | U71: =IF(AND(S71="Preventivo",T71="Automático"),"50%",IF(AND(S71="Preventivo",T71="Manual"),"40%",IF(AND(S71="Detectivo",T71="Automático"),"40%",IF(AND(S71="Detectivo",T71="Manual"),"30%",IF(AND(S71="Correctivo",T71="Automático"),"35%",IF(AND(S71="Correctivo",T71="Manual"),"25%","")))))) | Y71: =IFERROR(IF(AND(R70="Probabilidad",R71="Probabilidad"),(AA70-(+AA70*U71)),IF(AND(R70="Impacto",R71="Probabilidad"),(AA69-(+AA69*U71)),IF(R71="Impacto",AA70,""))),"") | Z71: =IFERROR(IF(Y71="","",IF(Y71<=0.2,"Rara vez",IF(Y71<=0.4,"Improbable",IF(Y71<=0.6,"Posible",IF(Y71<=0.8,"Probable","Casi Seguro"))))),"") | AA71: =+Y71 | AB71: =IFERROR(IF(AC71="","",IF(AC71<=0.6,"Moderado",IF(AC71<=0.8,"Mayor","Catastrófico"))),"") | AC71: =IFERROR(IF(AND(R70="Impacto",R71="Impacto"),(AC70-(+AC70*U71)),IF(AND(R70="Probabilidad",R71="Impacto"),(AC69-(+AC69*U71)),IF(R71="Probabilidad",AC70,""))),"") | AD71: =IFERROR(IF(OR(AND(Z71="Muy Baja",AB71="Leve"),AND(Z71="Muy Baja",AB71="Menor"),AND(Z71="Baja",AB71="Leve")),"Bajo",IF(OR(AND(Z71="Muy baja",AB71="Moderado"),AND(Z71="Baja",AB71="Menor"),AND(Z71="Baja",AB71="Moderado"),AND(Z71="Media",AB71="Leve"),AND(Z71="Media",AB71="Menor"),AND(Z71="Media",AB71="Moderado"),AND(Z71="Alta",AB71="Leve"),AND(Z71="Alta",AB71="Menor")),"Moderado",IF(OR(AND(Z71="Muy Baja",AB71="Mayor"),AND(Z71="Baja",AB71="Mayor"),AND(Z71="Media",AB71="Mayor"),AND(Z71="Alta",AB71="Moderado"),AND(Z71="Alta",AB71="Mayor"),AND(Z71="Muy Alta",AB71="Leve"),AND(Z71="Muy Alta",AB71="Menor"),AND(Z71="Muy Alta",AB71="Moderado"),AND(Z71="Muy Alta",AB71="Mayor")),"Alto",IF(OR(AND(Z71="Muy Baja",AB71="Catastrófico"),AND(Z71="Baja",AB71="Catastrófico"),AND(Z71="Media",AB71="Catastrófico"),AND(Z71="Alta",AB71="Catastrófico"),AND(Z71="Muy Alta",AB71="Catastrófico")),"Extremo","")))),"")
B72: RC-GC-1 | C72: Gestión Contractual | D72: Posibilidad de recibir o solicitar cualquier dádiva o beneficio a nombre propio o de terceros, con el fin de favorecer la celebración de contratos de bienes y servicios. | E72: Riesgo de Corrupción | F72: Evaluación subjetiva de necesidades contractuales de la entidad No revisar la totalidad de documentación que habilite técnicamente, financieramente y jurídicamente a los potenciales contratistas a participar en el proceso de selección de proveedores Evaluaciones incompletas o sesgadas de los potenciales contratistas | G72: 1) Pérdida de imagen reputacional y credibilidad institucional 2) Implicaciones a nivel penal, disciplinario, fiscal o sancionatorio 3) Demandas de la ciudadanía 4) Productos y/o servicios sin las características requeridas al interior de la entidad 5) Reprocesos contractuales 6) Dificultades para los ejercicios de supervisión contractual 7) Detrimento Patrimonial | H72: Al menos 1 vez en los últimos 2 años | I72: =IF(H72<=0,"",IF(H72="No se ha presentado en los últimos 5 años","Rara vez",IF(H72="Al menos 1 vez en los últimos 5 años","Improbable",IF(H72="Al menos 1 vez en los últimos 2 años","Posible",IF(H72="Al menos 1 vez en el último año","Probable",IF(H72="Más de 1 vez al año","Casi Seguro")))))) -> Posible | J72: =IF(I72="","",IF(I72="Rara vez",0.2,IF(I72="Improbable",0.4,IF(I72="Posible",0.6,IF(I72="Probable",0.8,IF(I72="Casi Seguro",1,)))))) -> 0.6 | K72: Responder afirmativamente de DOCE a DIECINUEVE | L72: =IF(NOT(ISERROR(MATCH(K72,'Tabla Impacto'!$B$220:$B$222,0))),'Tabla Impacto'!$F$222&"Por favor no seleccionar los criterios de impacto(Criterios para calificar el impacto)",K72) -> Responder afirmativamente de DOCE a DIECINUEVE | M72: =IF(OR(L72='Tabla Impacto'!$C$5),"Moderado",IF(OR(L72='Tabla Impacto'!$C$6),"Mayor",IF(OR(L72='Tabla Impacto'!$C$7),"Catastrófico",""))) -> Catastrófico | N72: =IF(M72="","",IF(M72="Leve",0.2,IF(M72="Menor",0.4,IF(M72="Moderado",0.6,IF(M72="Mayor",0.8,IF(M72="Catastrófico",1,)))))) -> 1 | O72: =IF(OR(AND(I72="Rara vez",M72="Leve"),AND(I72="Rara vez",M72="Menor"),AND(I72="Improbable",M72="Leve")),"Bajo",IF(OR(AND(I72="Rara vez",M72="Moderado"),AND(I72="Improbable",M72="Menor"),AND(I72="Improbable",M72="Moderado"),AND(I72="Posible",M72="Leve"),AND(I72="Posible",M72="Menor"),AND(I72="Posible",M72="Moderado"),AND(I72="Probable",M72="Leve"),AND(I72="Probable",M72="Menor")),"Moderado",IF(OR(AND(I72="Rara vez",M72="Mayor"),AND(I72="Improbable",M72="Mayor"),AND(I72="Posible",M72="Mayor"),AND(I72="Probable",M72="Moderado"),AND(I72="Probable",M72="Mayor"),AND(I72="Casi Seguro",M72="Leve"),AND(I72="Casi Seguro",M72="Menor"),AND(I72="Casi Seguro",M72="Moderado"),AND(I72="Casi Seguro",M72="Mayor")),"Alto",IF(OR(AND(I72="Rara vez",M72="Catastrófico"),AND(I72="Improbable",M72="Catastrófico"),AND(I72="Posible",M72="Catastrófico"),AND(I72="Probable",M72="Catastrófico"),AND(I72="Casi Seguro",M72="Catastrófico")),"Extremo","")))) -> Extremo | P72: 1 | Q72: El funcionario delegado o quien se designe como responsable por parte de la Dirección de Contratación, cada vez que se allega una solicitud de contratación determina por orden de llegada cual es el abogado a cargo del proceso, dejando registro en una base de datos con la finalidad de evitar favorecimiento en la celebración de contratos a cambio de dadivas. Como evidencia queda la matriz de seguimiento cuatrimestralmente. | R72: =IF(OR(S72="Preventivo",S72="Detectivo"),"Probabilidad",IF(S72="Correctivo","Impacto","")) -> Probabilidad | S72: Preventivo | T72: Manual | U72: =IF(AND(S72="Preventivo",T72="Automático"),"50%",IF(AND(S72="Preventivo",T72="Manual"),"40%",IF(AND(S72="Detectivo",T72="Automático"),"40%",IF(AND(S72="Detectivo",T72="Manual"),"30%",IF(AND(S72="Correctivo",T72="Automático"),"35%",IF(AND(S72="Correctivo",T72="Manual"),"25%","")))))) -> 40% | V72: Sin Documentar | W72: Continua | X72: Con Registro | Y72: =IFERROR(IF(R72="Probabilidad",(J72-(+J72*U72)),IF(R72="Impacto",J72,"")),"") -> 0.36 | Z72: =IFERROR(IF(Y72="","",IF(Y72<=0.2,"Rara vez",IF(Y72<=0.4,"Improbable",IF(Y72<=0.6,"Posible",IF(Y72<=0.8,"Probable","Casi Seguro"))))),"") -> Improbable | AA72: =+Y72 -> 0.36 | AB72: =IFERROR(IF(AC72="","",IF(AC72<=0.6,"Moderado",IF(AC72<=0.8,"Mayor","Catastrófico"))),"") -> Catastrófico | AC72: =IFERROR(IF(R72="Impacto",(N72-(+N72*U72)),IF(R72="Probabilidad",N72,"")),"") -> 1 | AD72: =IFERROR(IF(OR(AND(Z72="Rara vez",AB72="Leve"),AND(Z72="Rara vez",AB72="Menor"),AND(Z72="Improbable",AB72="Leve")),"Bajo",IF(OR(AND(Z72="Rara vez",AB72="Moderado"),AND(Z72="Improbable",AB72="Menor"),AND(Z72="Improbable",AB72="Moderado"),AND(Z72="Posible",AB72="Leve"),AND(Z72="Posible",AB72="Menor"),AND(Z72="Posible",AB72="Moderado"),AND(Z72="Probable",AB72="Leve"),AND(Z72="Probable",AB72="Menor")),"Moderado",IF(OR(AND(Z72="Rara vez",AB72="Mayor"),AND(Z72="Improbable",AB72="Mayor"),AND(Z72="Posible",AB72="Mayor"),AND(Z72="Probable",AB72="Moderado"),AND(Z72="Probable",AB72="Mayor"),AND(Z72="Casi Seguro",AB72="Leve"),AND(Z72="Casi Seguro",AB72="Menor"),AND(Z72="Casi Seguro",AB72="Moderado"),AND(Z72="Casi Seguro",AB72="Mayor")),"Alto",IF(OR(AND(Z72="Rara vez",AB72="Catastrófico"),AND(Z72="Improbable",AB72="Catastrófico"),AND(Z72="Posible",AB72="Catastrófico"),AND(Z72="Probable",AB72="Catastrófico"),AND(Z72="Casi Seguro",AB72="Catastrófico")),"Extremo","")))),"") -> Extremo
L73: =IF(NOT(ISERROR(MATCH(K73,_xlfn.ANCHORARRAY(G315),0))),J317&"Por favor no seleccionar los criterios de impacto",K73) -> 0 | P73: 2 | Q73: Cada vez que se adelante un proceso de contratación el abogado a cargo y el comité evaluador, darán estricto cumplimiento al código de integridad y buen gobierno de la SAE S.A.S. (CO-DE2-1 ), con el fin de mantener la confidencialidad y reserva de la información precontractual antes de darle publicidad a través de SECOP II. Sin Evidencia por confidencialidad. | R73: =IF(OR(S73="Preventivo",S73="Detectivo"),"Probabilidad",IF(S73="Correctivo","Impacto","")) -> Probabilidad | S73: Preventivo | T73: Manual | U73: =IF(AND(S73="Preventivo",T73="Automático"),"50%",IF(AND(S73="Preventivo",T73="Manual"),"40%",IF(AND(S73="Detectivo",T73="Automático"),"40%",IF(AND(S73="Detectivo",T73="Manual"),"30%",IF(AND(S73="Correctivo",T73="Automático"),"35%",IF(AND(S73="Correctivo",T73="Manual"),"25%","")))))) -> 40% | V73: Sin Documentar | W73: Continua | X73: Sin Registro | Y73: =IFERROR(IF(AND(R72="Probabilidad",R73="Probabilidad"),(AA72-(+AA72*U73)),IF(R73="Probabilidad",(J72-(+J72*U73)),IF(R73="Impacto",AA72,""))),"") -> 0.216 | Z73: =IFERROR(IF(Y73="","",IF(Y73<=0.2,"Rara vez",IF(Y73<=0.4,"Improbable",IF(Y73<=0.6,"Posible",IF(Y73<=0.8,"Probable","Casi Seguro"))))),"") -> Improbable | AA73: =+Y73 -> 0.216 | AB73: =IFERROR(IF(AC73="","",IF(AC73<=0.6,"Moderado",IF(AC73<=0.8,"Mayor","Catastrófico"))),"") -> Catastrófico | AC73: =IFERROR(IF(AND(R72="Impacto",R73="Impacto"),(AC72-(+AC72*U73)),IF(R73="Impacto",(N72-(+N72*U73)),IF(R73="Probabilidad",AC72,""))),"") -> 1 | AD73: =IFERROR(IF(OR(AND(Z73="Rara vez",AB73="Leve"),AND(Z73="Rara vez",AB73="Menor"),AND(Z73="Improbable",AB73="Leve")),"Bajo",IF(OR(AND(Z73="Rara vez",AB73="Moderado"),AND(Z73="Improbable",AB73="Menor"),AND(Z73="Improbable",AB73="Moderado"),AND(Z73="Posible",AB73="Leve"),AND(Z73="Posible",AB73="Menor"),AND(Z73="Posible",AB73="Moderado"),AND(Z73="Probable",AB73="Leve"),AND(Z73="Probable",AB73="Menor")),"Moderado",IF(OR(AND(Z73="Rara vez",AB73="Mayor"),AND(Z73="Improbable",AB73="Mayor"),AND(Z73="Posible",AB73="Mayor"),AND(Z73="Probable",AB73="Moderado"),AND(Z73="Probable",AB73="Mayor"),AND(Z73="Casi Seguro",AB73="Leve"),AND(Z73="Casi Seguro",AB73="Menor"),AND(Z73="Casi Seguro",AB73="Moderado"),AND(Z73="Casi Seguro",AB73="Mayor")),"Alto",IF(OR(AND(Z73="Rara vez",AB73="Catastrófico"),AND(Z73="Improbable",AB73="Catastrófico"),AND(Z73="Posible",AB73="Catastrófico"),AND(Z73="Probable",AB73="Catastrófico"),AND(Z73="Casi Seguro",AB73="Catastrófico")),"Extremo","")))),"") -> Extremo
L74: =IF(NOT(ISERROR(MATCH(K74,_xlfn.ANCHORARRAY(G316),0))),J318&"Por favor no seleccionar los criterios de impacto",K74) -> 0 | P74: 3 | Q74: En caso de evidenciarse el favorecimiento en el proceso de contratación a cambio de dadivas, se adelantaran los procedimientos y procesos sancionatorios por medio memorando. Como evidencia queda el memorando Informativo. | R74: Impacto | S74: Correctivo | T74: Manual | U74: =IF(AND(S74="Preventivo",T74="Automático"),"50%",IF(AND(S74="Preventivo",T74="Manual"),"40%",IF(AND(S74="Detectivo",T74="Automático"),"40%",IF(AND(S74="Detectivo",T74="Manual"),"30%",IF(AND(S74="Correctivo",T74="Automático"),"35%",IF(AND(S74="Correctivo",T74="Manual"),"25%","")))))) -> 25% | V74: Documentado | W74: Continua | X74: Con Registro | Y74: =IFERROR(IF(AND(R73="Probabilidad",R74="Probabilidad"),(AA73-(+AA73*U74)),IF(AND(R73="Impacto",R74="Probabilidad"),(AA72-(+AA72*U74)),IF(R74="Impacto",AA73,""))),"") -> 0.216 | Z74: =IFERROR(IF(Y74="","",IF(Y74<=0.2,"Rara vez",IF(Y74<=0.4,"Improbable",IF(Y74<=0.6,"Posible",IF(Y74<=0.8,"Probable","Casi Seguro"))))),"") -> Improbable | AA74: =+Y74 -> 0.216 | AB74: =IFERROR(IF(AC74="","",IF(AC74<=0.6,"Moderado",IF(AC74<=0.8,"Mayor","Catastrófico"))),"") -> Mayor | AC74: =IFERROR(IF(AND(R73="Impacto",R74="Impacto"),(AC73-(+AC73*U74)),IF(AND(R73="Probabilidad",R74="Impacto"),(AC72-(+AC72*U74)),IF(R74="Probabilidad",AC73,""))),"") -> 0.75 | AD74: =IFERROR(IF(OR(AND(Z74="Rara vez",AB74="Leve"),AND(Z74="Rara vez",AB74="Menor"),AND(Z74="Improbable",AB74="Leve")),"Bajo",IF(OR(AND(Z74="Rara vez",AB74="Moderado"),AND(Z74="Improbable",AB74="Menor"),AND(Z74="Improbable",AB74="Moderado"),AND(Z74="Posible",AB74="Leve"),AND(Z74="Posible",AB74="Menor"),AND(Z74="Posible",AB74="Moderado"),AND(Z74="Probable",AB74="Leve"),AND(Z74="Probable",AB74="Menor")),"Moderado",IF(OR(AND(Z74="Rara vez",AB74="Mayor"),AND(Z74="Improbable",AB74="Mayor"),AND(Z74="Posible",AB74="Mayor"),AND(Z74="Probable",AB74="Moderado"),AND(Z74="Probable",AB74="Mayor"),AND(Z74="Casi Seguro",AB74="Leve"),AND(Z74="Casi Seguro",AB74="Menor"),AND(Z74="Casi Seguro",AB74="Moderado"),AND(Z74="Casi Seguro",AB74="Mayor")),"Alto",IF(OR(AND(Z74="Rara vez",AB74="Catastrófico"),AND(Z74="Improbable",AB74="Catastrófico"),AND(Z74="Posible",AB74="Catastrófico"),AND(Z74="Probable",AB74="Catastrófico"),AND(Z74="Casi Seguro",AB74="Catastrófico")),"Extremo","")))),"") -> Alto
L75: =IF(NOT(ISERROR(MATCH(K75,_xlfn.ANCHORARRAY(G317),0))),J319&"Por favor no seleccionar los criterios de impacto",K75) -> 0 | P75: 4 | Q75: Cada vez que se adelante un proceso de contratación el abogado a cargo publicará en el medio electrónico institucional (Transparencia y Acceso a la información Pública) la contratación en curso y un vínculo al sistema electrónico para la contratación pública o el que haga sus veces. Como evidencia se aportará trimestralmente pantallazo del medio electrónico institucional (Página web) | R75: Probabilidad | S75: Detectivo | T75: Manual | U75: =IF(AND(S75="Preventivo",T75="Automático"),"50%",IF(AND(S75="Preventivo",T75="Manual"),"40%",IF(AND(S75="Detectivo",T75="Automático"),"40%",IF(AND(S75="Detectivo",T75="Manual"),"30%",IF(AND(S75="Correctivo",T75="Automático"),"35%",IF(AND(S75="Correctivo",T75="Manual"),"25%","")))))) -> 30% | V75: Documentado | W75: Continua | X75: Con Registro | Y75: =IFERROR(IF(AND(R74="Probabilidad",R75="Probabilidad"),(AA74-(+AA74*U75)),IF(AND(R74="Impacto",R75="Probabilidad"),(AA73-(+AA73*U75)),IF(R75="Impacto",AA74,""))),"") -> 0.1512 | Z75: Rara vez | AA75: =+Y75 -> 0.1512 | AB75: =IFERROR(IF(AC75="","",IF(AC75<=0.2,"Leve",IF(AC75<=0.4,"Menor",IF(AC75<=0.6,"Moderado",IF(AC75<=0.8,"Mayor","Catastrófico"))))),"") -> Mayor | AC75: =IFERROR(IF(AND(R74="Impacto",R75="Impacto"),(AC74-(+AC74*U75)),IF(AND(R74="Probabilidad",R75="Impacto"),(AC73-(+AC73*U75)),IF(R75="Probabilidad",AC74,""))),"") -> 0.75 | AD75: =IFERROR(IF(OR(AND(Z75="Rara vez",AB75="Leve"),AND(Z75="Rara vez",AB75="Menor"),AND(Z75="Improbable",AB75="Leve")),"Bajo",IF(OR(AND(Z75="Rara vez",AB75="Moderado"),AND(Z75="Improbable",AB75="Menor"),AND(Z75="Improbable",AB75="Moderado"),AND(Z75="Posible",AB75="Leve"),AND(Z75="Posible",AB75="Menor"),AND(Z75="Posible",AB75="Moderado"),AND(Z75="Probable",AB75="Leve"),AND(Z75="Probable",AB75="Menor")),"Moderado",IF(OR(AND(Z75="Rara vez",AB75="Mayor"),AND(Z75="Improbable",AB75="Mayor"),AND(Z75="Posible",AB75="Mayor"),AND(Z75="Probable",AB75="Moderado"),AND(Z75="Probable",AB75="Mayor"),AND(Z75="Casi Seguro",AB75="Leve"),AND(Z75="Casi Seguro",AB75="Menor"),AND(Z75="Casi Seguro",AB75="Moderado"),AND(Z75="Casi Seguro",AB75="Mayor")),"Alto",IF(OR(AND(Z75="Rara vez",AB75="Catastrófico"),AND(Z75="Improbable",AB75="Catastrófico"),AND(Z75="Posible",AB75="Catastrófico"),AND(Z75="Probable",AB75="Catastrófico"),AND(Z75="Casi Seguro",AB75="Catastrófico")),"Extremo","")))),"") -> Alto | AE75: Reducir (mitigar) | AF75: Realizar formalización del formato de Matriz de Seguimiento. | AG75: Paula Andrea Zapata Profesional Especializado I Dirección de contratación | AH75: 31/12/20525 | AK75: En curso
L76: =IF(NOT(ISERROR(MATCH(K76,_xlfn.ANCHORARRAY(G318),0))),J320&"Por favor no seleccionar los criterios de impacto",K76) -> 0 | P76: 5 | R76: =IF(OR(S76="Preventivo",S76="Detectivo"),"Probabilidad",IF(S76="Correctivo","Impacto","")) | U76: =IF(AND(S76="Preventivo",T76="Automático"),"50%",IF(AND(S76="Preventivo",T76="Manual"),"40%",IF(AND(S76="Detectivo",T76="Automático"),"40%",IF(AND(S76="Detectivo",T76="Manual"),"30%",IF(AND(S76="Correctivo",T76="Automático"),"35%",IF(AND(S76="Correctivo",T76="Manual"),"25%","")))))) | Y76: =IFERROR(IF(AND(R75="Probabilidad",R76="Probabilidad"),(AA75-(+AA75*U76)),IF(AND(R75="Impacto",R76="Probabilidad"),(AA74-(+AA74*U76)),IF(R76="Impacto",AA75,""))),"") | Z76: =IFERROR(IF(Y76="","",IF(Y76<=0.2,"Rara vez",IF(Y76<=0.4,"Improbable",IF(Y76<=0.6,"Posible",IF(Y76<=0.8,"Probable","Casi Seguro"))))),"") | AA76: =+Y76 | AB76: =IFERROR(IF(AC76="","",IF(AC76<=0.6,"Moderado",IF(AC76<=0.8,"Mayor","Catastrófico"))),"") | AC76: =IFERROR(IF(AND(R75="Impacto",R76="Impacto"),(AC75-(+AC75*U76)),IF(AND(R75="Probabilidad",R76="Impacto"),(AC74-(+AC74*U76)),IF(R76="Probabilidad",AC75,""))),"") | AD76: =IFERROR(IF(OR(AND(Z76="Muy Baja",AB76="Leve"),AND(Z76="Muy Baja",AB76="Menor"),AND(Z76="Baja",AB76="Leve")),"Bajo",IF(OR(AND(Z76="Muy baja",AB76="Moderado"),AND(Z76="Baja",AB76="Menor"),AND(Z76="Baja",AB76="Moderado"),AND(Z76="Media",AB76="Leve"),AND(Z76="Media",AB76="Menor"),AND(Z76="Media",AB76="Moderado"),AND(Z76="Alta",AB76="Leve"),AND(Z76="Alta",AB76="Menor")),"Moderado",IF(OR(AND(Z76="Muy Baja",AB76="Mayor"),AND(Z76="Baja",AB76="Mayor"),AND(Z76="Media",AB76="Mayor"),AND(Z76="Alta",AB76="Moderado"),AND(Z76="Alta",AB76="Mayor"),AND(Z76="Muy Alta",AB76="Leve"),AND(Z76="Muy Alta",AB76="Menor"),AND(Z76="Muy Alta",AB76="Moderado"),AND(Z76="Muy Alta",AB76="Mayor")),"Alto",IF(OR(AND(Z76="Muy Baja",AB76="Catastrófico"),AND(Z76="Baja",AB76="Catastrófico"),AND(Z76="Media",AB76="Catastrófico"),AND(Z76="Alta",AB76="Catastrófico"),AND(Z76="Muy Alta",AB76="Catastrófico")),"Extremo","")))),"")
L77: =IF(NOT(ISERROR(MATCH(K77,_xlfn.ANCHORARRAY(G319),0))),J321&"Por favor no seleccionar los criterios de impacto",K77) -> 0 | P77: 6 | R77: =IF(OR(S77="Preventivo",S77="Detectivo"),"Probabilidad",IF(S77="Correctivo","Impacto","")) | U77: =IF(AND(S77="Preventivo",T77="Automático"),"50%",IF(AND(S77="Preventivo",T77="Manual"),"40%",IF(AND(S77="Detectivo",T77="Automático"),"40%",IF(AND(S77="Detectivo",T77="Manual"),"30%",IF(AND(S77="Correctivo",T77="Automático"),"35%",IF(AND(S77="Correctivo",T77="Manual"),"25%","")))))) | Y77: =IFERROR(IF(AND(R76="Probabilidad",R77="Probabilidad"),(AA76-(+AA76*U77)),IF(AND(R76="Impacto",R77="Probabilidad"),(AA75-(+AA75*U77)),IF(R77="Impacto",AA76,""))),"") | Z77: =IFERROR(IF(Y77="","",IF(Y77<=0.2,"Rara vez",IF(Y77<=0.4,"Improbable",IF(Y77<=0.6,"Posible",IF(Y77<=0.8,"Probable","Casi Seguro"))))),"") | AA77: =+Y77 | AB77: =IFERROR(IF(AC77="","",IF(AC77<=0.6,"Moderado",IF(AC77<=0.8,"Mayor","Catastrófico"))),"") | AC77: =IFERROR(IF(AND(R76="Impacto",R77="Impacto"),(AC76-(+AC76*U77)),IF(AND(R76="Probabilidad",R77="Impacto"),(AC75-(+AC75*U77)),IF(R77="Probabilidad",AC76,""))),"") | AD77: =IFERROR(IF(OR(AND(Z77="Muy Baja",AB77="Leve"),AND(Z77="Muy Baja",AB77="Menor"),AND(Z77="Baja",AB77="Leve")),"Bajo",IF(OR(AND(Z77="Muy baja",AB77="Moderado"),AND(Z77="Baja",AB77="Menor"),AND(Z77="Baja",AB77="Moderado"),AND(Z77="Media",AB77="Leve"),AND(Z77="Media",AB77="Menor"),AND(Z77="Media",AB77="Moderado"),AND(Z77="Alta",AB77="Leve"),AND(Z77="Alta",AB77="Menor")),"Moderado",IF(OR(AND(Z77="Muy Baja",AB77="Mayor"),AND(Z77="Baja",AB77="Mayor"),AND(Z77="Media",AB77="Mayor"),AND(Z77="Alta",AB77="Moderado"),AND(Z77="Alta",AB77="Mayor"),AND(Z77="Muy Alta",AB77="Leve"),AND(Z77="Muy Alta",AB77="Menor"),AND(Z77="Muy Alta",AB77="Moderado"),AND(Z77="Muy Alta",AB77="Mayor")),"Alto",IF(OR(AND(Z77="Muy Baja",AB77="Catastrófico"),AND(Z77="Baja",AB77="Catastrófico"),AND(Z77="Media",AB77="Catastrófico"),AND(Z77="Alta",AB77="Catastrófico"),AND(Z77="Muy Alta",AB77="Catastrófico")),"Extremo","")))),"")
B78: RC-GC-2 | C78: Gestión Contractual | D78: Posibilidad de solicitar o recibir cualquier dadiva o beneficio a nombre propio o de tercero por la indebida adjudicación de los contratos favoreciendo a terceros que no cumplen con lineamientos establecidos en el manual de Compras y Adquisiciones de la entidad y normatividad que se encuentre vigente. | E78: Riesgo de Corrupción | F78: Debido a la falta de seguimiento y revisión durante el desarrollo de la fase precontractual, en el que se deben tener en cuenta la elaboración del análisis del sector, los estudios previos, el anexo técnico, así como el control de legalidad de los documentos del posible oferente o contratista para verificar su cumplimiento en experiencia e idoneidad. Falta de control y seguimiento a la elaboración de los pliegos por parte de quienes tienen la función de realizarlo Deficiencias en la elaboración de estudio de mercado, estudio de factibilidad manipulados por personal interesado en el futuro proceso de contratación Complicidad de colaboradores de la ODT o proveedores para cometer actividades de fraude o corrupción Falta de ética profesional Adulteración o cambio de documentos presentados por terceros con complicidad interna Falta de controles durante el desarrollo de la fase precontractual | G78: Intervención por parte de un ente de control u otro ente regulador Afectación en el nivel de satisfacción de usuarios internos y/o externos Demandas Afectación de la Imagen Institucional Afectación de la ejecución presupuestal Investigaciones penales, fiscales, administrativas o disciplinarias | H78: No se ha presentado en los últimos 5 años | I78: =IF(H78<=0,"",IF(H78="No se ha presentado en los últimos 5 años","Rara vez",IF(H78="Al menos 1 vez en los últimos 5 años","Improbable",IF(H78="Al menos 1 vez en los últimos 2 años","Posible",IF(H78="Al menos 1 vez en el último año","Probable",IF(H78="Más de 1 vez al año","Casi Seguro")))))) -> Rara vez | J78: =IF(I78="","",IF(I78="Rara vez",0.2,IF(I78="Improbable",0.4,IF(I78="Posible",0.6,IF(I78="Probable",0.8,IF(I78="Casi Seguro",1,)))))) -> 0.2 | K78: Responder afirmativamente de DOCE a DIECINUEVE | L78: =IF(NOT(ISERROR(MATCH(K78,'Tabla Impacto'!$B$220:$B$222,0))),'Tabla Impacto'!$F$222&"Por favor no seleccionar los criterios de impacto(Criterios para calificar el impacto)",K78) -> Responder afirmativamente de DOCE a DIECINUEVE | M78: =IF(OR(L78='Tabla Impacto'!$C$5),"Moderado",IF(OR(L78='Tabla Impacto'!$C$6),"Mayor",IF(OR(L78='Tabla Impacto'!$C$7),"Catastrófico",""))) -> Catastrófico | N78: =IF(M78="","",IF(M78="Leve",0.2,IF(M78="Menor",0.4,IF(M78="Moderado",0.6,IF(M78="Mayor",0.8,IF(M78="Catastrófico",1,)))))) -> 1 | O78: =IF(OR(AND(I78="Rara vez",M78="Leve"),AND(I78="Rara vez",M78="Menor"),AND(I78="Improbable",M78="Leve")),"Bajo",IF(OR(AND(I78="Rara vez",M78="Moderado"),AND(I78="Improbable",M78="Menor"),AND(I78="Improbable",M78="Moderado"),AND(I78="Posible",M78="Leve"),AND(I78="Posible",M78="Menor"),AND(I78="Posible",M78="Moderado"),AND(I78="Probable",M78="Leve"),AND(I78="Probable",M78="Menor")),"Moderado",IF(OR(AND(I78="Rara vez",M78="Mayor"),AND(I78="Improbable",M78="Mayor"),AND(I78="Posible",M78="Mayor"),AND(I78="Probable",M78="Moderado"),AND(I78="Probable",M78="Mayor"),AND(I78="Casi Seguro",M78="Leve"),AND(I78="Casi Seguro",M78="Menor"),AND(I78="Casi Seguro",M78="Moderado"),AND(I78="Casi Seguro",M78="Mayor")),"Alto",IF(OR(AND(I78="Rara vez",M78="Catastrófico"),AND(I78="Improbable",M78="Catastrófico"),AND(I78="Posible",M78="Catastrófico"),AND(I78="Probable",M78="Catastrófico"),AND(I78="Casi Seguro",M78="Catastrófico")),"Extremo","")))) -> Extremo | P78: 1 | Q78: En cada uno de los procesos de contratación allegados a la Dirección de Contratación el abogado asignado revisará la totalidad de documentos requeridos en la etapa precontractual asegurando el cumplimiento de la normatividad vigente, que la documentación esté completa y sea pertinente conforme a la modalidad. Posteriormente, relacionará en el listado de verificación documental el punto de control realizado. Como evidencia queda los listados de verificación documental de los contratos suscritos cuatrimestralmente. | R78: =IF(OR(S78="Preventivo",S78="Detectivo"),"Probabilidad",IF(S78="Correctivo","Impacto","")) -> Probabilidad | S78: Detectivo | T78: Manual | U78: =IF(AND(S78="Preventivo",T78="Automático"),"50%",IF(AND(S78="Preventivo",T78="Manual"),"40%",IF(AND(S78="Detectivo",T78="Automático"),"40%",IF(AND(S78="Detectivo",T78="Manual"),"30%",IF(AND(S78="Correctivo",T78="Automático"),"35%",IF(AND(S78="Correctivo",T78="Manual"),"25%","")))))) -> 30% | V78: Documentado | W78: Continua | X78: Con Registro | Y78: =IFERROR(IF(R78="Probabilidad",(J78-(+J78*U78)),IF(R78="Impacto",J78,"")),"") -> 0.14 | Z78: =IFERROR(IF(Y78="","",IF(Y78<=0.2,"Rara vez",IF(Y78<=0.4,"Improbable",IF(Y78<=0.6,"Posible",IF(Y78<=0.8,"Probable","Casi Seguro"))))),"") -> Rara vez | AA78: =+Y78 -> 0.14 | AB78: =IFERROR(IF(AC78="","",IF(AC78<=0.6,"Moderado",IF(AC78<=0.8,"Mayor","Catastrófico"))),"") -> Catastrófico | AC78: =IFERROR(IF(R78="Impacto",(N78-(+N78*U78)),IF(R78="Probabilidad",N78,"")),"") -> 1 | AD78: =IFERROR(IF(OR(AND(Z78="Rara vez",AB78="Leve"),AND(Z78="Rara vez",AB78="Menor"),AND(Z78="Improbable",AB78="Leve")),"Bajo",IF(OR(AND(Z78="Rara vez",AB78="Moderado"),AND(Z78="Improbable",AB78="Menor"),AND(Z78="Improbable",AB78="Moderado"),AND(Z78="Posible",AB78="Leve"),AND(Z78="Posible",AB78="Menor"),AND(Z78="Posible",AB78="Moderado"),AND(Z78="Probable",AB78="Leve"),AND(Z78="Probable",AB78="Menor")),"Moderado",IF(OR(AND(Z78="Rara vez",AB78="Mayor"),AND(Z78="Improbable",AB78="Mayor"),AND(Z78="Posible",AB78="Mayor"),AND(Z78="Probable",AB78="Moderado"),AND(Z78="Probable",AB78="Mayor"),AND(Z78="Casi Seguro",AB78="Leve"),AND(Z78="Casi Seguro",AB78="Menor"),AND(Z78="Casi Seguro",AB78="Moderado"),AND(Z78="Casi Seguro",AB78="Mayor")),"Alto",IF(OR(AND(Z78="Rara vez",AB78="Catastrófico"),AND(Z78="Improbable",AB78="Catastrófico"),AND(Z78="Posible",AB78="Catastrófico"),AND(Z78="Probable",AB78="Catastrófico"),AND(Z78="Casi Seguro",AB78="Catastrófico")),"Extremo","")))),"") -> Extremo
L79: =IF(NOT(ISERROR(MATCH(K79,_xlfn.ANCHORARRAY(G321),0))),J323&"Por favor no seleccionar los criterios de impacto",K79) -> 0 | P79: 2 | Q79: En cada proceso de convocatoria que se adelante desde la Dirección de Contratación el profesional designado solicitará a la OIAC las debidas diligencias, con el fin de validar posibles Riesgos relacionados con LAFT. Como evidencia queda los correos de solicitud. | R79: =IF(OR(S79="Preventivo",S79="Detectivo"),"Probabilidad",IF(S79="Correctivo","Impacto","")) -> Probabilidad | S79: Detectivo | T79: Manual | U79: =IF(AND(S79="Preventivo",T79="Automático"),"50%",IF(AND(S79="Preventivo",T79="Manual"),"40%",IF(AND(S79="Detectivo",T79="Automático"),"40%",IF(AND(S79="Detectivo",T79="Manual"),"30%",IF(AND(S79="Correctivo",T79="Automático"),"35%",IF(AND(S79="Correctivo",T79="Manual"),"25%","")))))) -> 30% | V79: Documentado | W79: Continua | X79: Con Registro | Y79: =IFERROR(IF(AND(R78="Probabilidad",R79="Probabilidad"),(AA78-(+AA78*U79)),IF(R79="Probabilidad",(J78-(+J78*U79)),IF(R79="Impacto",AA78,""))),"") -> 0.098 | Z79: =IFERROR(IF(Y79="","",IF(Y79<=0.2,"Rara vez",IF(Y79<=0.4,"Improbable",IF(Y79<=0.6,"Posible",IF(Y79<=0.8,"Probable","Casi Seguro"))))),"") -> Rara vez | AA79: =+Y79 -> 0.098 | AB79: =IFERROR(IF(AC79="","",IF(AC79<=0.6,"Moderado",IF(AC79<=0.8,"Mayor","Catastrófico"))),"") -> Catastrófico | AC79: =IFERROR(IF(AND(R78="Impacto",R79="Impacto"),(AC78-(+AC78*U79)),IF(R79="Impacto",(N78-(+N78*U79)),IF(R79="Probabilidad",AC78,""))),"") -> 1 | AD79: =IFERROR(IF(OR(AND(Z79="Rara vez",AB79="Leve"),AND(Z79="Rara vez",AB79="Menor"),AND(Z79="Improbable",AB79="Leve")),"Bajo",IF(OR(AND(Z79="Rara vez",AB79="Moderado"),AND(Z79="Improbable",AB79="Menor"),AND(Z79="Improbable",AB79="Moderado"),AND(Z79="Posible",AB79="Leve"),AND(Z79="Posible",AB79="Menor"),AND(Z79="Posible",AB79="Moderado"),AND(Z79="Probable",AB79="Leve"),AND(Z79="Probable",AB79="Menor")),"Moderado",IF(OR(AND(Z79="Rara vez",AB79="Mayor"),AND(Z79="Improbable",AB79="Mayor"),AND(Z79="Posible",AB79="Mayor"),AND(Z79="Probable",AB79="Moderado"),AND(Z79="Probable",AB79="Mayor"),AND(Z79="Casi Seguro",AB79="Leve"),AND(Z79="Casi Seguro",AB79="Menor"),AND(Z79="Casi Seguro",AB79="Moderado"),AND(Z79="Casi Seguro",AB79="Mayor")),"Alto",IF(OR(AND(Z79="Rara vez",AB79="Catastrófico"),AND(Z79="Improbable",AB79="Catastrófico"),AND(Z79="Posible",AB79="Catastrófico"),AND(Z79="Probable",AB79="Catastrófico"),AND(Z79="Casi Seguro",AB79="Catastrófico")),"Extremo","")))),"") -> Extremo
L80: =IF(NOT(ISERROR(MATCH(K80,_xlfn.ANCHORARRAY(G322),0))),J324&"Por favor no seleccionar los criterios de impacto",K80) -> 0 | P80: 3 | Q80: En caso de evidenciarse la adjudicación sin el lleno de los requisitos en el proceso de contratación a cambio de dadivas, se adelantaran los procedimientos y procesos sancionatorios. Como evidencia queda el memorando Informativo. | R80: Impacto | S80: Correctivo | T80: Manual | U80: =IF(AND(S80="Preventivo",T80="Automático"),"50%",IF(AND(S80="Preventivo",T80="Manual"),"40%",IF(AND(S80="Detectivo",T80="Automático"),"40%",IF(AND(S80="Detectivo",T80="Manual"),"30%",IF(AND(S80="Correctivo",T80="Automático"),"35%",IF(AND(S80="Correctivo",T80="Manual"),"25%","")))))) -> 25% | V80: Documentado | W80: Continua | X80: Con Registro | Y80: =IFERROR(IF(AND(R79="Probabilidad",R80="Probabilidad"),(AA79-(+AA79*U80)),IF(AND(R79="Impacto",R80="Probabilidad"),(AA78-(+AA78*U80)),IF(R80="Impacto",AA79,""))),"") -> 0.098 | Z80: =IFERROR(IF(Y80="","",IF(Y80<=0.2,"Rara vez",IF(Y80<=0.4,"Improbable",IF(Y80<=0.6,"Posible",IF(Y80<=0.8,"Probable","Casi Seguro"))))),"") -> Rara vez | AA80: =+Y80 -> 0.098 | AB80: =IFERROR(IF(AC80="","",IF(AC80<=0.6,"Moderado",IF(AC80<=0.8,"Mayor","Catastrófico"))),"") -> Mayor | AC80: =IFERROR(IF(AND(R79="Impacto",R80="Impacto"),(AC79-(+AC79*U80)),IF(AND(R79="Probabilidad",R80="Impacto"),(AC78-(+AC78*U80)),IF(R80="Probabilidad",AC79,""))),"") -> 0.75 | AD80: =IFERROR(IF(OR(AND(Z80="Rara vez",AB80="Leve"),AND(Z80="Rara vez",AB80="Menor"),AND(Z80="Improbable",AB80="Leve")),"Bajo",IF(OR(AND(Z80="Rara vez",AB80="Moderado"),AND(Z80="Improbable",AB80="Menor"),AND(Z80="Improbable",AB80="Moderado"),AND(Z80="Posible",AB80="Leve"),AND(Z80="Posible",AB80="Menor"),AND(Z80="Posible",AB80="Moderado"),AND(Z80="Probable",AB80="Leve"),AND(Z80="Probable",AB80="Menor")),"Moderado",IF(OR(AND(Z80="Rara vez",AB80="Mayor"),AND(Z80="Improbable",AB80="Mayor"),AND(Z80="Posible",AB80="Mayor"),AND(Z80="Probable",AB80="Moderado"),AND(Z80="Probable",AB80="Mayor"),AND(Z80="Casi Seguro",AB80="Leve"),AND(Z80="Casi Seguro",AB80="Menor"),AND(Z80="Casi Seguro",AB80="Moderado"),AND(Z80="Casi Seguro",AB80="Mayor")),"Alto",IF(OR(AND(Z80="Rara vez",AB80="Catastrófico"),AND(Z80="Improbable",AB80="Catastrófico"),AND(Z80="Posible",AB80="Catastrófico"),AND(Z80="Probable",AB80="Catastrófico"),AND(Z80="Casi Seguro",AB80="Catastrófico")),"Extremo","")))),"") -> Alto
